Workbook

Sheet Index
E6: XBRL Excel Utility
E7: 1. | F7: Overview
E8: 2. | F8: Before you begin
E9: 3. | F9: Index
E10: 4. | F10: Steps for Filing Shareholding Pattern
E11: 5. | F11: Fill up the Shareholding Pattern
D14: 1. Overview
D15: The excel utility can be used for creating the XBRL/XML file for efiling of shareholding pattern.
D16: Shareholding pattern XBRL filling consists of two processes. Firstly generation of XBRL/XML file of the Shareholding pattern, and upload of generated XBRL/XML file to BSE Listing Center.
D19: 2. Before you begin
D20: 1. The version of Microsoft Excel in your system should be Microsoft Office Excel 2007 and above.
D21: 2. The system should have a file compression software to unzip excel utility file.
D22: 3. Make sure that you have downloaded the latest Excel Utility from BSE Website to your local system.
D23: 4. Make sure that you have downloaded the Chrome Browser to view report generated from Excel utility.
D24: 5. Please enable the Macros (if disabled) as per instructions given in manual, so that all the functionalities of Excel Utility works fine. Please first go through Enable Macro - Manual attached with zip file.
D25: 6. Kindly use this file in local system instead of OneDrive/shared drive. Because it may gives an error "Run-time error '52' : Bad file name or number" While clicking on textblock button if files saved on OneDrive/shared drive.
D28: 3. Index
D29: 1 | E29: Details of general information about company | J29: General Info
D30: 2 | E30: Declaration | J30: Declaration
D31: 3 | E31: Summary | J31: Summary
D32: 4 | E32: Shareholding Pattern | J32: Shareholding Pattern
D33: 5 | E33: Annexure B | J33: Annexure B
D36: 4. Steps for Filing Shareholding Pattern
D37: I. Fill up the data: Navigate to each field of every section in the sheet to provide applicable data in correct format. (Formats will get reflected while filling data.) - Use paste special command to paste data from other sheet.
D38: II. Validating Sheets: Click on the ''Validate " button to ensure that the sheet has been properly filled and also data has been furnished in proper format. If there are some errors on the sheet, excel utility will prompt you about the same.
D39: III. Validate All Sheets: Click on the ''Home" button. And then click on "Validate All Sheet" button to ensure that all sheets has been properly filled and validated successfully. If there are some errors on the sheet, excel utility will prompt you about the same and stop validation at the same time. After correction, once again follow the same procedure to validate all sheets.
D40: Excel Utility will not allow you to generate XBRL/XML until you rectify all errors.
D41: IV. Generate XML : Excel Utility will not allow you to generate XBRL/XML unless successful validation of all sheet is completed. Now click on 'Generate XML'' to generate XBRL/XML file. - Save the XBRL/XML file in your desired folder in local system.
D42: V. Generate Report : Excel Utility will allow you to generate Report. Now click on 'Generate Report'' to generate html report. - Save the HTML Report file in your desired folder in local system. - To view HTML Report open "Chrome Web Browser" . - To print report in PDF Format, Click on print button and save as PDF.
D43: VI. Upload XML file to BSE Listing Center: For uploading the XBRL/XML file generated through Utility, login to BSE Listing Center and upload generated xml file. On Upload screen provide the required information and browse to select XML file and submit the XML.
D46: 5. Fill up the Shareholding Pattern
D47: 1. Cells with red fonts indicate mandatory fields.
D48: 2. If mandatory field is left empty, then Utility will not allow you to proceed further for generating XML.
D49: 3. You are not allowed to enter data in the Grey Cells.
... D55: 9. Adding Notes: Click on "Add Notes" button to add notes

Sheet GeneralInfo
R1: Equity Shares | S1: Pre-listing | T1: June | U1: Yes | W1: Pre-listing
R2: Preference Shares | S2: Quarterly | T2: September | U2: No | W2: Capital Restructuring
R3: Differential Voting Rights | S3: Capital Restructuring | T3: December | W3: Half yearly
S4: Half yearly | T4: March | W4: Yearly
E5: General information about company | S5: Yearly
E6: Scrip code | F6: 523828
E7: NSE Symbol | F7: MENONBE | M7: Regulation 31 (1) (a) | X7: Yes
E8: MSEI Symbol | F8: NOTLISTED | M8: Regulation 31 (1) (b) | X8: No
E9: ISIN | F9: INE071D01033 | M9: Regulation 31 (1) (c)
E10: Name of the company | F10: MENON BEARINGS LIMITED | M10: Regulation 31 (1)
E11: Whether company is SME | F11: No
E12: Class of Security | F12: Equity Shares
E13: Type of report | F13: Quarterly
E14: Quarter Ended / Half year ended/Date of Report (For Prelisting / Allotment) | F14: 30-06-2025
E15: Date of allotment / extinguishment (in case Capital Restructuring selected) / Listing Date
E16: Shareholding pattern filed under | F16: =IF(F13=S1,M7,IF(F13=S2,M8,IF(F13=S3,M9,IF(F13=S4,M8,"")))) -> Regulation 31 (1) (b)
E17: Whether the listed entity is Public Sector Undertaking (PSU)? | F17: No

Sheet Declaration
T1: Micro@213Vista | U1: Yes
U2: No
D8: Sr. No. | E8: Particular | F8: Yes/No | G8: Promoter and Promoter Group | H8: Public shareholder | I8: Non Promoter- Non Public
D9: 1 | E9: Whether the Listed Entity has issued any partly paid up shares? | F9: No | G9: No | H9: No | I9: No | M9: 1 | N9: 1 | O9: 1 | P9: 1 | R9: Partly Paid Up Shares | S9: Partly Paid Up Shares PPG | T9: Partly Paid Up Shares Public | U9: Partly Paid Up Shares NPNP
D10: 2 | E10: Whether the Listed Entity has issued any Convertible Securities ? | F10: No | G10: No | H10: No | I10: No | M10: 1 | N10: 1 | O10: 1 | P10: 1 | R10: Convertible Securities | S10: Convertible Securities PPG | T10: Convertible Securities Public | U10: Convertible Securities NPNP
D11: 3 | E11: Whether the Listed Entity has issued any Warrants ? | F11: No | G11: No | H11: No | I11: No | M11: 1 | N11: 1 | O11: 1 | P11: 1 | R11: Warrants | S11: Warrants PPG | T11: Warrants Public | U11: Warrants NPNP
D12: 4 | E12: Whether Listed Entity has granted any ESOPs, which are outstanding? | F12: No | G12: No | H12: No | I12: No | M12: 1 | N12: 1 | O12: 1 | P12: 1 | R12: ESOP | S12: ESOP PPG | T12: ESOP Public | U12: ESOP NPNP
D13: 5 | E13: Whether the Listed Entity has any shares against which depository receipts are issued? | F13: No | G13: No | H13: No | I13: No | M13: 1 | N13: 1 | O13: 1 | P13: 1 | R13: Depository Receipts | S13: Depository Receipts PPG | T13: Depository Receipts Public | U13: Depository Receipts NPNP
D14: 6 | E14: Whether the Listed Entity has any shares in locked-in? | F14: No | G14: No | H14: No | I14: No | M14: 1 | N14: 1 | O14: 1 | P14: 1 | R14: Locked In | S14: Locked In PPG | T14: Locked In Public | U14: Locked In NPNP
D15: 7 | E15: Whether any shares held by promoters are encumbered under "Pledged"? | F15: No | G15: No | M15: 1 | N15: 1 | O15: 0 | P15: 0 | R15: Pledged | S15: Pledged PPG
D16: 8 | E16: Whether any shares held by promoters are encumbered under "Non-Disposal Undertaking"? | F16: No | G16: No | M16: 1 | N16: 1 | R16: NonDisposal Undertaking | S16: NonDisposal Undertaking PPG
D17: 9 | E17: Whether any shares held by promoters are encumbered, other than by way of Pledge or NDU, if any? | F17: No | G17: No | M17: 1 | N17: 1 | R17: Other encumbrances | S17: Other encumbrances PPG
D18: 10 | E18: Whether company has equity shares with differential voting rights? | F18: No | G18: No | H18: No | I18: No | M18: 1 | N18: 1 | O18: 1 | P18: 1 | R18: Voting Rights | S18: Voting Rights PPG | T18: Voting Rights Public | U18: Voting Rights NPNP
D19: 11 | E19: Whether the listed entity has any significant beneficial owner? | F19: Yes | M19: 0 | R19: Whether the listed entity has any significant beneficial owner?

Sheet Summary
G2: Number of shareholders | H2: Number of fully paid up equity shares | I2: Number of partly paid-up equity shares | J2: Number of shares underlying outstanding depository receipts | K2: Total number of shares | L2: Shareholding as a percentage of total number of shares held by promoters and public shareholders and custodians or DR holders | M2: Number of voting rights held by same class of securities | N2: Number of voting rights held by differential voting rights | O2: Total Number of voting rights | P2: Percentage of total number of voting rights | Q2: Number of shares underlying outstanding convertible securities | R2: Number of warrant | S2: Number of shares underlying outstanding ESOP granted | T2: Total Number of shares underlying outstanding convertible securities, warrants and ESOP | U2: Total number of shares on fully diluted basis including warrants, ESOP and convertible securities | V2: Total shareholding as a percentage assuming full conversion of convertible securities, warrants and ESOP | W2: Number of the locked-in-shares | X2: Locked-in-shares as a percentage of total number of shares | Y2: Number of shares encumbered under pledged | Z2: Encumbered share under pledged as percentage of total number of shares | AA2: Number of shares encumbered under non disposal undertaking | AB2: Encumbered share under non disposal undertaking as percentage of total number of shares | AC2: Number of shares encumbered under other encumbrances | AD2: Encumbered share under other encumbrances as percentage of total number of shares | AE2: Total number of shares encumbered | AF2: Encumbered shares held as percentage of total number of shares | AG2: Number of equity shares held in dematerialized form | AH2: Number of share under sub category one | AI2: Number of share under sub category two | AJ2: Number of share under sub category three
E8: Table I - Summary Statement holding of specified securities
E9: Note : Data will be automatically populated from shareholding pattern sheet - Data Entry Restricted in this sheet
E10: Category (I) | F10: Category of shareholder (II) | G10: Nos. Of shareholders (III) | H10: No. of fully paid up equity shares held (IV) | I10: No. Of Partly paid-up equity shares held (V) | J10: No. Of shares underlying Depository Receipts (VI) | K10: Total nos. shares held (VII) = (IV)+(V)+ (VI) | L10: Shareholding as a % of total no. of shares (calculated as per SCRR, 1957) (VIII) As a % of (A+B+C2) | M10: Number of Voting Rights held in each class of securities (IX) | Q10: No. Of Shares Underlying Outstanding convertible securities (XA) | R10: No. of Shares Underlying Outstanding Warrants (XB) | S10: No. Of Outstanding ESOP Granted (XC) | T10: No. of Shares Underlying Outstanding convertible securities, No. of Warrants and ESOP etc. (X) = (XA+XB+XC) | U10: Total No. of shares on fully diluted basis (including warrants, ESOP, Convertible Securities etc.) (XI)=(VII+X) | V10: Shareholding , as a % assuming full conversion of convertible securities ( as a percentage of diluted share capital) (XII)= (VII)+(X) As a % of (A+B+C2) | W10: Number of Locked in shares (XIII) | Y10: Number of Shares pledged (XIV) | AA10: Non-Disposal Undertaking (XV) | AC10: Other encumbrances, if any (XVI) | AE10: Total Number of Shares encumbered (XVII) = (XIV+XV+XVI) | AG10: Number of equity shares held in dematerialized form (XVIII) | AH10: Sub-categorization of shares
M11: No of Voting (XIV) Rights | P11: Total as a % of (A+B+C) | AH11: Shareholding (No. of shares) under
M12: Class eg:X | N12: Class eg:Y | O12: Total | W12: No. (a) | X12: As a % of total Shares held (b) | Y12: No. (a) | Z12: As a % of total Shares held (b) | AA12: No. (a) | AB12: As a % of total Shares held (b) | AC12: No. (a) | AD12: As a % of total Shares held (b) | AE12: No. (a) | AF12: As a % of total Shares held (b) | AH12: Sub-category (i) | AI12: Sub-category (ii) | AJ12: Sub-category (iii)
E13: (A) | F13: Promoter & Promoter Group | G13: =+IFERROR(IF(COUNT('Shareholding Pattern'!H26),('Shareholding Pattern'!H26),""),"") -> 5 | H13: =+IFERROR(IF(COUNT('Shareholding Pattern'!I26),('Shareholding Pattern'!I26),""),"") -> 38355174 | I13: =+IFERROR(IF(COUNT('Shareholding Pattern'!J26),('Shareholding Pattern'!J26),""),"") | J13: =+IFERROR(IF(COUNT('Shareholding Pattern'!K26),('Shareholding Pattern'!K26),""),"") | K13: =+IFERROR(IF(COUNT('Shareholding Pattern'!L26),('Shareholding Pattern'!L26),""),"") -> 38355174 | L13: =+IFERROR(IF(COUNT('Shareholding Pattern'!M26),('Shareholding Pattern'!M26),""),"") -> 68.44 | M13: =+IFERROR(IF(COUNT('Shareholding Pattern'!N26),('Shareholding Pattern'!N26),""),"") -> 38355174 | N13: =+IFERROR(IF(COUNT('Shareholding Pattern'!O26),('Shareholding Pattern'!O26),""),"") | ... AG13: =+IFERROR(IF(COUNT('Shareholding Pattern'!AH26),('Shareholding Pattern'!AH26),""),"") -> 38355174
E14: (B) | F14: Public | G14: =+IFERROR(IF(COUNT('Shareholding Pattern'!H71),('Shareholding Pattern'!H71),""),"") -> 26855 | H14: =+IFERROR(IF(COUNT('Shareholding Pattern'!I71),('Shareholding Pattern'!I71),""),"") -> 17684826 | I14: =+IFERROR(IF(COUNT('Shareholding Pattern'!J71),('Shareholding Pattern'!J71),""),"") | J14: =+IFERROR(IF(COUNT('Shareholding Pattern'!K71),('Shareholding Pattern'!K71),""),"") | K14: =+IFERROR(IF(COUNT('Shareholding Pattern'!L71),('Shareholding Pattern'!L71),""),"") -> 17684826 | L14: =+IFERROR(IF(COUNT('Shareholding Pattern'!M71),('Shareholding Pattern'!M71),""),"") -> 31.56 | M14: =+IFERROR(IF(COUNT('Shareholding Pattern'!N71),('Shareholding Pattern'!N71),""),"") -> 17684826 | N14: =+IFERROR(IF(COUNT('Shareholding Pattern'!O71),('Shareholding Pattern'!O71),""),"") | ... X14: =+IFERROR(IF(COUNT('Shareholding Pattern'!Y71),('Shareholding Pattern'!Y71),""),"") | AG14: =+IFERROR(IF(COUNT('Shareholding Pattern'!AH71),('Shareholding Pattern'!AH71),""),"") -> 16113402 | AH14: =+IFERROR(IF(COUNT('Shareholding Pattern'!AI71),('Shareholding Pattern'!AI71),""),"") -> 0 | AI14: =+IFERROR(IF(COUNT('Shareholding Pattern'!AJ71),('Shareholding Pattern'!AJ71),""),"") -> 0 | AJ14: =+IFERROR(IF(COUNT('Shareholding Pattern'!AK71),('Shareholding Pattern'!AK71),""),"") -> 0
E15: (C) | F15: Non Promoter- Non Public | G15: =+IFERROR(IF(COUNT('Shareholding Pattern'!H77),('Shareholding Pattern'!H77),""),"") | H15: =+IFERROR(IF(COUNT('Shareholding Pattern'!I77),('Shareholding Pattern'!I77),""),"") | I15: =+IFERROR(IF(COUNT('Shareholding Pattern'!J77),('Shareholding Pattern'!J77),""),"") | J15: =+IFERROR(IF(COUNT('Shareholding Pattern'!K77),('Shareholding Pattern'!K77),""),"") | K15: =+IFERROR(IF(COUNT('Shareholding Pattern'!L77),('Shareholding Pattern'!L77),""),"") | M15: =+IFERROR(IF(COUNT('Shareholding Pattern'!N77),('Shareholding Pattern'!N77),""),"") | N15: =+IFERROR(IF(COUNT('Shareholding Pattern'!O77),('Shareholding Pattern'!O77),""),"") | O15: =+IFERROR(IF(COUNT('Shareholding Pattern'!P77),('Shareholding Pattern'!P77),""),"") | P15: =+IFERROR(IF(COUNT('Shareholding Pattern'!Q77),('Shareholding Pattern'!Q77),""),"") | Q15: =+IFERROR(IF(COUNT('Shareholding Pattern'!R77),('Shareholding Pattern'!R77),""),"") | R15: =+IFERROR(IF(COUNT('Shareholding Pattern'!S77),('Shareholding Pattern'!S77),""),"") | S15: =+IFERROR(IF(COUNT('Shareholding Pattern'!T77),('Shareholding Pattern'!T77),""),"") | T15: =+IFERROR(IF(COUNT('Shareholding Pattern'!U77),('Shareholding Pattern'!U77),""),"") | U15: =+IFERROR(IF(COUNT('Shareholding Pattern'!V77),('Shareholding Pattern'!V77),""),"") | W15: =+IFERROR(IF(COUNT('Shareholding Pattern'!X77),('Shareholding Pattern'!X77),""),"") | X15: =+IFERROR(IF(COUNT('Shareholding Pattern'!Y77),('Shareholding Pattern'!Y77),""),"") | AG15: =+IFERROR(IF(COUNT('Shareholding Pattern'!AH77),('Shareholding Pattern'!AH77),""),"")
E16: (C1) | F16: Shares underlying DRs | G16: =+IFERROR(IF(COUNT('Shareholding Pattern'!H75),('Shareholding Pattern'!H75),""),"") | H16: =+IFERROR(IF(COUNT('Shareholding Pattern'!I75),('Shareholding Pattern'!I75),""),"") | I16: =+IFERROR(IF(COUNT('Shareholding Pattern'!J75),('Shareholding Pattern'!J75),""),"") | J16: =+IFERROR(IF(COUNT('Shareholding Pattern'!K75),('Shareholding Pattern'!K75),""),"") | K16: =+IFERROR(IF(COUNT('Shareholding Pattern'!L75),('Shareholding Pattern'!L75),""),"") | M16: =+IFERROR(IF(COUNT('Shareholding Pattern'!N75),('Shareholding Pattern'!N75),""),"") | N16: =+IFERROR(IF(COUNT('Shareholding Pattern'!O75),('Shareholding Pattern'!O75),""),"") | O16: =+IFERROR(IF(COUNT('Shareholding Pattern'!P75),('Shareholding Pattern'!P75),""),"") | P16: =+IFERROR(IF(COUNT('Shareholding Pattern'!Q75),('Shareholding Pattern'!Q75),""),"") | Q16: =+IFERROR(IF(COUNT('Shareholding Pattern'!R75),('Shareholding Pattern'!R75),""),"") | R16: =+IFERROR(IF(COUNT('Shareholding Pattern'!S75),('Shareholding Pattern'!S75),""),"") | S16: =+IFERROR(IF(COUNT('Shareholding Pattern'!T75),('Shareholding Pattern'!T75),""),"") | T16: =+IFERROR(IF(COUNT('Shareholding Pattern'!U75),('Shareholding Pattern'!U75),""),"") | U16: =+IFERROR(IF(COUNT('Shareholding Pattern'!V75),('Shareholding Pattern'!V75),""),"") | W16: =+IFERROR(IF(COUNT('Shareholding Pattern'!X75),('Shareholding Pattern'!X75),""),"") | X16: =+IFERROR(IF(COUNT('Shareholding Pattern'!Y75),('Shareholding Pattern'!Y75),""),"") | AG16: =+IFERROR(IF(COUNT('Shareholding Pattern'!AH75),('Shareholding Pattern'!AH75),""),"")
E17: (C2) | F17: Shares held by Employee Trusts | G17: =+IFERROR(IF(COUNT('Shareholding Pattern'!H76),('Shareholding Pattern'!H76),""),"") | H17: =+IFERROR(IF(COUNT('Shareholding Pattern'!I76),('Shareholding Pattern'!I76),""),"") | I17: =+IFERROR(IF(COUNT('Shareholding Pattern'!J76),('Shareholding Pattern'!J76),""),"") | J17: =+IFERROR(IF(COUNT('Shareholding Pattern'!K76),('Shareholding Pattern'!K76),""),"") | K17: =+IFERROR(IF(COUNT('Shareholding Pattern'!L76),('Shareholding Pattern'!L76),""),"") | L17: =+IFERROR(IF(COUNT('Shareholding Pattern'!M76),('Shareholding Pattern'!M76),""),"") | M17: =+IFERROR(IF(COUNT('Shareholding Pattern'!N76),('Shareholding Pattern'!N76),""),"") | N17: =+IFERROR(IF(COUNT('Shareholding Pattern'!O76),('Shareholding Pattern'!O76),""),"") | ... X17: =+IFERROR(IF(COUNT('Shareholding Pattern'!Y76),('Shareholding Pattern'!Y76),""),"") | AG17: =+IFERROR(IF(COUNT('Shareholding Pattern'!AH76),('Shareholding Pattern'!AH76),""),"")
F18: Total | G18: =+IFERROR(IF(COUNT('Shareholding Pattern'!H79),('Shareholding Pattern'!H79),""),"") -> 26860 | H18: =+IFERROR(IF(COUNT('Shareholding Pattern'!I79),('Shareholding Pattern'!I79),""),"") -> 56040000 | I18: =+IFERROR(IF(COUNT('Shareholding Pattern'!J79),('Shareholding Pattern'!J79),""),"") | J18: =+IFERROR(IF(COUNT('Shareholding Pattern'!K79),('Shareholding Pattern'!K79),""),"") | K18: =+IFERROR(IF(COUNT('Shareholding Pattern'!L79),('Shareholding Pattern'!L79),""),"") -> 56040000 | L18: =+IFERROR(IF(COUNT('Shareholding Pattern'!M79),('Shareholding Pattern'!M79),""),"") -> 100 | M18: =+IFERROR(IF(COUNT('Shareholding Pattern'!N79),('Shareholding Pattern'!N79),""),"") -> 56040000 | N18: =+IFERROR(IF(COUNT('Shareholding Pattern'!O79),('Shareholding Pattern'!O79),""),"") | ... AJ18: =+IFERROR(IF(COUNT('Shareholding Pattern'!AK79),('Shareholding Pattern'!AK79),""),"") -> 0

Sheet Shareholding Pattern
H2: Number of shareholders | I2: Number of fully paid up equity shares | J2: Number of partly paid-up equity shares | K2: Number of shares underlying outstanding depository receipts | L2: Total number of shares | M2: Shareholding as a percentage of total number of shares held by promoters and public shareholders and custodians or DR holders | N2: Number of voting rights held by same class of securities | O2: Number of voting rights held by differential voting rights | P2: Total Number of voting rights | Q2: Percentage of total number of voting rights | R2: Number of shares underlying outstanding convertible securities | S2: Number of shares underlying outstanding warrants | T2: Number Of Outstanding ESOP Granted | U2: Total Number of shares underlying outstanding convertible securities, warrants and ESOP | V2: Total number of shares on fully diluted basis including warrants, ESOP and convertible securities | W2: Total shareholding as a percentage assuming full conversion of convertible securities, warrants and ESOP | X2: Number of the locked-in-shares | Y2: Locked-in-shares as a percentage of total number of shares | Z2: Number of shares encumbered under pledged | AA2: Encumbered share under pledged as percentage of total number of shares | AB2: Number of shares encumbered under non disposal undertaking | AC2: Encumbered share under non disposal undertaking as percentage of total number of shares | AD2: Number of shares encumbered under other encumbrances | AE2: Encumbered share under other encumbrances as percentage of total number of shares | AF2: Total number of shares encumbered | AG2: Encumbered shares held as percentage of total number of shares | AH2: Number of equity shares held in dematerialized form | AI2: Number of share under sub category one | AJ2: Number of share under sub category two | AK2: Number of share under sub category three
E9: Sr. No. | F9: Category & Name of the Shareholders (I) | H9: Nos. Of shareholders (III) | I9: No. of fully paid up equity shares held (IV) | J9: No. Of Partly paid-up equity shares held (V) | K9: No. Of shares underlying Depository Receipts (VI) | L9: Total nos. shares held (VII) = (IV)+(V)+ (VI) | M9: Shareholding as a % of total no. of shares (calculated as per SCRR, 1957) (VIII) As a % of (A+B+C2) | N9: Number of Voting Rights held in each class of securities (IX) | R9: No. Of Shares Underlying Outstanding convertible securities (XA) | S9: No. of Shares Underlying Outstanding Warrants (XB) | T9: No. Of Outstanding ESOP Granted (XC) | U9: No. of Shares Underlying Outstanding convertible securities, No. of Warrants and ESOP etc. (X) = (XA+XB+XC) | V9: Total No. of shares on fully diluted basis (including warrants, ESOP, Convertible Securities etc.) (XI)=(VII+X) | W9: Shareholding , as a % assuming full conversion of convertible securities ( as a percentage of diluted share capital) (XII)= (VII)+(X) As a % of (A+B+C2) | X9: Number of Locked in shares (XIII) | Z9: Number of Shares pledged (XIV) | AB9: Non-Disposal Undertaking (XV) | AD9: Other encumbrances, if any (XVI) | AF9: Total Number of Shares encumbered (XVII) = (XIV+XV+XVI) | AH9: Number of equity shares held in dematerialized form (XVIII) | AI9: Sub-categorization of shares
N10: No of Voting (XIV) Rights | Q10: Total as a % of Total Voting rights | AI10: Shareholding (No. of shares) under
N11: Class eg: X | O11: Class eg:Y | P11: Total | X11: No. (a) | Y11: As a % of total Shares held (b) | Z11: No. (a) | AA11: As a % of total Shares held (b) | AB11: No. (a) | AC11: As a % of total Shares held (b) | AD11: No. (a) | AE11: As a % of total Shares held (b) | AF11: No. (a) | AG11: As a % of total Shares held (b) | AI11: Sub-category (i) | AJ11: Sub-category (ii) | AK11: Sub-category (iii)
E12: A | F12: Table II - Statement showing shareholding pattern of the Promoter and Promoter Group
E13: (1) | F13: Indian
E14: (a) | F14: Individuals/Hindu undivided Family | H14: =IFERROR(IF(COUNT(IndHUF!$AL$13),IF(IndHUF!$AL$13=0,"0",IndHUF!$AL$13),""),"") -> 4 | I14: =+IF(COUNT(IndHUF!H20),IndHUF!H20,"") -> 24735374 | J14: =+IF(COUNT(IndHUF!I20),IndHUF!I20,"") | K14: =+IF(COUNT(IndHUF!J20),IndHUF!J20,"") | L14: =+IF(COUNT(IndHUF!K20),IndHUF!K20,"") -> 24735374 | M14: =+IFERROR(IF(COUNT(L14),ROUND(L14/'Shareholding Pattern'!$L$78*100,2),""),0) -> 44.14 | N14: =+IF(COUNT(+IndHUF!M20),SUM(+IndHUF!M20),"") -> 24735374 | O14: =+IF(COUNT(+IndHUF!N20),SUM(+IndHUF!N20),"") | P14: =+IF(COUNT(IndHUF!O20),IndHUF!O20,"") -> 24735374 | Q14: =+IF(COUNT(IndHUF!P20),IndHUF!P20,"") -> 44.14 | R14: =+IF(COUNT(IndHUF!Q20),IndHUF!Q20,"") | S14: =+IF(COUNT(IndHUF!R20),IndHUF!R20,"") | T14: =+IF(COUNT(IndHUF!S20),IndHUF!S20,"") | U14: =+IF(COUNT(IndHUF!T20),IndHUF!T20,"") | V14: =+IF(COUNT(IndHUF!U20),IndHUF!U20,"") -> 24735374 | W14: =+IFERROR(IF(COUNT(L14,U14),ROUND(SUM(L14,U14)/SUM('Shareholding Pattern'!$L$78,'Shareholding Pattern'!$U$78)*100,2),""),0) -> 44.14 | X14: =+IF(COUNT(IndHUF!W20),IndHUF!W20,"") | Y14: =+IFERROR(IF(COUNT(X14),ROUND(SUM(X14)/SUM(L14)*100,2),""),0) | Z14: =+IF(COUNT(IndHUF!Y20),IndHUF!Y20,"") | AA14: =+IFERROR(IF(COUNT(Z14),ROUND(SUM(Z14)/SUM(L14)*100,2),""),0) | AB14: =+IF(COUNT(IndHUF!AA20),IndHUF!AA20,"") | AC14: =+IFERROR(IF(COUNT(AB14),ROUND(SUM(AB14)/SUM(L14)*100,2),""),0) | AD14: =+IF(COUNT(IndHUF!AC20),IndHUF!AC20,"") | AE14: =+IFERROR(IF(COUNT(AD14),ROUND(SUM(AD14)/SUM(L14)*100,2),""),0) | AF14: =+IF(COUNT(IndHUF!AE20),IndHUF!AE20,"") | AG14: =+IFERROR(IF(COUNT(AF14),ROUND(SUM(AF14)/SUM(L14)*100,2),""),0) | AH14: =+IF(COUNT(IndHUF!AG20),IndHUF!AG20,"") -> 24735374 | AP14: IndHUF | AZ14: Individuals or Hindu undivided family [Member] | BF14: IndHUF | BH14: IndividualsOrHUFDomain | BN14: DetailsSharesHeldByIndividualsOrHUFAxis
E15: (b) | F15: Central Government/ State Government(s) | H15: =IFERROR(IF(COUNT(CGAndSG!$AL$13),IF(CGAndSG!$AL$13=0,"0",CGAndSG!$AL$13),""),"") | I15: =IFERROR(IF(COUNT(CGAndSG!H16),(CGAndSG!H16),""),"") | J15: =IFERROR(IF(COUNT(CGAndSG!I16),(CGAndSG!I16),""),"") | K15: =IFERROR(IF(COUNT(CGAndSG!J16),(CGAndSG!J16),""),"") | L15: =IFERROR(IF(COUNT(CGAndSG!K16),(CGAndSG!K16),""),"") | M15: =+IFERROR(IF(COUNT(L15),ROUND(L15/'Shareholding Pattern'!$L$78*100,2),""),0) | N15: =IFERROR(IF(COUNT(CGAndSG!M16),(CGAndSG!M16),""),"") | O15: =IFERROR(IF(COUNT(CGAndSG!N16),(CGAndSG!N16),""),"") | P15: =IFERROR(IF(COUNT(CGAndSG!O16),(CGAndSG!O16),""),"") | Q15: =IFERROR(IF(COUNT(CGAndSG!P16),(CGAndSG!P16),""),0) | R15: =IFERROR(IF(COUNT(CGAndSG!Q16),(CGAndSG!Q16),""),"") | S15: =IFERROR(IF(COUNT(CGAndSG!R16),(CGAndSG!R16),""),"") | T15: =IFERROR(IF(COUNT(CGAndSG!S16),(CGAndSG!S16),""),"") | U15: =IFERROR(IF(COUNT(CGAndSG!T16),(CGAndSG!T16),""),"") | V15: =IFERROR(IF(COUNT(CGAndSG!U16),(CGAndSG!U16),""),"") | W15: =+IFERROR(IF(COUNT(L15,U15),ROUND(SUM(L15,U15)/SUM('Shareholding Pattern'!$L$78,'Shareholding Pattern'!$U$78)*100,2),""),0) | X15: =IFERROR(IF(COUNT(CGAndSG!W16),(CGAndSG!W16),""),"") | Y15: =+IFERROR(IF(COUNT(X15),ROUND(SUM(X15)/SUM(L15)*100,2),""),0) | Z15: =IFERROR(IF(COUNT(CGAndSG!Y16),(CGAndSG!Y16),""),"") | AA15: =+IFERROR(IF(COUNT(Z15),ROUND(SUM(Z15)/SUM(L15)*100,2),""),0) | AB15: =IFERROR(IF(COUNT(CGAndSG!AA16),(CGAndSG!AA16),""),"") | AC15: =+IFERROR(IF(COUNT(AB15),ROUND(SUM(AB15)/SUM(L15)*100,2),""),0) | AD15: =IFERROR(IF(COUNT(CGAndSG!AC16),(CGAndSG!AC16),""),"") | AE15: =+IFERROR(IF(COUNT(AD15),ROUND(SUM(AD15)/SUM(L15)*100,2),""),0) | AF15: =IFERROR(IF(COUNT(CGAndSG!AE16),(CGAndSG!AE16),""),"") | AG15: =+IFERROR(IF(COUNT(AF15),ROUND(SUM(AF15)/SUM(L15)*100,2),""),0) | AH15: =IFERROR(IF(COUNT(CGAndSG!AG16),(CGAndSG!AG16),""),"") | AP15: CGAndSG | AZ15: Central government or State government(s) [Member] | BF15: CGAndSG | BH15: CentralGovernmentOrStateGovernmentsDomain | BN15: DetailsOfSharesHeldByCentralGovernmentOrStateGovernmentsAxis
E16: (c) | F16: Financial Institutions/ Banks | H16: =IFERROR(IF(COUNT(Banks!$AL$13),IF(Banks!$AL$13=0,"0",Banks!$AL$13),""),"") | I16: =IFERROR(IF(COUNT(Banks!H16),(Banks!H16),""),"") | J16: =IFERROR(IF(COUNT(Banks!I16),(Banks!I16),""),"") | K16: =IFERROR(IF(COUNT(Banks!J16),(Banks!J16),""),"") | L16: =IFERROR(IF(COUNT(Banks!K16),(Banks!K16),""),"") | M16: =+IFERROR(IF(COUNT(L16),ROUND(L16/'Shareholding Pattern'!$L$78*100,2),""),0) | N16: =IFERROR(IF(COUNT(Banks!M16),(Banks!M16),""),"") | O16: =IFERROR(IF(COUNT(Banks!N16),(Banks!N16),""),"") | P16: =IFERROR(IF(COUNT(Banks!O16),(Banks!O16),""),"") | Q16: =IFERROR(IF(COUNT(Banks!P16),(Banks!P16),""),0) | R16: =IFERROR(IF(COUNT(Banks!Q16),(Banks!Q16),""),"") | S16: =IFERROR(IF(COUNT(Banks!R16),(Banks!R16),""),"") | T16: =IFERROR(IF(COUNT(Banks!S16),(Banks!S16),""),"") | U16: =IFERROR(IF(COUNT(Banks!T16),(Banks!T16),""),"") | V16: =IFERROR(IF(COUNT(Banks!U16),(Banks!U16),""),"") | W16: =+IFERROR(IF(COUNT(L16,U16),ROUND(SUM(L16,U16)/SUM('Shareholding Pattern'!$L$78,'Shareholding Pattern'!$U$78)*100,2),""),0) | X16: =IFERROR(IF(COUNT(Banks!W16),(Banks!W16),""),"") | Y16: =+IFERROR(IF(COUNT(X16),ROUND(SUM(X16)/SUM(L16)*100,2),""),0) | Z16: =IFERROR(IF(COUNT(Banks!Y16),(Banks!Y16),""),"") | AA16: =+IFERROR(IF(COUNT(Z16),ROUND(SUM(Z16)/SUM(L16)*100,2),""),0) | AB16: =IFERROR(IF(COUNT(Banks!AA16),(Banks!AA16),""),"") | AC16: =+IFERROR(IF(COUNT(AB16),ROUND(SUM(AB16)/SUM(L16)*100,2),""),0) | AD16: =IFERROR(IF(COUNT(Banks!AC16),(Banks!AC16),""),"") | AE16: =+IFERROR(IF(COUNT(AD16),ROUND(SUM(AD16)/SUM(L16)*100,2),""),0) | AF16: =IFERROR(IF(COUNT(Banks!AE16),(Banks!AE16),""),"") | AG16: =+IFERROR(IF(COUNT(AF16),ROUND(SUM(AF16)/SUM(L16)*100,2),""),0) | AH16: =IFERROR(IF(COUNT(Banks!AG16),(Banks!AG16),""),"") | AP16: Banks | AZ16: Indian - financial institutions or banks [Member] | BF16: Banks | BH16: IndianFinancialInstitutionsOrBanksDomain | BN16: DetailsOfSharesHeldByIndianFinancialInstitutionsOrBanksAxis
E17: (d) | F17: Any Other (specify) | H17: =IFERROR(IF(COUNT(OtherIND!$AO$13),IF(OtherIND!$AO$13=0,"0",OtherIND!$AO$13),""),"") -> 1 | I17: =IFERROR(IF(COUNT(OtherIND!J17),(OtherIND!J17),""),"") -> 13619800 | J17: =IFERROR(IF(COUNT(OtherIND!K17),(OtherIND!K17),""),"") | K17: =IFERROR(IF(COUNT(OtherIND!L17),(OtherIND!L17),""),"") | L17: =IFERROR(IF(COUNT(OtherIND!M17),(OtherIND!M17),""),"") -> 13619800 | M17: =+IFERROR(IF(COUNT(L17),ROUND(L17/'Shareholding Pattern'!$L$78*100,2),""),0) -> 24.3 | N17: =IFERROR(IF(COUNT(OtherIND!O17),(OtherIND!O17),""),"") -> 13619800 | O17: =IFERROR(IF(COUNT(OtherIND!P17),(OtherIND!P17),""),"") | P17: =IFERROR(IF(COUNT(OtherIND!Q17),(OtherIND!Q17),""),"") -> 13619800 | Q17: =IFERROR(IF(COUNT(OtherIND!R17),(OtherIND!R17),""),0) -> 24.3 | R17: =IFERROR(IF(COUNT(OtherIND!S17),(OtherIND!S17),""),"") | S17: =IFERROR(IF(COUNT(OtherIND!T17),(OtherIND!T17),""),"") | T17: =IFERROR(IF(COUNT(OtherIND!U17),(OtherIND!U17),""),"") | U17: =IFERROR(IF(COUNT(OtherIND!V17),(OtherIND!V17),""),"") | V17: =IFERROR(IF(COUNT(OtherIND!W17),(OtherIND!W17),""),"") -> 13619800 | W17: =+IFERROR(IF(COUNT(L17,U17),ROUND(SUM(L17,U17)/SUM('Shareholding Pattern'!$L$78,'Shareholding Pattern'!$U$78)*100,2),""),0) -> 24.3 | X17: =IFERROR(IF(COUNT(OtherIND!Y17),(OtherIND!Y17),""),"") | Y17: =+IFERROR(IF(COUNT(X17),ROUND(SUM(X17)/SUM(L17)*100,2),""),0) | Z17: =IFERROR(IF(COUNT(OtherIND!AA17),(OtherIND!AA17),""),"") | AA17: =+IFERROR(IF(COUNT(Z17),ROUND(SUM(Z17)/SUM(L17)*100,2),""),0) | AB17: =IFERROR(IF(COUNT(OtherIND!AC17),(OtherIND!AC17),""),"") | AC17: =+IFERROR(IF(COUNT(AB17),ROUND(SUM(AB17)/SUM(L17)*100,2),""),0) | AD17: =IFERROR(IF(COUNT(OtherIND!AE17),(OtherIND!AE17),""),"") | AE17: =+IFERROR(IF(COUNT(AD17),ROUND(SUM(AD17)/SUM(L17)*100,2),""),0) | AF17: =IFERROR(IF(COUNT(OtherIND!AG17),(OtherIND!AG17),""),"") | AG17: =+IFERROR(IF(COUNT(AF17),ROUND(SUM(AF17)/SUM(L17)*100,2),""),0) | AH17: =IFERROR(IF(COUNT(OtherIND!AI17),(OtherIND!AI17),""),"") -> 13619800 | AP17: OtherIND | AZ17: Other Indian shareholders [Member] | BF17: OtherIND | BH17: OthersIndianShareholdersDomain | BN17: DetailsOfSharesHeldByOthersIndianShareholdersAxis
E18: Sub-Total (A)(1) | H18: =+IFERROR(IF(COUNT(H14:H17),ROUND(SUM(H14:H17),0),""),"") -> 5 | I18: =+IFERROR(IF(COUNT(I14:I17),ROUND(SUM(I14:I17),0),""),"") -> 38355174 | J18: =+IFERROR(IF(COUNT(J14:J17),ROUND(SUM(J14:J17),0),""),"") | K18: =+IFERROR(IF(COUNT(K14:K17),ROUND(SUM(K14:K17),0),""),"") | L18: =+IFERROR(IF(COUNT(L14:L17),ROUND(SUM(L14:L17),0),""),"") -> 38355174 | M18: =+IFERROR(IF(COUNT(L18),ROUND(L18/'Shareholding Pattern'!$L$78*100,2),""),0) -> 68.44 | N18: =+IFERROR(IF(COUNT(N14:N17),ROUND(SUM(N14:N17),0),""),"") -> 38355174 | O18: =+IFERROR(IF(COUNT(O14:O17),ROUND(SUM(O14:O17),0),""),"") | P18: =+IFERROR(IF(COUNT(P14:P17),ROUND(SUM(P14:P17),0),""),"") -> 38355174 | Q18: =IFERROR(IF(COUNT(P18),ROUND(P18/$P$79*100,2),""),0) -> 68.44 | R18: =+IFERROR(IF(COUNT(R14:R17),ROUND(SUM(R14:R17),0),""),"") | S18: =+IFERROR(IF(COUNT(S14:S17),ROUND(SUM(S14:S17),0),""),"") | T18: =+IFERROR(IF(COUNT(T14:T17),ROUND(SUM(T14:T17),0),""),"") | U18: =+IFERROR(IF(COUNT(U14:U17),ROUND(SUM(U14:U17),0),""),"") | V18: =+IFERROR(IF(COUNT(V14:V17),ROUND(SUM(V14:V17),0),""),"") -> 38355174 | W18: =+IFERROR(IF(COUNT(L18,U18),ROUND(SUM(L18,U18)/SUM('Shareholding Pattern'!$L$78,'Shareholding Pattern'!$U$78)*100,2),""),0) -> 68.44 | X18: =+IFERROR(IF(COUNT(X14:X17),ROUND(SUM(X14:X17),0),""),"") | Y18: =+IFERROR(IF(COUNT(X18),ROUND(SUM(X18)/SUM(L18)*100,2),""),0) | Z18: =+IFERROR(IF(COUNT(Z14:Z17),ROUND(SUM(Z14:Z17),0),""),"") | AA18: =+IFERROR(IF(COUNT(Z18),ROUND(SUM(Z18)/SUM(L18)*100,2),""),0) | AB18: =+IFERROR(IF(COUNT(AB14:AB17),ROUND(SUM(AB14:AB17),0),""),"") | AC18: =+IFERROR(IF(COUNT(AB18),ROUND(SUM(AB18)/SUM(L18)*100,2),""),0) | AD18: =+IFERROR(IF(COUNT(AD14:AD17),ROUND(SUM(AD14:AD17),0),""),"") | AE18: =+IFERROR(IF(COUNT(AD18),ROUND(SUM(AD18)/SUM(L18)*100,2),""),0) | AF18: =+IFERROR(IF(COUNT(AF14:AF17),ROUND(SUM(AF14:AF17),0),""),"") | AG18: =+IFERROR(IF(COUNT(AF18),ROUND(SUM(AF18)/SUM(L18)*100,2),""),0) | AH18: =+IFERROR(IF(COUNT(AH14:AH17),ROUND(SUM(AH14:AH17),0),""),"") -> 38355174 | AZ18: Indian [Member] | BF18: Individuals | BH18: NonResidentIndividualsOrForeignIndividualsDomain | BN18: DetailsOfSharesHeldByNonResidentIndividualsOrForeignIndividualsAxis
E19: (2) | F19: Foreign | BF19: Government | BH19: ForeignGovernmentDomain | BN19: DetailsOfSharesHeldByForeignGovernmentAxis
E20: (a) | F20: Individuals (NonResident Individuals/ Foreign Individuals) | H20: =IFERROR(IF(COUNT(Individuals!$AL$13),IF(Individuals!$AL$13=0,"0",Individuals!$AL$13),""),"") | I20: =IFERROR(IF(COUNT(Individuals!H16),(Individuals!H16),""),"") | J20: =IFERROR(IF(COUNT(Individuals!I16),(Individuals!I16),""),"") | K20: =IFERROR(IF(COUNT(Individuals!J16),(Individuals!J16),""),"") | L20: =IFERROR(IF(COUNT(Individuals!K16),(Individuals!K16),""),"") | M20: =+IFERROR(IF(COUNT(L20),ROUND(L20/'Shareholding Pattern'!$L$78*100,2),""),0) | N20: =IFERROR(IF(COUNT(Individuals!M16),(Individuals!M16),""),"") | O20: =IFERROR(IF(COUNT(Individuals!N16),(Individuals!N16),""),"") | P20: =IFERROR(IF(COUNT(Individuals!O16),(Individuals!O16),""),"") | Q20: =IFERROR(IF(COUNT(Individuals!P16),(Individuals!P16),""),0) | R20: =IFERROR(IF(COUNT(Individuals!Q16),(Individuals!Q16),""),"") | S20: =IFERROR(IF(COUNT(Individuals!R16),(Individuals!R16),""),"") | T20: =IFERROR(IF(COUNT(Individuals!S16),(Individuals!S16),""),"") | U20: =IFERROR(IF(COUNT(Individuals!T16),(Individuals!T16),""),"") | V20: =IFERROR(IF(COUNT(Individuals!U16),(Individuals!U16),""),"") | W20: =+IFERROR(IF(COUNT(L20,U20),ROUND(SUM(L20,U20)/SUM('Shareholding Pattern'!$L$78,'Shareholding Pattern'!$U$78)*100,2),""),0) | X20: =IFERROR(IF(COUNT(Individuals!W16),(Individuals!W16),""),"") | Y20: =+IFERROR(IF(COUNT(X20),ROUND(SUM(X20)/SUM(L20)*100,2),""),0) | Z20: =IFERROR(IF(COUNT(Individuals!Y16),(Individuals!Y16),""),"") | AA20: =+IFERROR(IF(COUNT(Z20),ROUND(SUM(Z20)/SUM(L20)*100,2),""),0) | AB20: =IFERROR(IF(COUNT(Individuals!AA16),(Individuals!AA16),""),"") | AC20: =+IFERROR(IF(COUNT(AB20),ROUND(SUM(AB20)/SUM(L20)*100,2),""),0) | AD20: =IFERROR(IF(COUNT(Individuals!AC16),(Individuals!AC16),""),"") | AE20: =+IFERROR(IF(COUNT(AD20),ROUND(SUM(AD20)/SUM(L20)*100,2),""),0) | AF20: =IFERROR(IF(COUNT(Individuals!AE16),(Individuals!AE16),""),"") | AG20: =+IFERROR(IF(COUNT(AF20),ROUND(SUM(AF20)/SUM(L20)*100,2),""),0) | AH20: =IFERROR(IF(COUNT(Individuals!AG16),(Individuals!AG16),""),"") | AP20: Individuals | AZ20: Non-resident individuals or foreign individuals [Member] | BF20: Institutions | BH20: ForeignInstitutionsDomain | BN20: DetailsOfSharesHeldByForeignInstitutionsAxis
E21: (b) | F21: Government | H21: =IFERROR(IF(COUNT(Government!$AL$13),IF(Government!$AL$13=0,"0",Government!$AL$13),""),"") | I21: =IFERROR(IF(COUNT(Government!H16),(Government!H16),""),"") | J21: =IFERROR(IF(COUNT(Government!I16),(Government!I16),""),"") | K21: =IFERROR(IF(COUNT(Government!J16),(Government!J16),""),"") | L21: =IFERROR(IF(COUNT(Government!K16),(Government!K16),""),"") | M21: =+IFERROR(IF(COUNT(L21),ROUND(L21/'Shareholding Pattern'!$L$78*100,2),""),0) | N21: =IFERROR(IF(COUNT(Government!M16),(Government!M16),""),"") | O21: =IFERROR(IF(COUNT(Government!N16),(Government!N16),""),"") | P21: =IFERROR(IF(COUNT(Government!O16),(Government!O16),""),"") | Q21: =IFERROR(IF(COUNT(Government!P16),(Government!P16),""),0) | R21: =IFERROR(IF(COUNT(Government!Q16),(Government!Q16),""),"") | S21: =IFERROR(IF(COUNT(Government!R16),(Government!R16),""),"") | T21: =IFERROR(IF(COUNT(Government!S16),(Government!S16),""),"") | U21: =IFERROR(IF(COUNT(Government!T16),(Government!T16),""),"") | V21: =IFERROR(IF(COUNT(Government!U16),(Government!U16),""),"") | W21: =+IFERROR(IF(COUNT(L21,U21),ROUND(SUM(L21,U21)/SUM('Shareholding Pattern'!$L$78,'Shareholding Pattern'!$U$78)*100,2),""),0) | X21: =IFERROR(IF(COUNT(Government!W16),(Government!W16),""),"") | Y21: =+IFERROR(IF(COUNT(X21),ROUND(SUM(X21)/SUM(L21)*100,2),""),0) | Z21: =IFERROR(IF(COUNT(Government!Y16),(Government!Y16),""),"") | AA21: =+IFERROR(IF(COUNT(Z21),ROUND(SUM(Z21)/SUM(L21)*100,2),""),0) | AB21: =IFERROR(IF(COUNT(Government!AA16),(Government!AA16),""),"") | AC21: =+IFERROR(IF(COUNT(AB21),ROUND(SUM(AB21)/SUM(L21)*100,2),""),0) | AD21: =IFERROR(IF(COUNT(Government!AC16),(Government!AC16),""),"") | AE21: =+IFERROR(IF(COUNT(AD21),ROUND(SUM(AD21)/SUM(L21)*100,2),""),0) | AF21: =IFERROR(IF(COUNT(Government!AE16),(Government!AE16),""),"") | AG21: =+IFERROR(IF(COUNT(AF21),ROUND(SUM(AF21)/SUM(L21)*100,2),""),0) | AH21: =IFERROR(IF(COUNT(Government!AG16),(Government!AG16),""),"") | AP21: Government | AZ21: Foreign - Government [Member] | BF21: FPIPromoter | BH21: ForeignPortfolioInvestorDomain | BN21: DetailsOfSharesHeldByForeignPortfolioInvestorAxis
E22: (c) | F22: Institutions | H22: =IFERROR(IF(COUNT(Institutions!$AL$13),IF(Institutions!$AL$13=0,"0",Institutions!$AL$13),""),"") | I22: =IFERROR(IF(COUNT(Institutions!H16),(Institutions!H16),""),"") | J22: =IFERROR(IF(COUNT(Institutions!I16),(Institutions!I16),""),"") | K22: =IFERROR(IF(COUNT(Institutions!J16),(Institutions!J16),""),"") | L22: =IFERROR(IF(COUNT(Institutions!K16),(Institutions!K16),""),"") | M22: =+IFERROR(IF(COUNT(L22),ROUND(L22/'Shareholding Pattern'!$L$78*100,2),""),0) | N22: =IFERROR(IF(COUNT(Institutions!M16),(Institutions!M16),""),"") | O22: =IFERROR(IF(COUNT(Institutions!N16),(Institutions!N16),""),"") | P22: =IFERROR(IF(COUNT(Institutions!O16),(Institutions!O16),""),"") | Q22: =IFERROR(IF(COUNT(Institutions!P16),(Institutions!P16),""),0) | R22: =IFERROR(IF(COUNT(Institutions!Q16),(Institutions!Q16),""),"") | S22: =IFERROR(IF(COUNT(Institutions!R16),(Institutions!R16),""),"") | T22: =IFERROR(IF(COUNT(Institutions!S16),(Institutions!S16),""),"") | U22: =IFERROR(IF(COUNT(Institutions!T16),(Institutions!T16),""),"") | V22: =IFERROR(IF(COUNT(Institutions!U16),(Institutions!U16),""),"") | W22: =+IFERROR(IF(COUNT(L22,U22),ROUND(SUM(L22,U22)/SUM('Shareholding Pattern'!$L$78,'Shareholding Pattern'!$U$78)*100,2),""),0) | X22: =IFERROR(IF(COUNT(Institutions!W16),(Institutions!W16),""),"") | Y22: =+IFERROR(IF(COUNT(X22),ROUND(SUM(X22)/SUM(L22)*100,2),""),0) | Z22: =IFERROR(IF(COUNT(Institutions!Y16),(Institutions!Y16),""),"") | AA22: =+IFERROR(IF(COUNT(Z22),ROUND(SUM(Z22)/SUM(L22)*100,2),""),0) | AB22: =IFERROR(IF(COUNT(Institutions!AA16),(Institutions!AA16),""),"") | AC22: =+IFERROR(IF(COUNT(AB22),ROUND(SUM(AB22)/SUM(L22)*100,2),""),0) | AD22: =IFERROR(IF(COUNT(Institutions!AC16),(Institutions!AC16),""),"") | AE22: =+IFERROR(IF(COUNT(AD22),ROUND(SUM(AD22)/SUM(L22)*100,2),""),0) | AF22: =IFERROR(IF(COUNT(Institutions!AE16),(Institutions!AE16),""),"") | AG22: =+IFERROR(IF(COUNT(AF22),ROUND(SUM(AF22)/SUM(L22)*100,2),""),0) | AH22: =IFERROR(IF(COUNT(Institutions!AG16),(Institutions!AG16),""),"") | AP22: Institutions | AZ22: Foreign - institutions [Member] | BF22: OtherForeign | BH22: OtherForeignShareholdersDomain | BN22: DetailsOfSharesHeldByOtherForeignShareholdersAxis
E23: (d) | F23: Foreign Portfolio Investor | H23: =IFERROR(IF(COUNT(FPIPromoter!$AL$13),IF(FPIPromoter!$AL$13=0,"0",FPIPromoter!$AL$13),""),"") | I23: =IFERROR(IF(COUNT(FPIPromoter!H16),(FPIPromoter!H16),""),"") | J23: =IFERROR(IF(COUNT(FPIPromoter!I16),(FPIPromoter!I16),""),"") | K23: =IFERROR(IF(COUNT(FPIPromoter!J16),(FPIPromoter!J16),""),"") | L23: =IFERROR(IF(COUNT(FPIPromoter!K16),(FPIPromoter!K16),""),"") | M23: =+IFERROR(IF(COUNT(L23),ROUND(L23/'Shareholding Pattern'!$L$78*100,2),""),0) | N23: =IFERROR(IF(COUNT(FPIPromoter!M16),(FPIPromoter!M16),""),"") | O23: =IFERROR(IF(COUNT(FPIPromoter!N16),(FPIPromoter!N16),""),"") | P23: =IFERROR(IF(COUNT(FPIPromoter!O16),(FPIPromoter!O16),""),"") | Q23: =IFERROR(IF(COUNT(FPIPromoter!P16),(FPIPromoter!P16),""),0) | R23: =IFERROR(IF(COUNT(FPIPromoter!Q16),(FPIPromoter!Q16),""),"") | S23: =IFERROR(IF(COUNT(FPIPromoter!R16),(FPIPromoter!R16),""),"") | T23: =IFERROR(IF(COUNT(FPIPromoter!S16),(FPIPromoter!S16),""),"") | U23: =IFERROR(IF(COUNT(FPIPromoter!T16),(FPIPromoter!T16),""),"") | V23: =IFERROR(IF(COUNT(FPIPromoter!U16),(FPIPromoter!U16),""),"") | W23: =+IFERROR(IF(COUNT(L23,U23),ROUND(SUM(L23,U23)/SUM('Shareholding Pattern'!$L$78,'Shareholding Pattern'!$U$78)*100,2),""),0) | X23: =IFERROR(IF(COUNT(FPIPromoter!W16),(FPIPromoter!W16),""),"") | Y23: =+IFERROR(IF(COUNT(X23),ROUND(SUM(X23)/SUM(L23)*100,2),""),0) | Z23: =IFERROR(IF(COUNT(FPIPromoter!Y16),(FPIPromoter!Y16),""),"") | AA23: =+IFERROR(IF(COUNT(Z23),ROUND(SUM(Z23)/SUM(L23)*100,2),""),0) | AB23: =IFERROR(IF(COUNT(FPIPromoter!AA16),(FPIPromoter!AA16),""),"") | AC23: =+IFERROR(IF(COUNT(AB23),ROUND(SUM(AB23)/SUM(L23)*100,2),""),0) | AD23: =IFERROR(IF(COUNT(FPIPromoter!AC16),(FPIPromoter!AC16),""),"") | AE23: =+IFERROR(IF(COUNT(AD23),ROUND(SUM(AD23)/SUM(L23)*100,2),""),0) | AF23: =IFERROR(IF(COUNT(FPIPromoter!AE16),(FPIPromoter!AE16),""),"") | AG23: =+IFERROR(IF(COUNT(AF23),ROUND(SUM(AF23)/SUM(L23)*100,2),""),0) | AH23: =IFERROR(IF(COUNT(FPIPromoter!AG16),(FPIPromoter!AG16),""),"") | AP23: FPIPromoter | AZ23: Foreign portfolio investor [Member]
E24: (e) | F24: Any Other (specify) | H24: =IFERROR(IF(COUNT(OtherForeign!$AO$13),IF(OtherForeign!$AO$13=0,"0",OtherForeign!$AO$13),""),"") | I24: =IFERROR(IF(COUNT(OtherForeign!J16),(OtherForeign!J16),""),"") | J24: =IFERROR(IF(COUNT(OtherForeign!K16),(OtherForeign!K16),""),"") | K24: =IFERROR(IF(COUNT(OtherForeign!L16),(OtherForeign!L16),""),"") | L24: =IFERROR(IF(COUNT(OtherForeign!M16),(OtherForeign!M16),""),"") | M24: =+IFERROR(IF(COUNT(L24),ROUND(L24/'Shareholding Pattern'!$L$78*100,2),""),0) | N24: =IFERROR(IF(COUNT(OtherForeign!O16),(OtherForeign!O16),""),"") | O24: =IFERROR(IF(COUNT(OtherForeign!P16),(OtherForeign!P16),""),"") | P24: =IFERROR(IF(COUNT(OtherForeign!Q16),(OtherForeign!Q16),""),"") | Q24: =IFERROR(IF(COUNT(OtherForeign!R16),(OtherForeign!R16),""),0) | R24: =IFERROR(IF(COUNT(OtherForeign!S16),(OtherForeign!S16),""),"") | S24: =IFERROR(IF(COUNT(OtherForeign!T16),(OtherForeign!T16),""),"") | T24: =IFERROR(IF(COUNT(OtherForeign!U16),(OtherForeign!U16),""),"") | U24: =IFERROR(IF(COUNT(OtherForeign!V16),(OtherForeign!V16),""),"") | V24: =IFERROR(IF(COUNT(OtherForeign!W16),(OtherForeign!W16),""),"") | W24: =+IFERROR(IF(COUNT(L24,U24),ROUND(SUM(L24,U24)/SUM('Shareholding Pattern'!$L$78,'Shareholding Pattern'!$U$78)*100,2),""),0) | X24: =IFERROR(IF(COUNT(OtherForeign!Y16),(OtherForeign!Y16),""),"") | Y24: =+IFERROR(IF(COUNT(X24),ROUND(SUM(X24)/SUM(L24)*100,2),""),0) | Z24: =IFERROR(IF(COUNT(OtherForeign!AA16),(OtherForeign!AA16),""),"") | AA24: =+IFERROR(IF(COUNT(Z24),ROUND(SUM(Z24)/SUM(L24)*100,2),""),0) | AB24: =IFERROR(IF(COUNT(OtherForeign!AC16),(OtherForeign!AC16),""),"") | AC24: =+IFERROR(IF(COUNT(AB24),ROUND(SUM(AB24)/SUM(L24)*100,2),""),0) | AD24: =IFERROR(IF(COUNT(OtherForeign!AE16),(OtherForeign!AE16),""),"") | AE24: =+IFERROR(IF(COUNT(AD24),ROUND(SUM(AD24)/SUM(L24)*100,2),""),0) | AF24: =IFERROR(IF(COUNT(OtherForeign!AG16),(OtherForeign!AG16),""),"") | AG24: =+IFERROR(IF(COUNT(AF24),ROUND(SUM(AF24)/SUM(L24)*100,2),""),0) | AH24: =IFERROR(IF(COUNT(OtherForeign!AI16),(OtherForeign!AI16),""),"") | AP24: OtherForeign | AZ24: Other foreign shareholders [Member]
E25: Sub-Total (A)(2) | H25: =+IFERROR(IF(COUNT(H20:H24),ROUND(SUM(H20:H24),0),""),"") | I25: =+IFERROR(IF(COUNT(I20:I24),ROUND(SUM(I20:I24),0),""),"") | J25: =+IFERROR(IF(COUNT(J20:J24),ROUND(SUM(J20:J24),0),""),"") | K25: =+IFERROR(IF(COUNT(K20:K24),ROUND(SUM(K20:K24),0),""),"") | L25: =+IFERROR(IF(COUNT(L20:L24),ROUND(SUM(L20:L24),0),""),"") | M25: =+IFERROR(IF(COUNT(L25),ROUND(L25/'Shareholding Pattern'!$L$78*100,2),""),0) | N25: =+IFERROR(IF(COUNT(N20:N24),ROUND(SUM(N20:N24),0),""),"") | O25: =+IFERROR(IF(COUNT(O20:O24),ROUND(SUM(O20:O24),0),""),"") | P25: =+IFERROR(IF(COUNT(P20:P24),ROUND(SUM(P20:P24),0),""),"") | Q25: =IFERROR(IF(COUNT(P25),ROUND(P25/$P$79*100,2),""),0) | R25: =+IFERROR(IF(COUNT(R20:R24),ROUND(SUM(R20:R24),0),""),"") | S25: =+IFERROR(IF(COUNT(S20:S24),ROUND(SUM(S20:S24),0),""),"") | T25: =+IFERROR(IF(COUNT(T20:T24),ROUND(SUM(T20:T24),0),""),"") | U25: =+IFERROR(IF(COUNT(U20:U24),ROUND(SUM(U20:U24),0),""),"") | V25: =+IFERROR(IF(COUNT(V20:V24),ROUND(SUM(V20:V24),0),""),"") | W25: =+IFERROR(IF(COUNT(L25,U25),ROUND(SUM(L25,U25)/SUM('Shareholding Pattern'!$L$78,'Shareholding Pattern'!$U$78)*100,2),""),0) | X25: =+IFERROR(IF(COUNT(X20:X24),ROUND(SUM(X20:X24),0),""),"") | Y25: =+IFERROR(IF(COUNT(X25),ROUND(SUM(X25)/SUM(L25)*100,2),""),0) | Z25: =+IFERROR(IF(COUNT(Z20:Z24),ROUND(SUM(Z20:Z24),0),""),"") | AA25: =+IFERROR(IF(COUNT(Z25),ROUND(SUM(Z25)/SUM(L25)*100,2),""),0) | AB25: =+IFERROR(IF(COUNT(AB20:AB24),ROUND(SUM(AB20:AB24),0),""),"") | AC25: =+IFERROR(IF(COUNT(AB25),ROUND(SUM(AB25)/SUM(L25)*100,2),""),0) | AD25: =+IFERROR(IF(COUNT(AD20:AD24),ROUND(SUM(AD20:AD24),0),""),"") | AE25: =+IFERROR(IF(COUNT(AD25),ROUND(SUM(AD25)/SUM(L25)*100,2),""),0) | AF25: =+IFERROR(IF(COUNT(AF20:AF24),ROUND(SUM(AF20:AF24),0),""),"") | AG25: =+IFERROR(IF(COUNT(AF25),ROUND(SUM(AF25)/SUM(L25)*100,2),""),0) | AH25: =+IFERROR(IF(COUNT(AH20:AH24),ROUND(SUM(AH20:AH24),0),""),"") | AZ25: Foreign [Member]
E26: Total Shareholding of Promoter and Promoter Group (A)=(A)(1)+(A)(2) | H26: =+IFERROR(IF(COUNT(H18,H25),ROUND(SUM(H18,H25),0),""),"") -> 5 | I26: =+IFERROR(IF(COUNT(I18,I25),ROUND(SUM(I18,I25),0),""),"") -> 38355174 | J26: =+IFERROR(IF(COUNT(J18,J25),ROUND(SUM(J18,J25),0),""),"") | K26: =+IFERROR(IF(COUNT(K18,K25),ROUND(SUM(K18,K25),0),""),"") | L26: =+IFERROR(IF(COUNT(L18,L25),ROUND(SUM(L18,L25),0),""),"") -> 38355174 | M26: =+IFERROR(IF(COUNT(L26),ROUND(L26/'Shareholding Pattern'!$L$78*100,2),""),0) -> 68.44 | N26: =+IFERROR(IF(COUNT(N18,N25),ROUND(SUM(N18,N25),0),""),"") -> 38355174 | O26: =+IFERROR(IF(COUNT(O18,O25),ROUND(SUM(O18,O25),0),""),"") | P26: =+IFERROR(IF(COUNT(P18,P25),ROUND(SUM(P18,P25),0),""),"") -> 38355174 | Q26: =IFERROR(IF(COUNT(P26),ROUND(P26/$P$79*100,2),""),0) -> 68.44 | R26: =+IFERROR(IF(COUNT(R18,R25),ROUND(SUM(R18,R25),0),""),"") | S26: =+IFERROR(IF(COUNT(S18,S25),ROUND(SUM(S18,S25),0),""),"") | T26: =+IFERROR(IF(COUNT(T18,T25),ROUND(SUM(T18,T25),0),""),"") | U26: =+IFERROR(IF(COUNT(U18,U25),ROUND(SUM(U18,U25),0),""),"") | V26: =+IFERROR(IF(COUNT(V18,V25),ROUND(SUM(V18,V25),0),""),"") -> 38355174 | W26: =+IFERROR(IF(COUNT(L26,U26),ROUND(SUM(L26,U26)/SUM('Shareholding Pattern'!$L$78,'Shareholding Pattern'!$U$78)*100,2),""),0) -> 68.44 | X26: =+IFERROR(IF(COUNT(X18,X25),ROUND(SUM(X18,X25),0),""),"") | Y26: =+IFERROR(IF(COUNT(X26),ROUND(SUM(X26)/SUM(L26)*100,2),""),0) | Z26: =+IFERROR(IF(COUNT(Z18,Z25),ROUND(SUM(Z18,Z25),0),""),"") | AA26: =+IFERROR(IF(COUNT(Z26),ROUND(SUM(Z26)/SUM(L26)*100,2),""),0) | AB26: =+IFERROR(IF(COUNT(AB18,AB25),ROUND(SUM(AB18,AB25),0),""),"") | AC26: =+IFERROR(IF(COUNT(AB26),ROUND(SUM(AB26)/SUM(L26)*100,2),""),0) | AD26: =+IFERROR(IF(COUNT(AD18,AD25),ROUND(SUM(AD18,AD25),0),""),"") | AE26: =+IFERROR(IF(COUNT(AD26),ROUND(SUM(AD26)/SUM(L26)*100,2),""),0) | AF26: =+IFERROR(IF(COUNT(AF18,AF25),ROUND(SUM(AF18,AF25),0),""),"") | AG26: =+IFERROR(IF(COUNT(AF26),ROUND(SUM(AF26)/SUM(L26)*100,2),""),0) | AH26: =+IFERROR(IF(COUNT(AH18,AH25),ROUND(SUM(AH18,AH25),0),""),"") -> 38355174 | AZ26: Shareholding of promoter and promoter group [Member]
F27: Details of Shares which remain unclaimed for Promoter & Promoter Group
E28: B | F28: Table III - Statement showing shareholding pattern of the Public shareholder | H28: Note : Kindly show details of shareholders having more than one percentage of total no of shares. Please refer software manual.
E29: (1) | F29: Institutions (Domestic)
E30: (a) | F30: Mutual Funds | L30: =+IFERROR(IF(COUNT(I30:K30),ROUND(SUM(I30:K30),0),""),"") | M30: =+IFERROR(IF(COUNT(L30),ROUND(L30/'Shareholding Pattern'!$L$78*100,2),""),"") | N30: =IF(I30="","",I30) | P30: =+IFERROR(IF(COUNT(N30:O30),ROUND(SUM(N30:O30),0),""),"") | Q30: =+IFERROR(IF(COUNT(P30),ROUND(P30/'Shareholding Pattern'!$P$79*100,2),""),"") | U30: =+IFERROR(IF(COUNT(R30:T30),ROUND(SUM(R30:T30),0),""),"") | V30: =+IFERROR(IF(COUNT(L30,U30),ROUND(SUM(L30,U30),0),""),"") | W30: =+IFERROR(IF(COUNT(L30,U30),ROUND(SUM(L30,U30)/SUM('Shareholding Pattern'!$L$78,'Shareholding Pattern'!$U$78)*100,2),""),"") | Y30: =+IFERROR(IF(COUNT(X30),ROUND(SUM(X30)/SUM(L30)*100,2),""),0) | AP30: MutuaFund | AZ30: Mutual funds or UTI [Member] | BF30: MutuaFund | BH30: MutualFundsOrUTIDomain | BN30: DetailsOfSharesHeldByMutualFundsOrUTIAxis
E31: (b) | F31: Venture Capital Funds | L31: =+IFERROR(IF(COUNT(I31:K31),ROUND(SUM(I31:K31),0),""),"") | M31: =+IFERROR(IF(COUNT(L31),ROUND(L31/'Shareholding Pattern'!$L$78*100,2),""),"") | N31: =IF(I31="","",I31) | P31: =+IFERROR(IF(COUNT(N31:O31),ROUND(SUM(N31:O31),0),""),"") | Q31: =+IFERROR(IF(COUNT(P31),ROUND(P31/'Shareholding Pattern'!$P$79*100,2),""),"") | U31: =+IFERROR(IF(COUNT(R31:T31),ROUND(SUM(R31:T31),0),""),"") | V31: =+IFERROR(IF(COUNT(L31,U31),ROUND(SUM(L31,U31),0),""),"") | W31: =+IFERROR(IF(COUNT(L31,U31),ROUND(SUM(L31,U31)/SUM('Shareholding Pattern'!$L$78,'Shareholding Pattern'!$U$78)*100,2),""),"") | Y31: =+IFERROR(IF(COUNT(X31),ROUND(SUM(X31)/SUM(L31)*100,2),""),0) | AP31: VentureCap | AZ31: Venture capital funds [Member] | BF31: VentureCap | BH31: VentureCapitalFundsDomain | BN31: DetailsOfSharesHeldByVentureCapitalFundsAxis
E32: (c) | F32: Alternate Investment Funds | L32: =+IFERROR(IF(COUNT(I32:K32),ROUND(SUM(I32:K32),0),""),"") | M32: =+IFERROR(IF(COUNT(L32),ROUND(L32/'Shareholding Pattern'!$L$78*100,2),""),"") | N32: =IF(I32="","",I32) | P32: =+IFERROR(IF(COUNT(N32:O32),ROUND(SUM(N32:O32),0),""),"") | Q32: =+IFERROR(IF(COUNT(P32),ROUND(P32/'Shareholding Pattern'!$P$79*100,2),""),"") | U32: =+IFERROR(IF(COUNT(R32:T32),ROUND(SUM(R32:T32),0),""),"") | V32: =+IFERROR(IF(COUNT(L32,U32),ROUND(SUM(L32,U32),0),""),"") | W32: =+IFERROR(IF(COUNT(L32,U32),ROUND(SUM(L32,U32)/SUM('Shareholding Pattern'!$L$78,'Shareholding Pattern'!$U$78)*100,2),""),"") | Y32: =+IFERROR(IF(COUNT(X32),ROUND(SUM(X32)/SUM(L32)*100,2),""),0) | AP32: AIF | AZ32: Alternative investment funds [Member] | BF32: AIF | BH32: AlternativeInvestmentFundsDomain | BN32: DetailsOfSharesHeldByAlternativeInvestmentFundsAxis
E33: (d) | F33: Banks | L33: =+IFERROR(IF(COUNT(I33:K33),ROUND(SUM(I33:K33),0),""),"") | M33: =+IFERROR(IF(COUNT(L33),ROUND(L33/'Shareholding Pattern'!$L$78*100,2),""),"") | N33: =IF(I33="","",I33) | P33: =+IFERROR(IF(COUNT(N33:O33),ROUND(SUM(N33:O33),0),""),"") | Q33: =+IFERROR(IF(COUNT(P33),ROUND(P33/'Shareholding Pattern'!$P$79*100,2),""),"") | U33: =+IFERROR(IF(COUNT(R33:T33),ROUND(SUM(R33:T33),0),""),"") | V33: =+IFERROR(IF(COUNT(L33,U33),ROUND(SUM(L33,U33),0),""),"") | W33: =+IFERROR(IF(COUNT(L33,U33),ROUND(SUM(L33,U33)/SUM('Shareholding Pattern'!$L$78,'Shareholding Pattern'!$U$78)*100,2),""),"") | Y33: =+IFERROR(IF(COUNT(X33),ROUND(SUM(X33)/SUM(L33)*100,2),""),0) | AP33: Bank_Insti | AZ33: Banks [Member] | BF33: Bank_Insti | BH33: DetailsOfSharesHeldByBanksDomain | BN33: DetailsOfSharesHeldByBanksAxis
E34: (e) | F34: Insurance Companies | L34: =+IFERROR(IF(COUNT(I34:K34),ROUND(SUM(I34:K34),0),""),"") | M34: =+IFERROR(IF(COUNT(L34),ROUND(L34/'Shareholding Pattern'!$L$78*100,2),""),"") | N34: =IF(I34="","",I34) | P34: =+IFERROR(IF(COUNT(N34:O34),ROUND(SUM(N34:O34),0),""),"") | Q34: =+IFERROR(IF(COUNT(P34),ROUND(P34/'Shareholding Pattern'!$P$79*100,2),""),"") | U34: =+IFERROR(IF(COUNT(R34:T34),ROUND(SUM(R34:T34),0),""),"") | V34: =+IFERROR(IF(COUNT(L34,U34),ROUND(SUM(L34,U34),0),""),"") | W34: =+IFERROR(IF(COUNT(L34,U34),ROUND(SUM(L34,U34)/SUM('Shareholding Pattern'!$L$78,'Shareholding Pattern'!$U$78)*100,2),""),"") | Y34: =+IFERROR(IF(COUNT(X34),ROUND(SUM(X34)/SUM(L34)*100,2),""),0) | AP34: Insurance | AZ34: Insurance Companies [Member] | BF34: Insurance | BH34: InsuranceCompaniesDomain | BN34: DetailsOfSharesHeldByInsuranceCompaniesAxis
E35: (f) | F35: Provident Funds/ Pension Funds | L35: =+IFERROR(IF(COUNT(I35:K35),ROUND(SUM(I35:K35),0),""),"") | M35: =+IFERROR(IF(COUNT(L35),ROUND(L35/'Shareholding Pattern'!$L$78*100,2),""),"") | N35: =IF(I35="","",I35) | P35: =+IFERROR(IF(COUNT(N35:O35),ROUND(SUM(N35:O35),0),""),"") | Q35: =+IFERROR(IF(COUNT(P35),ROUND(P35/'Shareholding Pattern'!$P$79*100,2),""),"") | U35: =+IFERROR(IF(COUNT(R35:T35),ROUND(SUM(R35:T35),0),""),"") | V35: =+IFERROR(IF(COUNT(L35,U35),ROUND(SUM(L35,U35),0),""),"") | W35: =+IFERROR(IF(COUNT(L35,U35),ROUND(SUM(L35,U35)/SUM('Shareholding Pattern'!$L$78,'Shareholding Pattern'!$U$78)*100,2),""),"") | Y35: =+IFERROR(IF(COUNT(X35),ROUND(SUM(X35)/SUM(L35)*100,2),""),0) | AP35: Pension | AZ35: Provident Funds or pension funds [Member] | BF35: Pension | BH35: ProvidentFundsOrPensionFundsDomain | BN35: DetailsOfSharesHeldByProvidentFundsOrPensionFundsAxis
E36: (g) | F36: Asset reconstruction companies | L36: =+IFERROR(IF(COUNT(I36:K36),ROUND(SUM(I36:K36),0),""),"") | M36: =+IFERROR(IF(COUNT(L36),ROUND(L36/'Shareholding Pattern'!$L$78*100,2),""),"") | N36: =IF(I36="","",I36) | P36: =+IFERROR(IF(COUNT(N36:O36),ROUND(SUM(N36:O36),0),""),"") | Q36: =+IFERROR(IF(COUNT(P36),ROUND(P36/'Shareholding Pattern'!$P$79*100,2),""),"") | U36: =+IFERROR(IF(COUNT(R36:T36),ROUND(SUM(R36:T36),0),""),"") | V36: =+IFERROR(IF(COUNT(L36,U36),ROUND(SUM(L36,U36),0),""),"") | W36: =+IFERROR(IF(COUNT(L36,U36),ROUND(SUM(L36,U36)/SUM('Shareholding Pattern'!$L$78,'Shareholding Pattern'!$U$78)*100,2),""),"") | Y36: =+IFERROR(IF(COUNT(X36),ROUND(SUM(X36)/SUM(L36)*100,2),""),0) | AP36: AssetReconstruct | AZ36: Asset reconstruction companies [Member] | BF36: AssetReconstruct | BH36: DetailsOfSharesHeldByAssetReconstructionCompaniesDomain | BN36: DetailsOfSharesHeldByAssetReconstructionCompaniesAxis
E37: (h) | F37: Sovereign Wealth Funds | L37: =+IFERROR(IF(COUNT(I37:K37),ROUND(SUM(I37:K37),0),""),"") | M37: =+IFERROR(IF(COUNT(L37),ROUND(L37/'Shareholding Pattern'!$L$78*100,2),""),"") | N37: =IF(I37="","",I37) | P37: =+IFERROR(IF(COUNT(N37:O37),ROUND(SUM(N37:O37),0),""),"") | Q37: =+IFERROR(IF(COUNT(P37),ROUND(P37/'Shareholding Pattern'!$P$79*100,2),""),"") | U37: =+IFERROR(IF(COUNT(R37:T37),ROUND(SUM(R37:T37),0),""),"") | V37: =+IFERROR(IF(COUNT(L37,U37),ROUND(SUM(L37,U37),0),""),"") | W37: =+IFERROR(IF(COUNT(L37,U37),ROUND(SUM(L37,U37)/SUM('Shareholding Pattern'!$L$78,'Shareholding Pattern'!$U$78)*100,2),""),"") | Y37: =+IFERROR(IF(COUNT(X37),ROUND(SUM(X37)/SUM(L37)*100,2),""),0) | AP37: Sovereign Wealth(Domestic) | AZ37: Sovereign wealth funds domestic [Member] | BF37: Sovereign Wealth(Domestic) | BH37: DetailsOfSharesHeldBySovereignWealthFundsDomesticDomain | BN37: DetailsOfSharesHeldBySovereignWealthFundsDomesticAxis
E38: (i) | F38: NBFCs registered with RBI | L38: =+IFERROR(IF(COUNT(I38:K38),ROUND(SUM(I38:K38),0),""),"") | M38: =+IFERROR(IF(COUNT(L38),ROUND(L38/'Shareholding Pattern'!$L$78*100,2),""),"") | N38: =IF(I38="","",I38) | P38: =+IFERROR(IF(COUNT(N38:O38),ROUND(SUM(N38:O38),0),""),"") | Q38: =+IFERROR(IF(COUNT(P38),ROUND(P38/'Shareholding Pattern'!$P$79*100,2),""),"") | U38: =+IFERROR(IF(COUNT(R38:T38),ROUND(SUM(R38:T38),0),""),"") | V38: =+IFERROR(IF(COUNT(L38,U38),ROUND(SUM(L38,U38),0),""),"") | W38: =+IFERROR(IF(COUNT(L38,U38),ROUND(SUM(L38,U38)/SUM('Shareholding Pattern'!$L$78,'Shareholding Pattern'!$U$78)*100,2),""),"") | Y38: =+IFERROR(IF(COUNT(X38),ROUND(SUM(X38)/SUM(L38)*100,2),""),0) | AP38: NBFC | AZ38: NBFCs registered with RBI [Member] | BF38: NBFC | BH38: NBFCsRegisteredWithRBIDomain | BN38: DetailsOfSharesHeldByNBFCsRegisteredWithRBIAxis
E39: (j) | F39: Other Financial Institutions | L39: =+IFERROR(IF(COUNT(I39:K39),ROUND(SUM(I39:K39),0),""),"") | M39: =+IFERROR(IF(COUNT(L39),ROUND(L39/'Shareholding Pattern'!$L$78*100,2),""),"") | N39: =IF(I39="","",I39) | P39: =+IFERROR(IF(COUNT(N39:O39),ROUND(SUM(N39:O39),0),""),"") | Q39: =+IFERROR(IF(COUNT(P39),ROUND(P39/'Shareholding Pattern'!$P$79*100,2),""),"") | U39: =+IFERROR(IF(COUNT(R39:T39),ROUND(SUM(R39:T39),0),""),"") | V39: =+IFERROR(IF(COUNT(L39,U39),ROUND(SUM(L39,U39),0),""),"") | W39: =+IFERROR(IF(COUNT(L39,U39),ROUND(SUM(L39,U39)/SUM('Shareholding Pattern'!$L$78,'Shareholding Pattern'!$U$78)*100,2),""),"") | Y39: =+IFERROR(IF(COUNT(X39),ROUND(SUM(X39)/SUM(L39)*100,2),""),0) | AP39: Other Financial Institutions | AZ39: Other financial institutions [Member] | BF39: Other Financial Institutions | BH39: DetailsOfSharesHeldByOtherFinancialInstitutionsDomain | BN39: DetailsOfSharesHeldByOtherFinancialInstitutionsAxis
E40: (k) | F40: Any Other (specify) | L40: =+IFERROR(IF(COUNT(I40:K40),ROUND(SUM(I40:K40),0),""),"") | M40: =+IFERROR(IF(COUNT(L40),ROUND(L40/'Shareholding Pattern'!$L$78*100,2),""),"") | N40: =IF(I40="","",I40) | P40: =+IFERROR(IF(COUNT(N40:O40),ROUND(SUM(N40:O40),0),""),"") | Q40: =+IFERROR(IF(COUNT(P40),ROUND(P40/'Shareholding Pattern'!$P$79*100,2),""),"") | U40: =+IFERROR(IF(COUNT(R40:T40),ROUND(SUM(R40:T40),0),""),"") | V40: =+IFERROR(IF(COUNT(L40,U40),ROUND(SUM(L40,U40),0),""),"") | W40: =+IFERROR(IF(COUNT(L40,U40),ROUND(SUM(L40,U40)/SUM('Shareholding Pattern'!$L$78,'Shareholding Pattern'!$U$78)*100,2),""),"") | Y40: =+IFERROR(IF(COUNT(X40),ROUND(SUM(X40)/SUM(L40)*100,2),""),0) | AP40: Other_Insti | AZ40: Other institutions domestic [Member] | BF40: Other_Insti | BH40: DetailsOfSharesHeldByOtherInstitutionsDomesticDomain | BN40: DetailsOfSharesHeldByOtherInstitutionsDomesticAxis
E41: Sub-Total (B)(1) | H41: =+IFERROR(IF(COUNT(H30:H40),ROUND(SUM(H30:H40),0),""),"") | I41: =+IFERROR(IF(COUNT(I30:I40),ROUND(SUM(I30:I40),0),""),"") | J41: =+IFERROR(IF(COUNT(J30:J40),ROUND(SUM(J30:J40),0),""),"") | K41: =+IFERROR(IF(COUNT(K30:K40),ROUND(SUM(K30:K40),0),""),"") | L41: =+IFERROR(IF(COUNT(I41:K41),ROUND(SUM(I41:K41),0),""),"") | M41: =+IFERROR(IF(COUNT(L41),ROUND(L41/'Shareholding Pattern'!$L$78*100,2),""),"") | N41: =+IFERROR(IF(COUNT(N30:N40),ROUND(SUM(N30:N40),0),""),"") | O41: =+IFERROR(IF(COUNT(O30:O40),ROUND(SUM(O30:O40),0),""),"") | P41: =+IFERROR(IF(COUNT(N41:O41),ROUND(SUM(N41:O41),0),""),"") | Q41: =+IFERROR(IF(COUNT(P41),ROUND(P41/'Shareholding Pattern'!$P$79*100,2),""),"") | R41: =+IFERROR(IF(COUNT(R30:R40),ROUND(SUM(R30:R40),0),""),"") | S41: =+IFERROR(IF(COUNT(S30:S40),ROUND(SUM(S30:S40),0),""),"") | T41: =+IFERROR(IF(COUNT(T30:T40),ROUND(SUM(T30:T40),0),""),"") | U41: =+IFERROR(IF(COUNT(R41:T41),ROUND(SUM(R41:T41),0),""),"") | V41: =+IFERROR(IF(COUNT(L41,U41),ROUND(SUM(L41,U41),0),""),"") | W41: =+IFERROR(IF(COUNT(L41,U41),ROUND(SUM(L41,U41)/SUM('Shareholding Pattern'!$L$78,'Shareholding Pattern'!$U$78)*100,2),""),"") | X41: =+IFERROR(IF(COUNT(X30:X40),ROUND(SUM(X30:X40),0),""),"") | Y41: =+IFERROR(IF(COUNT(X41),ROUND(SUM(X41)/SUM(L41)*100,2),""),0) | AH41: =+IFERROR(IF(COUNT(AH30:AH40),ROUND(SUM(AH30:AH40),0),""),"") | AI41: =+IFERROR(IF(COUNT(AI30:AI40),ROUND(SUM(AI30:AI40),0),""),"") | AJ41: =+IFERROR(IF(COUNT(AJ30:AJ40),ROUND(SUM(AJ30:AJ40),0),""),"") | AK41: =+IFERROR(IF(COUNT(AK30:AK40),ROUND(SUM(AK30:AK40),0),""),"") | AZ41: Institutions domestic [Member]
E42: (2) | F42: Institutions (Foreign)
E43: (a) | F43: Foreign Direct Investment | L43: =+IFERROR(IF(COUNT(I43:K43),ROUND(SUM(I43:K43),0),""),"") | M43: =+IFERROR(IF(COUNT(L43),ROUND(L43/'Shareholding Pattern'!$L$78*100,2),""),"") | N43: =IF(I43="","",I43) | P43: =+IFERROR(IF(COUNT(N43:O43),ROUND(SUM(N43:O43),0),""),"") | Q43: =+IFERROR(IF(COUNT(P43),ROUND(P43/'Shareholding Pattern'!$P$79*100,2),""),"") | U43: =+IFERROR(IF(COUNT(R43:T43),ROUND(SUM(R43:T43),0),""),"") | V43: =+IFERROR(IF(COUNT(L43,U43),ROUND(SUM(L43,U43),0),""),"") | W43: =+IFERROR(IF(COUNT(L43,U43),ROUND(SUM(L43,U43)/SUM('Shareholding Pattern'!$L$78,'Shareholding Pattern'!$U$78)*100,2),""),"") | Y43: =+IFERROR(IF(COUNT(X43),ROUND(SUM(X43)/SUM(L43)*100,2),""),0) | AP43: Foreign Direct Investment | AZ43: Foreign direct investment [Member] | BF43: Foreign Direct Investment | BH43: DetailsOfSharesHeldByForeignDirectInvestmentDomain | BN43: DetailsOfSharesHeldByForeignDirectInvestmentAxis
E44: (b) | F44: Foreign Venture Capital Investors | L44: =+IFERROR(IF(COUNT(I44:K44),ROUND(SUM(I44:K44),0),""),"") | M44: =+IFERROR(IF(COUNT(L44),ROUND(L44/'Shareholding Pattern'!$L$78*100,2),""),"") | N44: =IF(I44="","",I44) | P44: =+IFERROR(IF(COUNT(N44:O44),ROUND(SUM(N44:O44),0),""),"") | Q44: =+IFERROR(IF(COUNT(P44),ROUND(P44/'Shareholding Pattern'!$P$79*100,2),""),"") | U44: =+IFERROR(IF(COUNT(R44:T44),ROUND(SUM(R44:T44),0),""),"") | V44: =+IFERROR(IF(COUNT(L44,U44),ROUND(SUM(L44,U44),0),""),"") | W44: =+IFERROR(IF(COUNT(L44,U44),ROUND(SUM(L44,U44)/SUM('Shareholding Pattern'!$L$78,'Shareholding Pattern'!$U$78)*100,2),""),"") | Y44: =+IFERROR(IF(COUNT(X44),ROUND(SUM(X44)/SUM(L44)*100,2),""),0) | AP44: FVC | AZ44: Foreign venture capital investors [Member] | BF44: FVC | BH44: ForeignVentureCapitalInvestorsDomain | BN44: DetailsOfSharesHeldByForeignVentureCapitalInvestorsAxis
E45: (c) | F45: Sovereign Wealth Funds | L45: =+IFERROR(IF(COUNT(I45:K45),ROUND(SUM(I45:K45),0),""),"") | M45: =+IFERROR(IF(COUNT(L45),ROUND(L45/'Shareholding Pattern'!$L$78*100,2),""),"") | N45: =IF(I45="","",I45) | P45: =+IFERROR(IF(COUNT(N45:O45),ROUND(SUM(N45:O45),0),""),"") | Q45: =+IFERROR(IF(COUNT(P45),ROUND(P45/'Shareholding Pattern'!$P$79*100,2),""),"") | U45: =+IFERROR(IF(COUNT(R45:T45),ROUND(SUM(R45:T45),0),""),"") | V45: =+IFERROR(IF(COUNT(L45,U45),ROUND(SUM(L45,U45),0),""),"") | W45: =+IFERROR(IF(COUNT(L45,U45),ROUND(SUM(L45,U45)/SUM('Shareholding Pattern'!$L$78,'Shareholding Pattern'!$U$78)*100,2),""),"") | Y45: =+IFERROR(IF(COUNT(X45),ROUND(SUM(X45)/SUM(L45)*100,2),""),0) | AP45: Sovereign Wealth(Foreign) | AZ45: Sovereign wealth funds foreign [Member] | BF45: Sovereign Wealth(Foreign) | BH45: DetailsOfSharesHeldBySovereignWealthFundsForeignDomain | BN45: DetailsOfSharesHeldBySovereignWealthFundsForeignAxis
E46: (d) | F46: Foreign Portfolio Investors Category I | H46: 2 | I46: 251544 | L46: =+IFERROR(IF(COUNT(I46:K46),ROUND(SUM(I46:K46),0),""),"") -> 251544 | M46: =+IFERROR(IF(COUNT(L46),ROUND(L46/'Shareholding Pattern'!$L$78*100,2),""),"") -> 0.45 | N46: =IF(I46="","",I46) -> 251544 | P46: =+IFERROR(IF(COUNT(N46:O46),ROUND(SUM(N46:O46),0),""),"") -> 251544 | Q46: =+IFERROR(IF(COUNT(P46),ROUND(P46/'Shareholding Pattern'!$P$79*100,2),""),"") -> 0.45 | U46: =+IFERROR(IF(COUNT(R46:T46),ROUND(SUM(R46:T46),0),""),"") | V46: =+IFERROR(IF(COUNT(L46,U46),ROUND(SUM(L46,U46),0),""),"") -> 251544 | W46: =+IFERROR(IF(COUNT(L46,U46),ROUND(SUM(L46,U46)/SUM('Shareholding Pattern'!$L$78,'Shareholding Pattern'!$U$78)*100,2),""),"") -> 0.45 | Y46: =+IFERROR(IF(COUNT(X46),ROUND(SUM(X46)/SUM(L46)*100,2),""),0) | AH46: 251544 | AI46: 0 | AJ46: 0 | AK46: 0 | AP46: FPI_Insti | AZ46: Institutions foreign portfolio investor catergory one [Member] | BF46: FPI_Insti | BH46: DetailsOfSharesHeldByInstitutionsForeignPortfolioInvestorOneDomain | BN46: DetailsOfSharesHeldByInstitutionsForeignPortfolioInvestorOneAxis
E47: (e) | F47: Foreign Portfolio Investors Category II | H47: 1 | I47: 33 | L47: =+IFERROR(IF(COUNT(I47:K47),ROUND(SUM(I47:K47),0),""),"") -> 33 | M47: =+IFERROR(IF(COUNT(L47),ROUND(L47/'Shareholding Pattern'!$L$78*100,2),""),"") -> 0 | N47: =IF(I47="","",I47) -> 33 | P47: =+IFERROR(IF(COUNT(N47:O47),ROUND(SUM(N47:O47),0),""),"") -> 33 | Q47: =+IFERROR(IF(COUNT(P47),ROUND(P47/'Shareholding Pattern'!$P$79*100,2),""),"") -> 0 | U47: =+IFERROR(IF(COUNT(R47:T47),ROUND(SUM(R47:T47),0),""),"") | V47: =+IFERROR(IF(COUNT(L47,U47),ROUND(SUM(L47,U47),0),""),"") -> 33 | W47: =+IFERROR(IF(COUNT(L47,U47),ROUND(SUM(L47,U47)/SUM('Shareholding Pattern'!$L$78,'Shareholding Pattern'!$U$78)*100,2),""),"") -> 0 | Y47: =+IFERROR(IF(COUNT(X47),ROUND(SUM(X47)/SUM(L47)*100,2),""),0) | AH47: 33 | AI47: 0 | AJ47: 0 | AK47: 0 | AP47: Foreign Portfolio Category II | AZ47: Institutions foreign portfolio investor catergory two [Member] | BF47: Foreign Portfolio Category II | BH47: DetailsOfSharesHeldByInstitutionsForeignPortfolioInvestorTwoDomain | BN47: DetailsOfSharesHeldByInstitutionsForeignPortfolioInvestorTwoAxis
E48: (f) | F48: Overseas Depositories (holding DRs) (balancing figure) | L48: =+IFERROR(IF(COUNT(I48:K48),ROUND(SUM(I48:K48),0),""),"") | M48: =+IFERROR(IF(COUNT(L48),ROUND(L48/'Shareholding Pattern'!$L$78*100,2),""),"") | N48: =IF(I48="","",I48) | P48: =+IFERROR(IF(COUNT(N48:O48),ROUND(SUM(N48:O48),0),""),"") | Q48: =+IFERROR(IF(COUNT(P48),ROUND(P48/'Shareholding Pattern'!$P$79*100,2),""),"") | U48: =+IFERROR(IF(COUNT(R48:T48),ROUND(SUM(R48:T48),0),""),"") | V48: =+IFERROR(IF(COUNT(L48,U48),ROUND(SUM(L48,U48),0),""),"") | W48: =+IFERROR(IF(COUNT(L48,U48),ROUND(SUM(L48,U48)/SUM('Shareholding Pattern'!$L$78,'Shareholding Pattern'!$U$78)*100,2),""),"") | Y48: =+IFERROR(IF(COUNT(X48),ROUND(SUM(X48)/SUM(L48)*100,2),""),0) | AP48: OD | AZ48: Overseas Depositories [Member] | BF48: OD | BH48: OverseasDepositoriesDomain | BN48: DetailsOfSharesHeldByOverseasDepositoriesAxis
E49: (g) | F49: Any Other (specify) | L49: =+IFERROR(IF(COUNT(I49:K49),ROUND(SUM(I49:K49),0),""),"") | M49: =+IFERROR(IF(COUNT(L49),ROUND(L49/'Shareholding Pattern'!$L$78*100,2),""),"") | N49: =IF(I49="","",I49) | P49: =+IFERROR(IF(COUNT(N49:O49),ROUND(SUM(N49:O49),0),""),"") | Q49: =+IFERROR(IF(COUNT(P49),ROUND(P49/'Shareholding Pattern'!$P$79*100,2),""),"") | U49: =+IFERROR(IF(COUNT(R49:T49),ROUND(SUM(R49:T49),0),""),"") | V49: =+IFERROR(IF(COUNT(L49,U49),ROUND(SUM(L49,U49),0),""),"") | W49: =+IFERROR(IF(COUNT(L49,U49),ROUND(SUM(L49,U49)/SUM('Shareholding Pattern'!$L$78,'Shareholding Pattern'!$U$78)*100,2),""),"") | Y49: =+IFERROR(IF(COUNT(X49),ROUND(SUM(X49)/SUM(L49)*100,2),""),0) | AP49: Other_Insti (Foreign) | AZ49: Other institutions foreign [Member] | BF49: Other_Insti (Foreign) | BH49: DetailsOfSharesHeldByOtherInstitutionsForeignDomain | BN49: DetailsOfSharesHeldByOtherInstitutionsForeignAxis
E50: Sub-Total (B)(2) | H50: =+IFERROR(IF(COUNT(H43:H49),ROUND(SUM(H43:H49),0),""),"") -> 3 | I50: =+IFERROR(IF(COUNT(I43:I49),ROUND(SUM(I43:I49),0),""),"") -> 251577 | J50: =+IFERROR(IF(COUNT(J43:J49),ROUND(SUM(J43:J49),0),""),"") | K50: =+IFERROR(IF(COUNT(K43:K49),ROUND(SUM(K43:K49),0),""),"") | L50: =+IFERROR(IF(COUNT(I50:K50),ROUND(SUM(I50:K50),0),""),"") -> 251577 | M50: =+IFERROR(IF(COUNT(L50),ROUND(L50/'Shareholding Pattern'!$L$78*100,2),""),"") -> 0.45 | N50: =+IFERROR(IF(COUNT(N43:N49),ROUND(SUM(N43:N49),0),""),"") -> 251577 | O50: =+IFERROR(IF(COUNT(O43:O49),ROUND(SUM(O43:O49),0),""),"") | P50: =+IFERROR(IF(COUNT(N50:O50),ROUND(SUM(N50:O50),0),""),"") -> 251577 | Q50: =+IFERROR(IF(COUNT(P50),ROUND(P50/'Shareholding Pattern'!$P$79*100,2),""),"") -> 0.45 | R50: =+IFERROR(IF(COUNT(R43:R49),ROUND(SUM(R43:R49),0),""),"") | S50: =+IFERROR(IF(COUNT(S43:S49),ROUND(SUM(S43:S49),0),""),"") | T50: =+IFERROR(IF(COUNT(T43:T49),ROUND(SUM(T43:T49),0),""),"") | U50: =+IFERROR(IF(COUNT(R50:T50),ROUND(SUM(R50:T50),0),""),"") | V50: =+IFERROR(IF(COUNT(L50,U50),ROUND(SUM(L50,U50),0),""),"") -> 251577 | W50: =+IFERROR(IF(COUNT(L50,U50),ROUND(SUM(L50,U50)/SUM('Shareholding Pattern'!$L$78,'Shareholding Pattern'!$U$78)*100,2),""),"") -> 0.45 | X50: =+IFERROR(IF(COUNT(X43:X49),ROUND(SUM(X43:X49),0),""),"") | Y50: =+IFERROR(IF(COUNT(X50),ROUND(SUM(X50)/SUM(L50)*100,2),""),0) | AH50: =+IFERROR(IF(COUNT(AH43:AH49),ROUND(SUM(AH43:AH49),0),""),"") -> 251577 | AI50: =+IFERROR(IF(COUNT(AI43:AI49),ROUND(SUM(AI43:AI49),0),""),"") -> 0 | AJ50: =+IFERROR(IF(COUNT(AJ43:AJ49),ROUND(SUM(AJ43:AJ49),0),""),"") -> 0 | AK50: =+IFERROR(IF(COUNT(AK43:AK49),ROUND(SUM(AK43:AK49),0),""),"") -> 0 | AZ50: Institutions foreign [Member]
E51: (3) | F51: Central Government / State Government(s)
E52: (a) | F52: Central Government / President of India | L52: =+IFERROR(IF(COUNT(I52:K52),ROUND(SUM(I52:K52),0),""),"") | M52: =+IFERROR(IF(COUNT(L52),ROUND(L52/'Shareholding Pattern'!$L$78*100,2),""),"") | N52: =IF(I52="","",I52) | P52: =+IFERROR(IF(COUNT(N52:O52),ROUND(SUM(N52:O52),0),""),"") | Q52: =+IFERROR(IF(COUNT(P52),ROUND(P52/'Shareholding Pattern'!$P$79*100,2),""),"") | U52: =+IFERROR(IF(COUNT(R52:T52),ROUND(SUM(R52:T52),0),""),"") | V52: =+IFERROR(IF(COUNT(L52,U52),ROUND(SUM(L52,U52),0),""),"") | W52: =+IFERROR(IF(COUNT(L52,U52),ROUND(SUM(L52,U52)/SUM('Shareholding Pattern'!$L$78,'Shareholding Pattern'!$U$78)*100,2),""),"") | Y52: =+IFERROR(IF(COUNT(X52),ROUND(SUM(X52)/SUM(L52)*100,2),""),0) | AP52: CG&SG&PI | AZ52: Central government or president of india [Member] | BF52: CG&SG&PI | BH52: DetailsOfSharesHeldByCentralGovernmentOrPresidentOfIndiaDomain | BN52: DetailsOfSharesHeldByCentralGovernmentOrPresidentOfIndiaAxis
E53: (b) | F53: State Government / Governor | L53: =+IFERROR(IF(COUNT(I53:K53),ROUND(SUM(I53:K53),0),""),"") | M53: =+IFERROR(IF(COUNT(L53),ROUND(L53/'Shareholding Pattern'!$L$78*100,2),""),"") | N53: =IF(I53="","",I53) | P53: =+IFERROR(IF(COUNT(N53:O53),ROUND(SUM(N53:O53),0),""),"") | Q53: =+IFERROR(IF(COUNT(P53),ROUND(P53/'Shareholding Pattern'!$P$79*100,2),""),"") | U53: =+IFERROR(IF(COUNT(R53:T53),ROUND(SUM(R53:T53),0),""),"") | V53: =+IFERROR(IF(COUNT(L53,U53),ROUND(SUM(L53,U53),0),""),"") | W53: =+IFERROR(IF(COUNT(L53,U53),ROUND(SUM(L53,U53)/SUM('Shareholding Pattern'!$L$78,'Shareholding Pattern'!$U$78)*100,2),""),"") | Y53: =+IFERROR(IF(COUNT(X53),ROUND(SUM(X53)/SUM(L53)*100,2),""),0) | AP53: State Government_Governor | AZ53: State governments or governors [Member] | BF53: State Government_Governor | BH53: DetailsOfSharesHeldByStateGovernmentsOrGovernorsDomain | BN53: DetailsOfSharesHeldByStateGovernmentsOrGovernorsAxis
E54: (c) | F54: Shareholding by Companies or Bodies Corporate where Central / State Government is a promoter | L54: =+IFERROR(IF(COUNT(I54:K54),ROUND(SUM(I54:K54),0),""),"") | M54: =+IFERROR(IF(COUNT(L54),ROUND(L54/'Shareholding Pattern'!$L$78*100,2),""),"") | N54: =IF(I54="","",I54) | P54: =+IFERROR(IF(COUNT(N54:O54),ROUND(SUM(N54:O54),0),""),"") | Q54: =+IFERROR(IF(COUNT(P54),ROUND(P54/'Shareholding Pattern'!$P$79*100,2),""),"") | U54: =+IFERROR(IF(COUNT(R54:T54),ROUND(SUM(R54:T54),0),""),"") | V54: =+IFERROR(IF(COUNT(L54,U54),ROUND(SUM(L54,U54),0),""),"") | W54: =+IFERROR(IF(COUNT(L54,U54),ROUND(SUM(L54,U54)/SUM('Shareholding Pattern'!$L$78,'Shareholding Pattern'!$U$78)*100,2),""),"") | Y54: =+IFERROR(IF(COUNT(X54),ROUND(SUM(X54)/SUM(L54)*100,2),""),0) | AP54: Shareholding by Companies | AZ54: Shareholding by companies or bodies corporatewhere central or state government is promoter [Member] | BF54: Shareholding by Companies | BH54: DetailsOfSharesHeldByShareholdingByCompaniesOrBodiesCorporateWhereCentralOrStateGovernmentIsPromoterDomain | BN54: DetailsOfSharesHeldByShareholdingByCompaniesOrBodiesCorporateWhereCentralOrStateGovernmentIsPromoterAxis
E55: Sub-Total (B)(3) | H55: =+IFERROR(IF(COUNT(H52:H54),ROUND(SUM(H52:H54),0),""),"") | I55: =+IFERROR(IF(COUNT(I52:I54),ROUND(SUM(I52:I54),0),""),"") | J55: =+IFERROR(IF(COUNT(J52:J54),ROUND(SUM(J52:J54),0),""),"") | K55: =+IFERROR(IF(COUNT(K52:K54),ROUND(SUM(K52:K54),0),""),"") | L55: =+IFERROR(IF(COUNT(I55:K55),ROUND(SUM(I55:K55),0),""),"") | M55: =+IFERROR(IF(COUNT(L55),ROUND(L55/'Shareholding Pattern'!$L$78*100,2),""),"") | N55: =+IFERROR(IF(COUNT(N52:N54),ROUND(SUM(N52:N54),0),""),"") | O55: =+IFERROR(IF(COUNT(O52:O54),ROUND(SUM(O52:O54),0),""),"") | P55: =+IFERROR(IF(COUNT(N55:O55),ROUND(SUM(N55:O55),0),""),"") | Q55: =+IFERROR(IF(COUNT(P55),ROUND(P55/'Shareholding Pattern'!$P$79*100,2),""),"") | R55: =+IFERROR(IF(COUNT(R52:R54),ROUND(SUM(R52:R54),0),""),"") | S55: =+IFERROR(IF(COUNT(S52:S54),ROUND(SUM(S52:S54),0),""),"") | T55: =+IFERROR(IF(COUNT(T52:T54),ROUND(SUM(T52:T54),0),""),"") | U55: =+IFERROR(IF(COUNT(R55:T55),ROUND(SUM(R55:T55),0),""),"") | V55: =+IFERROR(IF(COUNT(L55,U55),ROUND(SUM(L55,U55),0),""),"") | W55: =+IFERROR(IF(COUNT(L55,U55),ROUND(SUM(L55,U55)/SUM('Shareholding Pattern'!$L$78,'Shareholding Pattern'!$U$78)*100,2),""),"") | X55: =+IFERROR(IF(COUNT(X52:X54),ROUND(SUM(X52:X54),0),""),"") | Y55: =+IFERROR(IF(COUNT(X55),ROUND(SUM(X55)/SUM(L55)*100,2),""),0) | AH55: =+IFERROR(IF(COUNT(AH52:AH54),ROUND(SUM(AH52:AH54),0),""),"") | AI55: =+IFERROR(IF(COUNT(AI52:AI54),ROUND(SUM(AI52:AI54),0),""),"") | AJ55: =+IFERROR(IF(COUNT(AJ52:AJ54),ROUND(SUM(AJ52:AJ54),0),""),"") | AK55: =+IFERROR(IF(COUNT(AK52:AK54),ROUND(SUM(AK52:AK54),0),""),"") | AZ55: Goverments [Member]
E56: (4) | F56: Non-institutions
E57: (a) | F57: Associate companies / Subsidiaries | L57: =+IFERROR(IF(COUNT(I57:K57),ROUND(SUM(I57:K57),0),""),"") | M57: =+IFERROR(IF(COUNT(L57),ROUND(L57/'Shareholding Pattern'!$L$78*100,2),""),"") | N57: =IF(I57="","",I57) | P57: =+IFERROR(IF(COUNT(N57:O57),ROUND(SUM(N57:O57),0),""),"") | Q57: =+IFERROR(IF(COUNT(P57),ROUND(P57/'Shareholding Pattern'!$P$79*100,2),""),"") | U57: =+IFERROR(IF(COUNT(R57:T57),ROUND(SUM(R57:T57),0),""),"") | V57: =+IFERROR(IF(COUNT(L57,U57),ROUND(SUM(L57,U57),0),""),"") | W57: =+IFERROR(IF(COUNT(L57,U57),ROUND(SUM(L57,U57)/SUM('Shareholding Pattern'!$L$78,'Shareholding Pattern'!$U$78)*100,2),""),"") | Y57: =+IFERROR(IF(COUNT(X57),ROUND(SUM(X57)/SUM(L57)*100,2),""),0) | AP57: Associate companies_Subsidiar | AZ57: Associate companies or subsidiaries [Member] | BF57: Associate companies_Subsidiar | BH57: DetailsOfSharesHeldByAssociateCompaniesOrSubsidiariesDomain | BN57: DetailsOfSharesHeldByAssociateCompaniesOrSubsidiariesAxis
E58: (b) | F58: Directors and their relatives (excluding independent directors and nominee directors) | H58: 1 | I58: 4250 | L58: =+IFERROR(IF(COUNT(I58:K58),ROUND(SUM(I58:K58),0),""),"") -> 4250 | M58: =+IFERROR(IF(COUNT(L58),ROUND(L58/'Shareholding Pattern'!$L$78*100,2),""),"") -> 0.01 | N58: =IF(I58="","",I58) -> 4250 | P58: =+IFERROR(IF(COUNT(N58:O58),ROUND(SUM(N58:O58),0),""),"") -> 4250 | Q58: =+IFERROR(IF(COUNT(P58),ROUND(P58/'Shareholding Pattern'!$P$79*100,2),""),"") -> 0.01 | U58: =+IFERROR(IF(COUNT(R58:T58),ROUND(SUM(R58:T58),0),""),"") | V58: =+IFERROR(IF(COUNT(L58,U58),ROUND(SUM(L58,U58),0),""),"") -> 4250 | W58: =+IFERROR(IF(COUNT(L58,U58),ROUND(SUM(L58,U58)/SUM('Shareholding Pattern'!$L$78,'Shareholding Pattern'!$U$78)*100,2),""),"") -> 0.01 | Y58: =+IFERROR(IF(COUNT(X58),ROUND(SUM(X58)/SUM(L58)*100,2),""),0) | AH58: 4250 | AI58: 0 | AJ58: 0 | AK58: 0 | AP58: Directors and their relatives | AZ58: Directors and directors relatives [Member] | BF58: Directors and their relatives | BH58: DetailsOfSharesHeldByDirectorsAndDirectorsRelativesDomain | BN58: DetailsOfSharesHeldByDirectorsAndDirectorsRelativesAxis
E59: (c) | F59: Key Managerial Personnel | L59: =+IFERROR(IF(COUNT(I59:K59),ROUND(SUM(I59:K59),0),""),"") | M59: =+IFERROR(IF(COUNT(L59),ROUND(L59/'Shareholding Pattern'!$L$78*100,2),""),"") | N59: =IF(I59="","",I59) | P59: =+IFERROR(IF(COUNT(N59:O59),ROUND(SUM(N59:O59),0),""),"") | Q59: =+IFERROR(IF(COUNT(P59),ROUND(P59/'Shareholding Pattern'!$P$79*100,2),""),"") | U59: =+IFERROR(IF(COUNT(R59:T59),ROUND(SUM(R59:T59),0),""),"") | V59: =+IFERROR(IF(COUNT(L59,U59),ROUND(SUM(L59,U59),0),""),"") | W59: =+IFERROR(IF(COUNT(L59,U59),ROUND(SUM(L59,U59)/SUM('Shareholding Pattern'!$L$78,'Shareholding Pattern'!$U$78)*100,2),""),"") | Y59: =+IFERROR(IF(COUNT(X59),ROUND(SUM(X59)/SUM(L59)*100,2),""),0) | AP59: Key Managerial Personnel | AZ59: Key managerial personnel [Member] | BF59: Key Managerial Personnel | BH59: DetailsOfSharesHeldByKeyManagerialPersonnelDomain | BN59: DetailsOfSharesHeldByKeyManagerialPersonnelAxis
E60: (d) | F60: Relatives of promoters (other than ‘immediate relatives’ of promoters disclosed under ‘Promoter and Promoter Group’ category) | L60: =+IFERROR(IF(COUNT(I60:K60),ROUND(SUM(I60:K60),0),""),"") | M60: =+IFERROR(IF(COUNT(L60),ROUND(L60/'Shareholding Pattern'!$L$78*100,2),""),"") | N60: =IF(I60="","",I60) | P60: =+IFERROR(IF(COUNT(N60:O60),ROUND(SUM(N60:O60),0),""),"") | Q60: =+IFERROR(IF(COUNT(P60),ROUND(P60/'Shareholding Pattern'!$P$79*100,2),""),"") | U60: =+IFERROR(IF(COUNT(R60:T60),ROUND(SUM(R60:T60),0),""),"") | V60: =+IFERROR(IF(COUNT(L60,U60),ROUND(SUM(L60,U60),0),""),"") | W60: =+IFERROR(IF(COUNT(L60,U60),ROUND(SUM(L60,U60)/SUM('Shareholding Pattern'!$L$78,'Shareholding Pattern'!$U$78)*100,2),""),"") | Y60: =+IFERROR(IF(COUNT(X60),ROUND(SUM(X60)/SUM(L60)*100,2),""),0) | AP60: Relatives of promoters | AZ60: Relatives of promoters other than promoter group [Member] | BF60: Relatives of promoters | BH60: DetailsOfSharesHeldByRelativesOfPromotersOtherThanPromoterGroupDomain | BN60: DetailsOfSharesHeldByRelativesOfPromotersOtherThanPromoterGroupAxis
E61: (e) | F61: Trusts where any person belonging to 'Promoter and Promoter Group' category is 'trustee', 'beneficiary', or 'author of the trust' | L61: =+IFERROR(IF(COUNT(I61:K61),ROUND(SUM(I61:K61),0),""),"") | M61: =+IFERROR(IF(COUNT(L61),ROUND(L61/'Shareholding Pattern'!$L$78*100,2),""),"") | N61: =IF(I61="","",I61) | P61: =+IFERROR(IF(COUNT(N61:O61),ROUND(SUM(N61:O61),0),""),"") | Q61: =+IFERROR(IF(COUNT(P61),ROUND(P61/'Shareholding Pattern'!$P$79*100,2),""),"") | U61: =+IFERROR(IF(COUNT(R61:T61),ROUND(SUM(R61:T61),0),""),"") | V61: =+IFERROR(IF(COUNT(L61,U61),ROUND(SUM(L61,U61),0),""),"") | W61: =+IFERROR(IF(COUNT(L61,U61),ROUND(SUM(L61,U61)/SUM('Shareholding Pattern'!$L$78,'Shareholding Pattern'!$U$78)*100,2),""),"") | Y61: =+IFERROR(IF(COUNT(X61),ROUND(SUM(X61)/SUM(L61)*100,2),""),0) | AP61: Trusts where any person | AZ61: Trusts where any person belonging to promoter and promoter group isis trustee or beneficiary or author of trust [Member] | BF61: Trusts where any person | BH61: DetailsOfSharesHeldByTrustsWhereAnyPersonBelongingToPromoterAndPromoterGroupIsTrusteeOrBeneficiaryOrAuthorOfTrustDomain | BN61: DetailsOfSharesHeldByTrustsWhereAnyPersonBelongingToPromoterAndPromoterGroupIsTrusteeOrBeneficiaryOrAuthorOfTrustAxis
E62: (f) | F62: Investor Education and Protection Fund (IEPF) | H62: 1 | I62: 1317032 | L62: =+IFERROR(IF(COUNT(I62:K62),ROUND(SUM(I62:K62),0),""),"") -> 1317032 | M62: =+IFERROR(IF(COUNT(L62),ROUND(L62/'Shareholding Pattern'!$L$78*100,2),""),"") -> 2.35 | N62: =IF(I62="","",I62) -> 1317032 | P62: =+IFERROR(IF(COUNT(N62:O62),ROUND(SUM(N62:O62),0),""),"") -> 1317032 | Q62: =+IFERROR(IF(COUNT(P62),ROUND(P62/'Shareholding Pattern'!$P$79*100,2),""),"") -> 2.35 | U62: =+IFERROR(IF(COUNT(R62:T62),ROUND(SUM(R62:T62),0),""),"") | V62: =+IFERROR(IF(COUNT(L62,U62),ROUND(SUM(L62,U62),0),""),"") -> 1317032 | W62: =+IFERROR(IF(COUNT(L62,U62),ROUND(SUM(L62,U62)/SUM('Shareholding Pattern'!$L$78,'Shareholding Pattern'!$U$78)*100,2),""),"") -> 2.35 | Y62: =+IFERROR(IF(COUNT(X62),ROUND(SUM(X62)/SUM(L62)*100,2),""),0) | AH62: 1317032 | AI62: 0 | AJ62: 0 | AK62: 0 | AP62: Investor Education | AZ62: Investor education and protection fund [Member] | BF62: Investor Education | BH62: DetailsOfSharesHeldByInvestorEducationAndProtectionFundDomain | BN62: DetailsOfSharesHeldByInvestorEducationAndProtectionFundAxis
E63: (g) | F63: Resident Individuals holding nominal share capital up to Rs. 2 lakhs | H63: 25808 | I63: 14007576 | L63: =+IFERROR(IF(COUNT(I63:K63),ROUND(SUM(I63:K63),0),""),"") -> 14007576 | M63: =+IFERROR(IF(COUNT(L63),ROUND(L63/'Shareholding Pattern'!$L$78*100,2),""),"") -> 25 | N63: =IF(I63="","",I63) -> 14007576 | P63: =+IFERROR(IF(COUNT(N63:O63),ROUND(SUM(N63:O63),0),""),"") -> 14007576 | Q63: =+IFERROR(IF(COUNT(P63),ROUND(P63/'Shareholding Pattern'!$P$79*100,2),""),"") -> 25 | U63: =+IFERROR(IF(COUNT(R63:T63),ROUND(SUM(R63:T63),0),""),"") | V63: =+IFERROR(IF(COUNT(L63,U63),ROUND(SUM(L63,U63),0),""),"") -> 14007576 | W63: =+IFERROR(IF(COUNT(L63,U63),ROUND(SUM(L63,U63)/SUM('Shareholding Pattern'!$L$78,'Shareholding Pattern'!$U$78)*100,2),""),"") -> 25 | Y63: =+IFERROR(IF(COUNT(X63),ROUND(SUM(X63)/SUM(L63)*100,2),""),0) | AH63: 12437364 | AI63: 0 | AJ63: 0 | AK63: 0 | AP63: Indivisual(aI) | AZ63: Resident individual shareholders holding nominal share capital up to rs two lakh [Member] | BF63: Indivisual(aI) | BH63: DetailsOfSharesHeldByResidentIndividualShareholdersHoldingNominalShareCapitalUpToRsTwoLakhDomain | BN63: DetailsOfSharesHeldByResidentIndividualShareholdersHoldingNominalShareCapitalUpToRsTwoLakhAxis
E64: (h) | F64: Resident Individuals holding nominal share capital in excess of Rs. 2 lakhs | L64: =+IFERROR(IF(COUNT(I64:K64),ROUND(SUM(I64:K64),0),""),"") | M64: =+IFERROR(IF(COUNT(L64),ROUND(L64/'Shareholding Pattern'!$L$78*100,2),""),"") | N64: =IF(I64="","",I64) | P64: =+IFERROR(IF(COUNT(N64:O64),ROUND(SUM(N64:O64),0),""),"") | Q64: =+IFERROR(IF(COUNT(P64),ROUND(P64/'Shareholding Pattern'!$P$79*100,2),""),"") | U64: =+IFERROR(IF(COUNT(R64:T64),ROUND(SUM(R64:T64),0),""),"") | V64: =+IFERROR(IF(COUNT(L64,U64),ROUND(SUM(L64,U64),0),""),"") | W64: =+IFERROR(IF(COUNT(L64,U64),ROUND(SUM(L64,U64)/SUM('Shareholding Pattern'!$L$78,'Shareholding Pattern'!$U$78)*100,2),""),"") | Y64: =+IFERROR(IF(COUNT(X64),ROUND(SUM(X64)/SUM(L64)*100,2),""),0) | AP64: Indivisual(aII) | AZ64: Resident individual shareholders holding nominal share capital in excess of rs two lakh [Member] | BF64: Indivisual(aII) | BH64: DetailsOfSharesHeldByResidentIndividualShareholdersHoldingNominalShareCapitalInExcessOfRsTwoLakhDomain | BN64: DetailsOfSharesHeldByResidentIndividualShareholdersHoldingNominalShareCapitalInExcessOfRsTwoLakhAxis
E65: (i) | F65: Non Resident Indians (NRIs) | H65: 448 | I65: 665423 | L65: =+IFERROR(IF(COUNT(I65:K65),ROUND(SUM(I65:K65),0),""),"") -> 665423 | M65: =+IFERROR(IF(COUNT(L65),ROUND(L65/'Shareholding Pattern'!$L$78*100,2),""),"") -> 1.19 | N65: =IF(I65="","",I65) -> 665423 | P65: =+IFERROR(IF(COUNT(N65:O65),ROUND(SUM(N65:O65),0),""),"") -> 665423 | Q65: =+IFERROR(IF(COUNT(P65),ROUND(P65/'Shareholding Pattern'!$P$79*100,2),""),"") -> 1.19 | U65: =+IFERROR(IF(COUNT(R65:T65),ROUND(SUM(R65:T65),0),""),"") | V65: =+IFERROR(IF(COUNT(L65,U65),ROUND(SUM(L65,U65),0),""),"") -> 665423 | W65: =+IFERROR(IF(COUNT(L65,U65),ROUND(SUM(L65,U65)/SUM('Shareholding Pattern'!$L$78,'Shareholding Pattern'!$U$78)*100,2),""),"") -> 1.19 | Y65: =+IFERROR(IF(COUNT(X65),ROUND(SUM(X65)/SUM(L65)*100,2),""),0) | AH65: 665423 | AI65: 0 | AJ65: 0 | AK65: 0 | AP65: Non Resident Indians (NRIs) | AZ65: Non resident indians [Member] | BF65: Non Resident Indians (NRIs) | BH65: DetailsOfSharesHeldByNonResidentIndiansDomain | BN65: DetailsOfSharesHeldByNonResidentIndiansAxis
E66: (j) | F66: Foreign Nationals | L66: =+IFERROR(IF(COUNT(I66:K66),ROUND(SUM(I66:K66),0),""),"") | M66: =+IFERROR(IF(COUNT(L66),ROUND(L66/'Shareholding Pattern'!$L$78*100,2),""),"") | N66: =IF(I66="","",I66) | P66: =+IFERROR(IF(COUNT(N66:O66),ROUND(SUM(N66:O66),0),""),"") | Q66: =+IFERROR(IF(COUNT(P66),ROUND(P66/'Shareholding Pattern'!$P$79*100,2),""),"") | U66: =+IFERROR(IF(COUNT(R66:T66),ROUND(SUM(R66:T66),0),""),"") | V66: =+IFERROR(IF(COUNT(L66,U66),ROUND(SUM(L66,U66),0),""),"") | W66: =+IFERROR(IF(COUNT(L66,U66),ROUND(SUM(L66,U66)/SUM('Shareholding Pattern'!$L$78,'Shareholding Pattern'!$U$78)*100,2),""),"") | Y66: =+IFERROR(IF(COUNT(X66),ROUND(SUM(X66)/SUM(L66)*100,2),""),0) | AP66: Foreign Nationals | AZ66: Foreign nationals [Member] | BF66: Foreign Nationals | BH66: DetailsOfSharesHeldByForeignNationalsDomain | BN66: DetailsOfSharesHeldByForeignNationalsAxis
E67: (k) | F67: Foreign Companies | L67: =+IFERROR(IF(COUNT(I67:K67),ROUND(SUM(I67:K67),0),""),"") | M67: =+IFERROR(IF(COUNT(L67),ROUND(L67/'Shareholding Pattern'!$L$78*100,2),""),"") | N67: =IF(I67="","",I67) | P67: =+IFERROR(IF(COUNT(N67:O67),ROUND(SUM(N67:O67),0),""),"") | Q67: =+IFERROR(IF(COUNT(P67),ROUND(P67/'Shareholding Pattern'!$P$79*100,2),""),"") | U67: =+IFERROR(IF(COUNT(R67:T67),ROUND(SUM(R67:T67),0),""),"") | V67: =+IFERROR(IF(COUNT(L67,U67),ROUND(SUM(L67,U67),0),""),"") | W67: =+IFERROR(IF(COUNT(L67,U67),ROUND(SUM(L67,U67)/SUM('Shareholding Pattern'!$L$78,'Shareholding Pattern'!$U$78)*100,2),""),"") | Y67: =+IFERROR(IF(COUNT(X67),ROUND(SUM(X67)/SUM(L67)*100,2),""),0) | AP67: Foreign Companies | AZ67: Foreign companies [Member] | BF67: Foreign Companies | BH67: DetailsOfSharesHeldByForeignCompaniesDomain | BN67: DetailsOfSharesHeldByForeignCompaniesAxis
E68: (l) | F68: Bodies Corporate | H68: 156 | I68: 843053 | L68: =+IFERROR(IF(COUNT(I68:K68),ROUND(SUM(I68:K68),0),""),"") -> 843053 | M68: =+IFERROR(IF(COUNT(L68),ROUND(L68/'Shareholding Pattern'!$L$78*100,2),""),"") -> 1.5 | N68: =IF(I68="","",I68) -> 843053 | P68: =+IFERROR(IF(COUNT(N68:O68),ROUND(SUM(N68:O68),0),""),"") -> 843053 | Q68: =+IFERROR(IF(COUNT(P68),ROUND(P68/'Shareholding Pattern'!$P$79*100,2),""),"") -> 1.5 | U68: =+IFERROR(IF(COUNT(R68:T68),ROUND(SUM(R68:T68),0),""),"") | V68: =+IFERROR(IF(COUNT(L68,U68),ROUND(SUM(L68,U68),0),""),"") -> 843053 | W68: =+IFERROR(IF(COUNT(L68,U68),ROUND(SUM(L68,U68)/SUM('Shareholding Pattern'!$L$78,'Shareholding Pattern'!$U$78)*100,2),""),"") -> 1.5 | Y68: =+IFERROR(IF(COUNT(X68),ROUND(SUM(X68)/SUM(L68)*100,2),""),0) | AH68: 843041 | AI68: 0 | AJ68: 0 | AK68: 0 | AP68: Bodies Corporate | AZ68: Bodies corporate [Member] | BF68: Bodies Corporate | BH68: DetailsOfSharesHeldByBodiesCorporateDomain | BN68: DetailsOfSharesHeldByBodiesCorporateAxis
E69: (m) | F69: Any Other (specify) | H69: 438 | I69: 595915 | L69: =+IFERROR(IF(COUNT(I69:K69),ROUND(SUM(I69:K69),0),""),"") -> 595915 | M69: =+IFERROR(IF(COUNT(L69),ROUND(L69/'Shareholding Pattern'!$L$78*100,2),""),"") -> 1.06 | N69: =IF(I69="","",I69) -> 595915 | P69: =+IFERROR(IF(COUNT(N69:O69),ROUND(SUM(N69:O69),0),""),"") -> 595915 | Q69: =+IFERROR(IF(COUNT(P69),ROUND(P69/'Shareholding Pattern'!$P$79*100,2),""),"") -> 1.06 | U69: =+IFERROR(IF(COUNT(R69:T69),ROUND(SUM(R69:T69),0),""),"") | V69: =+IFERROR(IF(COUNT(L69,U69),ROUND(SUM(L69,U69),0),""),"") -> 595915 | W69: =+IFERROR(IF(COUNT(L69,U69),ROUND(SUM(L69,U69)/SUM('Shareholding Pattern'!$L$78,'Shareholding Pattern'!$U$78)*100,2),""),"") -> 1.06 | Y69: =+IFERROR(IF(COUNT(X69),ROUND(SUM(X69)/SUM(L69)*100,2),""),0) | AH69: 594715 | AI69: 0 | AJ69: 0 | AK69: 0 | AP69: Other_NonInsti | AZ69: Other non-institutions [Member] | BF69: Other_NonInsti | BH69: OtherNonInstitutionsDomain | BN69: DetailsOfSharesHeldByOtherNonInstitutionsAxis
E70: Sub-Total (B)(4) | H70: =+IFERROR(IF(COUNT(H57:H69),ROUND(SUM(H57:H69),0),""),"") -> 26852 | I70: =+IFERROR(IF(COUNT(I57:I69),ROUND(SUM(I57:I69),0),""),"") -> 17433249 | J70: =+IFERROR(IF(COUNT(J57:J69),ROUND(SUM(J57:J69),0),""),"") | K70: =+IFERROR(IF(COUNT(K57:K69),ROUND(SUM(K57:K69),0),""),"") | L70: =+IFERROR(IF(COUNT(I70:K70),ROUND(SUM(I70:K70),0),""),"") -> 17433249 | M70: =+IFERROR(IF(COUNT(L70),ROUND(L70/'Shareholding Pattern'!$L$78*100,2),""),"") -> 31.11 | N70: =+IFERROR(IF(COUNT(N57:N69),ROUND(SUM(N57:N69),0),""),"") -> 17433249 | O70: =+IFERROR(IF(COUNT(O57:O69),ROUND(SUM(O57:O69),0),""),"") | P70: =+IFERROR(IF(COUNT(N70:O70),ROUND(SUM(N70:O70),0),""),"") -> 17433249 | Q70: =+IFERROR(IF(COUNT(P70),ROUND(P70/'Shareholding Pattern'!$P$79*100,2),""),"") -> 31.11 | R70: =+IFERROR(IF(COUNT(R57:R69),ROUND(SUM(R57:R69),0),""),"") | S70: =+IFERROR(IF(COUNT(S57:S69),ROUND(SUM(S57:S69),0),""),"") | T70: =+IFERROR(IF(COUNT(T57:T69),ROUND(SUM(T57:T69),0),""),"") | U70: =+IFERROR(IF(COUNT(R70:T70),ROUND(SUM(R70:T70),0),""),"") | V70: =+IFERROR(IF(COUNT(L70,U70),ROUND(SUM(L70,U70),0),""),"") -> 17433249 | W70: =+IFERROR(IF(COUNT(L70,U70),ROUND(SUM(L70,U70)/SUM('Shareholding Pattern'!$L$78,'Shareholding Pattern'!$U$78)*100,2),""),"") -> 31.11 | X70: =+IFERROR(IF(COUNT(X57:X69),ROUND(SUM(X57:X69),0),""),"") | Y70: =+IFERROR(IF(COUNT(X70),ROUND(SUM(X70)/SUM(L70)*100,2),""),0) | AH70: =+IFERROR(IF(COUNT(AH57:AH69),ROUND(SUM(AH57:AH69),0),""),"") -> 15861825 | AI70: =+IFERROR(IF(COUNT(AI57:AI69),ROUND(SUM(AI57:AI69),0),""),"") -> 0 | AJ70: =+IFERROR(IF(COUNT(AJ57:AJ69),ROUND(SUM(AJ57:AJ69),0),""),"") -> 0 | AK70: =+IFERROR(IF(COUNT(AK57:AK69),ROUND(SUM(AK57:AK69),0),""),"") -> 0 | AZ70: Non-institutions [Member]
E71: Total Public Shareholding (B)=(B)(1)+(B)(2)+(B)(3)+(B)(4) | H71: =+IFERROR(IF(COUNT(H41,H50,H55,H70),ROUND(SUM(H41,H50,H55,H70),0),""),"") -> 26855 | I71: =+IFERROR(IF(COUNT(I41,I50,I55,I70),ROUND(SUM(I41,I50,I55,I70),0),""),"") -> 17684826 | J71: =+IFERROR(IF(COUNT(J41,J50,J55,J70),ROUND(SUM(J41,J50,J55,J70),0),""),"") | K71: =+IFERROR(IF(COUNT(K41,K50,K55,K70),ROUND(SUM(K41,K50,K55,K70),0),""),"") | L71: =+IFERROR(IF(COUNT(I71:K71),ROUND(SUM(I71:K71),0),""),"") -> 17684826 | M71: =+IFERROR(IF(COUNT(L71),ROUND(L71/'Shareholding Pattern'!$L$78*100,2),""),"") -> 31.56 | N71: =+IFERROR(IF(COUNT(N41,N50,N55,N70),ROUND(SUM(N41,N50,N55,N70),0),""),"") -> 17684826 | O71: =+IFERROR(IF(COUNT(O41,O50,O55,O70),ROUND(SUM(O41,O50,O55,O70),0),""),"") | P71: =+IFERROR(IF(COUNT(P41,P50,P55,P70),ROUND(SUM(P41,P50,P55,P70),0),""),"") -> 17684826 | Q71: =+IFERROR(IF(COUNT(P71),ROUND(P71/'Shareholding Pattern'!$P$79*100,2),""),"") -> 31.56 | R71: =+IFERROR(IF(COUNT(R41,R50,R55,R70),ROUND(SUM(R41,R50,R55,R70),0),""),"") | S71: =+IFERROR(IF(COUNT(S41,S50,S55,S70),ROUND(SUM(S41,S50,S55,S70),0),""),"") | T71: =+IFERROR(IF(COUNT(T41,T50,T55,T70),ROUND(SUM(T41,T50,T55,T70),0),""),"") | U71: =+IFERROR(IF(COUNT(R71:T71),ROUND(SUM(R71:T71),0),""),"") | V71: =+IFERROR(IF(COUNT(L71,U71),ROUND(SUM(L71,U71),0),""),"") -> 17684826 | W71: =+IFERROR(IF(COUNT(L71,U71),ROUND(SUM(L71,U71)/SUM('Shareholding Pattern'!$L$78,'Shareholding Pattern'!$U$78)*100,2),""),"") -> 31.56 | X71: =+IFERROR(IF(COUNT(X41,X50,X55,X70),ROUND(SUM(X41,X50,X55,X70),0),""),"") | Y71: =+IFERROR(IF(COUNT(X71),ROUND(SUM(X71)/SUM(L71)*100,2),""),0) | AH71: =+IFERROR(IF(COUNT(AH41,AH50,AH55,AH70),ROUND(SUM(AH41,AH50,AH55,AH70),0),""),"") -> 16113402 | AI71: =+IFERROR(IF(COUNT(AI41,AI50,AI55,AI70),ROUND(SUM(AI41,AI50,AI55,AI70),0),""),"") -> 0 | AJ71: =+IFERROR(IF(COUNT(AJ41,AJ50,AJ55,AJ70),ROUND(SUM(AJ41,AJ50,AJ55,AJ70),0),""),"") -> 0 | AK71: =+IFERROR(IF(COUNT(AK41,AK50,AK55,AK70),ROUND(SUM(AK41,AK50,AK55,AK70),0),""),"") -> 0 | AZ71: Public shareholding [Member]
F72: Details of the shareholders acting as persons in Concert for Public
F73: Details of Shares which remain unclaimed for Public
E74: C | F74: Table IV - Statement showing shareholding pattern of the Non Promoter- Non Public shareholder
E75: ( 1 ) | F75: Custodian/DR Holder - Name of DR Holders (If Available) | L75: =+IFERROR(IF(COUNT(I75:K75),ROUND(SUM(I75:K75),2),""),"") | N75: =IF(I75="","",I75) | P75: =+IFERROR(IF(COUNT(N75:O75),ROUND(SUM(N75:O75),2),""),"") | Q75: =+IFERROR(IF(COUNT(P75),ROUND(P75/'Shareholding Pattern'!$P$79*100,2),""),"") | U75: =+IFERROR(IF(COUNT(R75:T75),ROUND(SUM(R75:T75),0),""),"") | V75: =+IFERROR(IF(COUNT(L75,U75),ROUND(SUM(L75,U75),0),""),"") | Y75: =+IFERROR(IF(COUNT(X75),ROUND(SUM(X75)/SUM(L75)*100,2),""),0) | AP75: DRHolder | AZ75: Custodian or DR holder [Member] | BF75: DRHolder | BH75: CustodianOrDRHolderDomain | BN75: DetailsOfSharesHeldByCustodianOrDRHolderAxis
E76: ( 2 ) | F76: Employee Benefit Trust / Employee Welfare Trust under SEBI (Share Based Employee Benefits and Sweat Equity) Regulations, 2021 | L76: =+IFERROR(IF(COUNT(I76:K76),ROUND(SUM(I76:K76),2),""),"") | M76: =+IFERROR(IF(COUNT(L76),ROUND(L76/'Shareholding Pattern'!$L$78*100,2),""),"") | N76: =IF(I76="","",I76) | P76: =+IFERROR(IF(COUNT(N76:O76),ROUND(SUM(N76:O76),2),""),"") | Q76: =+IFERROR(IF(COUNT(P76),ROUND(P76/'Shareholding Pattern'!$P$79*100,2),""),"") | U76: =+IFERROR(IF(COUNT(R76:T76),ROUND(SUM(R76:T76),0),""),"") | V76: =+IFERROR(IF(COUNT(L76,U76),ROUND(SUM(L76,U76),0),""),"") | W76: =+IFERROR(IF(COUNT(L76,U76),ROUND(SUM(L76,U76)/SUM('Shareholding Pattern'!$L$78,'Shareholding Pattern'!$U$78)*100,2),""),"") | Y76: =+IFERROR(IF(COUNT(X76),ROUND(SUM(X76)/SUM(L76)*100,2),""),0) | AP76: EBT | AZ76: Employee benefits trusts [Member] | BF76: EBT | BH76: EmployeeBenefitsTrustsDomain | BN76: DetailsOfSharesHeldByEmployeeBenefitsTrustsAxis
E77: Total NonPromoter- Non Public Shareholding (C)= (C)(1)+(C)(2) | H77: =IFERROR(IF(COUNT(H75:H76),ROUND(SUM(H75:H76),0),""),"") | I77: =IFERROR(IF(COUNT(I75:I76),ROUND(SUM(I75:I76),0),""),"") | J77: =IFERROR(IF(COUNT(J75:J76),ROUND(SUM(J75:J76),0),""),"") | K77: =IFERROR(IF(COUNT(K75:K76),ROUND(SUM(K75:K76),0),""),"") | L77: =IFERROR(IF(COUNT(L75:L76),ROUND(SUM(L75:L76),0),""),"") | N77: =IFERROR(IF(COUNT(N75:N76),ROUND(SUM(N75:N76),0),""),"") | O77: =IFERROR(IF(COUNT(O75:O76),ROUND(SUM(O75:O76),0),""),"") | P77: =IFERROR(IF(COUNT(P75:P76),ROUND(SUM(P75:P76),0),""),"") | Q77: =+IFERROR(IF(COUNT(P77),ROUND(P77/'Shareholding Pattern'!$P$79*100,2),""),"") | R77: =IFERROR(IF(COUNT(R75:R76),ROUND(SUM(R75:R76),0),""),"") | S77: =IFERROR(IF(COUNT(S75:S76),ROUND(SUM(S75:S76),0),""),"") | T77: =IFERROR(IF(COUNT(T75:T76),ROUND(SUM(T75:T76),0),""),"") | U77: =IFERROR(IF(COUNT(U75:U76),ROUND(SUM(U75:U76),0),""),"") | V77: =+IFERROR(IF(COUNT(L77,U77),ROUND(SUM(L77,U77),0),""),"") | X77: =IFERROR(IF(COUNT(X75:X76),ROUND(SUM(X75:X76),0),""),"") | Y77: =+IFERROR(IF(COUNT(X77),ROUND(SUM(X77)/SUM(L77)*100,2),""),0) | AH77: =IFERROR(IF(COUNT(AH75:AH76),ROUND(SUM(AH75:AH76),0),""),"") | AZ77: Shares held by non-promoter non-public shareholders [Member]
E78: Total ( A+B+C2 ) | H78: =+IFERROR(IF(COUNT(H26,H71,H76),ROUND(SUM(H26,H71,H76),0),""),"") -> 26860 | I78: =+IFERROR(IF(COUNT(I26,I71,I76),ROUND(SUM(I26,I71,I76),0),""),"") -> 56040000 | J78: =+IFERROR(IF(COUNT(J26,J71,J76),ROUND(SUM(J26,J71,J76),0),""),"") | K78: =+IFERROR(IF(COUNT(K26,K71,K76),ROUND(SUM(K26,K71,K76),0),""),"") | L78: =+IFERROR(IF(COUNT(L26,L71,L76),ROUND(SUM(L26,L71,L76),0),""),"") -> 56040000 | M78: =+IFERROR(IF(COUNT(L78),ROUND(L78/'Shareholding Pattern'!$L$78*100,2),""),0) -> 100 | N78: =+IFERROR(IF(COUNT(N26,N71,N76),ROUND(SUM(N26,N71,N76),0),""),"") -> 56040000 | O78: =+IFERROR(IF(COUNT(O26,O71,O76),ROUND(SUM(O26,O71,O76),0),""),"") | P78: =+IFERROR(IF(COUNT(P26,P71,P76),ROUND(SUM(P26,P71,P76),0),""),"") -> 56040000 | Q78: =+IFERROR(IF(COUNT(P78),ROUND(P78/'Shareholding Pattern'!$P$79*100,2),""),0) -> 100 | R78: =+IFERROR(IF(COUNT(R26,R71,R76),ROUND(SUM(R26,R71,R76),0),""),"") | S78: =+IFERROR(IF(COUNT(S26,S71,S76),ROUND(SUM(S26,S71,S76),0),""),"") | T78: =+IFERROR(IF(COUNT(T26,T71,T76),ROUND(SUM(T26,T71,T76),0),""),"") | U78: =+IFERROR(IF(COUNT(U26,U71,U76),ROUND(SUM(U26,U71,U76),0),""),"") | V78: =+IFERROR(IF(COUNT(V26,V71,V76),ROUND(SUM(V26,V71,V76),0),""),"") -> 56040000 | W78: =+IFERROR(IF(COUNT(L78,U78),ROUND(SUM(L78,U78)/SUM('Shareholding Pattern'!$L$78,'Shareholding Pattern'!$U$78)*100,2),""),0) -> 100 | X78: =+IFERROR(IF(COUNT(X26,X71,X76),ROUND(SUM(X26,X71,X76),0),""),"") | Y78: =+IFERROR(IF(COUNT(X78),ROUND(SUM(X78)/SUM(L78)*100,2),""),0) | AH78: =+IFERROR(IF(COUNT(AH26,AH71,AH76),ROUND(SUM(AH26,AH71,AH76),0),""),"") -> 54468576 | AI78: =+IFERROR(IF(COUNT(AI71),ROUND(SUM(AI71),0),""),"") -> 0 | AJ78: =+IFERROR(IF(COUNT(AJ71),ROUND(SUM(AJ71),0),""),"") -> 0 | AK78: =+IFERROR(IF(COUNT(AK71),ROUND(SUM(AK71),0),""),"") -> 0
E79: Total (A+B+C ) | H79: =+IFERROR(IF(COUNT(H26,H71,H77),ROUND(SUM(H26,H71,H77),0),""),"") -> 26860 | I79: =+IFERROR(IF(COUNT(I26,I71,I77),ROUND(SUM(I26,I71,I77),0),""),"") -> 56040000 | J79: =+IFERROR(IF(COUNT(J26,J71,J77),ROUND(SUM(J26,J71,J77),0),""),"") | K79: =+IFERROR(IF(COUNT(K26,K71,K77),ROUND(SUM(K26,K71,K77),0),""),"") | L79: =+IFERROR(IF(COUNT(L26,L71,L77),ROUND(SUM(L26,L71,L77),0),""),"") -> 56040000 | M79: =+IFERROR(IF(COUNT(L78),ROUND(L78/'Shareholding Pattern'!$L$78*100,2),""),"") -> 100 | N79: =+IFERROR(IF(COUNT(N26,N71,N77),ROUND(SUM(N26,N71,N77),0),""),"") -> 56040000 | O79: =+IFERROR(IF(COUNT(O26,O71,O77),ROUND(SUM(O26,O71,O77),0),""),"") | P79: =+IFERROR(IF(COUNT(P26,P71,P77),ROUND(SUM(P26,P71,P77),0),""),"") -> 56040000 | Q79: =+IFERROR(IF(COUNT(P79),ROUND(P79/'Shareholding Pattern'!$P$79*100,2),""),"") -> 100 | R79: =+IFERROR(IF(COUNT(R26,R71,R77),ROUND(SUM(R26,R71,R77),0),""),"") | S79: =+IFERROR(IF(COUNT(S26,S71,S77),ROUND(SUM(S26,S71,S77),0),""),"") | T79: =+IFERROR(IF(COUNT(T26,T71,T77),ROUND(SUM(T26,T71,T77),0),""),"") | U79: =+IFERROR(IF(COUNT(U26,U71,U77),ROUND(SUM(U26,U71,U77),0),""),"") | V79: =+IFERROR(IF(COUNT(V26,V71,V77),ROUND(SUM(V26,V71,V77),0),""),"") -> 56040000 | W79: =+IFERROR(IF(COUNT(W26,W71,W76),ROUND(SUM(W26,W71,W76),2),""),"") -> 100 | X79: =+IFERROR(IF(COUNT(X26,X71,X77),ROUND(SUM(X26,X71,X77),0),""),"") | Y79: =+IFERROR(IF(COUNT(X79),ROUND(SUM(X79)/SUM(L79)*100,2),""),0) | Z79: =+IFERROR(IF(COUNT(Z26),ROUND(SUM(Z26),0),""),"") | AA79: =+IFERROR(IF(COUNT(Z79),ROUND(SUM(Z79)/SUM(L79)*100,2),""),0) | AB79: =+IFERROR(IF(COUNT(AB26),ROUND(SUM(AB26),0),""),"") | AC79: =+IFERROR(IF(COUNT(AB79),ROUND(SUM(AB79)/SUM(L79)*100,2),""),0) | AD79: =+IFERROR(IF(COUNT(AD26),ROUND(SUM(AD26),0),""),"") | AE79: =+IFERROR(IF(COUNT(AD79),ROUND(SUM(AD79)/SUM(L79)*100,2),""),0) | AF79: =+IFERROR(IF(COUNT(AF26),ROUND(SUM(AF26),0),""),"") | AG79: =+IFERROR(IF(COUNT(AF79),ROUND(SUM(AF79)/SUM(L79)*100,2),""),0) | AH79: =+IFERROR(IF(COUNT(AH26,AH71,AH77),ROUND(SUM(AH26,AH71,AH77),0),""),"") -> 54468576 | AI79: =+IFERROR(IF(COUNT(AI71),ROUND(SUM(AI71),0),""),"") -> 0 | AJ79: =+IFERROR(IF(COUNT(AJ71),ROUND(SUM(AJ71),0),""),"") -> 0 | AK79: =+IFERROR(IF(COUNT(AK71),ROUND(SUM(AK71),0),""),"") -> 0 | AZ79: Shareholding pattern [Member]
E80: Disclosure of notes on shareholding pattern
E81: Disclosure of notes in case of promoter holding in dematerialsed form is less than 100 percentage
E82: Disclosure of notes in case of public share holding is less than 25 percentage
E83: Disclosure of notes on shareholding pattern for company remarks explanatory

Sheet IndHUF
I1: 4
F2: Name of shareholder | G2: Permanent account number of shareholder | H2: Number of fully paid up equity shares | I2: Number of partly paid-up equity shares | J2: Number of shares underlying outstanding depository receipts | K2: Total number of shares | L2: Shareholding as a percentage of total number of shares held by promoters and public shareholders and custodians or DR holders | M2: Number of voting rights held by same class of securities | N2: Number of voting rights held by differential voting rights | O2: Total Number of voting rights | P2: Percentage of total number of voting rights | Q2: Number of shares underlying outstanding convertible securities | R2: Number of shares underlying outstanding warrants | S2: Number Of Outstanding ESOP Granted | T2: Total Number of shares underlying outstanding convertible securities, warrants and ESOP | U2: Total number of shares on fully diluted basis including warrants, ESOP and convertible securities | V2: Total shareholding as a percentage assuming full conversion of convertible securities, warrants and ESOP | W2: Number of the locked-in-shares | X2: Locked-in-shares as a percentage of total number of shares | Y2: Number of shares encumbered under pledged | Z2: Encumbered share under pledged as percentage of total number of shares | AA2: Number of shares encumbered under non disposal undertaking | AB2: Encumbered share under non disposal undertaking as percentage of total number of shares | AC2: Number of shares encumbered under other encumbrances | AD2: Encumbered share under other encumbrances as percentage of total number of shares | AE2: Total number of shares encumbered | AF2: Encumbered shares held as percentage of total number of shares | AG2: Number of equity shares held in dematerialized form | AH2: Reason for not providing PAN | AI2: Shareholder type | AZ2: Promoter | BA2: Promoter Group
E9: Sr. No. | F9: Name of the Shareholders (I) | G9: PAN (II) | H9: No. of fully paid up equity shares held (IV) | I9: No. Of Partly paid-up equity shares held (V) | J9: No. Of shares underlying Depository Receipts (VI) | K9: Total nos. shares held (VII) = (IV)+(V)+ (VI) | L9: Shareholding as a % of total no. of shares (calculated as per SCRR, 1957) (VIII) As a % of (A+B+C2) | M9: Number of Voting Rights held in each class of securities (IX) | Q9: No. Of Shares Underlying Outstanding convertible securities (XA) | R9: No. of Shares Underlying Outstanding Warrants (XB) | S9: No. Of Outstanding ESOP Granted (XC) | T9: No. of Shares Underlying Outstanding convertible securities, No. of Warrants and ESOP etc. (X) = (XA+XB+XC) | U9: Total No. of shares on fully diluted basis (including warrants and Convertible Securities etc.) (XI)=(VII+X) | V9: Shareholding , as a % assuming full conversion of convertible securities ( as a percentage of diluted share capital) (XII)= (VII)+(X) As a % of (A+B+C2) | W9: Number of Locked in shares (XIII) | Y9: Number of Shares pledged (XIV) | AA9: Non-Disposal Undertaking (XV) | AC9: Other encumbrances, if any (XVI) | AE9: Total Number of Shares encumbered (XVII) = (XIV+XV+XVI) | AG9: Number of equity shares held in dematerialized form (XVIII) | AH9: Reason for not providing PAN | AI9: Shareholder type
M10: No of Voting (XIV) Rights | P10: Total as a % of Total Voting rights
M11: Class eg:X | N11: Class eg:Y | O11: Total | W11: No. (a) | X11: As a % of total Shares held (b) | Y11: No. (a) | Z11: As a % of total Shares held (b) | AA11: No. (a) | AB11: As a % of total Shares held (b) | AC11: No. (a) | AD11: As a % of total Shares held (b) | AE11: No. (a) | AF11: As a % of total Shares held (b)
E12: A1(a) | F12: Individuals/Hindu undivided Family
K13: =+IFERROR(IF(COUNT(H13:J13),ROUND(SUM(H13:J13),0),""),"") | L13: =+IFERROR(IF(COUNT(K13),ROUND(K13/'Shareholding Pattern'!$L$78*100,2),""),0) | M13: =IF(H13="","",H13) | O13: =+IFERROR(IF(COUNT(M13:N13),ROUND(SUM(M13,N13),2),""),"") | P13: =+IFERROR(IF(COUNT(O13),ROUND(O13/('Shareholding Pattern'!$P$79)*100,2),""),0) | T13: =+IFERROR(IF(COUNT(Q13:S13),ROUND(SUM(Q13:S13),0),""),"") | U13: =+IFERROR(IF(COUNT(K13,T13),ROUND(SUM(K13,T13),0),""),"") | V13: =+IFERROR(IF(COUNT(K13,T13),ROUND(SUM(T13,K13)/SUM('Shareholding Pattern'!$L$78,'Shareholding Pattern'!$U$78)*100,2),""),0) | X13: =+IFERROR(IF(COUNT(W13),ROUND(SUM(W13)/SUM(K13)*100,2),""),0) | Z13: =+IFERROR(IF(COUNT(Y13),ROUND(SUM(Y13)/SUM(K13)*100,2),""),0) | AB13: =+IFERROR(IF(COUNT(AA13),ROUND(SUM(AA13)/SUM(K13)*100,2),""),0) | AD13: =+IFERROR(IF(COUNT(AC13),ROUND(SUM(AC13)/SUM(K13)*100,2),""),0) | AE13: =+IFERROR(IF(COUNT(Y13,AA13,AC13),ROUND(SUM(Y13,AA13,AC13),0),""),"") | AF13: =+IFERROR(IF(COUNT(AE13),ROUND(SUM(AE13)/SUM(K13)*100,2),""),0) | AK13: =IF(SUM(K13)>0,1,0) -> 0 | AL13: =IF(COUNT(K13:$K$15004)=0,"",SUM(AK1:AK65536)) -> 4
E15: 1 | F15: Nitin Ram Menon | G15: ABJPM0483D | H15: 15443454 | K15: =+IFERROR(IF(COUNT(H15:J15),ROUND(SUM(H15:J15),0),""),"") -> 15443454 | L15: =+IFERROR(IF(COUNT(K15),ROUND(K15/'Shareholding Pattern'!$L$78*100,2),""),0) -> 27.56 | M15: =IF(H15="","",H15) -> 15443454 | O15: =+IFERROR(IF(COUNT(M15:N15),ROUND(SUM(M15,N15),2),""),"") -> 15443454 | P15: =+IFERROR(IF(COUNT(O15),ROUND(O15/('Shareholding Pattern'!$P$79)*100,2),""),0) -> 27.56 | T15: =+IFERROR(IF(COUNT(Q15:S15),ROUND(SUM(Q15:S15),0),""),"") | U15: =+IFERROR(IF(COUNT(K15,T15),ROUND(SUM(K15,T15),0),""),"") -> 15443454 | V15: =+IFERROR(IF(COUNT(K15,T15),ROUND(SUM(T15,K15)/SUM('Shareholding Pattern'!$L$78,'Shareholding Pattern'!$U$78)*100,2),""),0) -> 27.56 | X15: =+IFERROR(IF(COUNT(W15),ROUND(SUM(W15)/SUM(K15)*100,2),""),0) | Z15: =+IFERROR(IF(COUNT(Y15),ROUND(SUM(Y15)/SUM(K15)*100,2),""),0) | AB15: =+IFERROR(IF(COUNT(AA15),ROUND(SUM(AA15)/SUM(K15)*100,2),""),0) | AD15: =+IFERROR(IF(COUNT(AC15),ROUND(SUM(AC15)/SUM(K15)*100,2),""),0) | AE15: =+IFERROR(IF(COUNT(Y15,AA15,AC15),ROUND(SUM(Y15,AA15,AC15),0),""),"") | AF15: =+IFERROR(IF(COUNT(AE15),ROUND(SUM(AE15)/SUM(K15)*100,2),""),0) | AG15: 15443454 | AI15: Promoter | AK15: =IF(SUM(K15)>0,1,0) -> 1
E16: 2 | F16: Aditya Nitin Menon | G16: BJVPM3756Q | H16: 3244978 | K16: =+IFERROR(IF(COUNT(H16:J16),ROUND(SUM(H16:J16),0),""),"") -> 3244978 | L16: =+IFERROR(IF(COUNT(K16),ROUND(K16/'Shareholding Pattern'!$L$78*100,2),""),0) -> 5.79 | M16: =IF(H16="","",H16) -> 3244978 | O16: =+IFERROR(IF(COUNT(M16:N16),ROUND(SUM(M16,N16),2),""),"") -> 3244978 | P16: =+IFERROR(IF(COUNT(O16),ROUND(O16/('Shareholding Pattern'!$P$79)*100,2),""),0) -> 5.79 | T16: =+IFERROR(IF(COUNT(Q16:S16),ROUND(SUM(Q16:S16),0),""),"") | U16: =+IFERROR(IF(COUNT(K16,T16),ROUND(SUM(K16,T16),0),""),"") -> 3244978 | V16: =+IFERROR(IF(COUNT(K16,T16),ROUND(SUM(T16,K16)/SUM('Shareholding Pattern'!$L$78,'Shareholding Pattern'!$U$78)*100,2),""),0) -> 5.79 | X16: =+IFERROR(IF(COUNT(W16),ROUND(SUM(W16)/SUM(K16)*100,2),""),0) | Z16: =+IFERROR(IF(COUNT(Y16),ROUND(SUM(Y16)/SUM(K16)*100,2),""),0) | AB16: =+IFERROR(IF(COUNT(AA16),ROUND(SUM(AA16)/SUM(K16)*100,2),""),0) | AD16: =+IFERROR(IF(COUNT(AC16),ROUND(SUM(AC16)/SUM(K16)*100,2),""),0) | AE16: =+IFERROR(IF(COUNT(Y16,AA16,AC16),ROUND(SUM(Y16,AA16,AC16),0),""),"") | AF16: =+IFERROR(IF(COUNT(AE16),ROUND(SUM(AE16)/SUM(K16)*100,2),""),0) | AG16: 3244978 | AI16: Promoter Group | AK16: =IF(SUM(K16)>0,1,0) -> 1
E17: 3 | F17: Anshul Nitin Menon | G17: BJVPM3572L | H17: 3244978 | K17: =+IFERROR(IF(COUNT(H17:J17),ROUND(SUM(H17:J17),0),""),"") -> 3244978 | L17: =+IFERROR(IF(COUNT(K17),ROUND(K17/'Shareholding Pattern'!$L$78*100,2),""),0) -> 5.79 | M17: =IF(H17="","",H17) -> 3244978 | O17: =+IFERROR(IF(COUNT(M17:N17),ROUND(SUM(M17,N17),2),""),"") -> 3244978 | P17: =+IFERROR(IF(COUNT(O17),ROUND(O17/('Shareholding Pattern'!$P$79)*100,2),""),0) -> 5.79 | T17: =+IFERROR(IF(COUNT(Q17:S17),ROUND(SUM(Q17:S17),0),""),"") | U17: =+IFERROR(IF(COUNT(K17,T17),ROUND(SUM(K17,T17),0),""),"") -> 3244978 | V17: =+IFERROR(IF(COUNT(K17,T17),ROUND(SUM(T17,K17)/SUM('Shareholding Pattern'!$L$78,'Shareholding Pattern'!$U$78)*100,2),""),0) -> 5.79 | X17: =+IFERROR(IF(COUNT(W17),ROUND(SUM(W17)/SUM(K17)*100,2),""),0) | Z17: =+IFERROR(IF(COUNT(Y17),ROUND(SUM(Y17)/SUM(K17)*100,2),""),0) | AB17: =+IFERROR(IF(COUNT(AA17),ROUND(SUM(AA17)/SUM(K17)*100,2),""),0) | AD17: =+IFERROR(IF(COUNT(AC17),ROUND(SUM(AC17)/SUM(K17)*100,2),""),0) | AE17: =+IFERROR(IF(COUNT(Y17,AA17,AC17),ROUND(SUM(Y17,AA17,AC17),0),""),"") | AF17: =+IFERROR(IF(COUNT(AE17),ROUND(SUM(AE17)/SUM(K17)*100,2),""),0) | AG17: 3244978 | AI17: Promoter Group | AK17: =IF(SUM(K17)>0,1,0) -> 1
E18: 4 | F18: Sucheta Nitin Menon | G18: ABJPM0485F | H18: 2801964 | K18: =+IFERROR(IF(COUNT(H18:J18),ROUND(SUM(H18:J18),0),""),"") -> 2801964 | L18: =+IFERROR(IF(COUNT(K18),ROUND(K18/'Shareholding Pattern'!$L$78*100,2),""),0) -> 5 | M18: =IF(H18="","",H18) -> 2801964 | O18: =+IFERROR(IF(COUNT(M18:N18),ROUND(SUM(M18,N18),2),""),"") -> 2801964 | P18: =+IFERROR(IF(COUNT(O18),ROUND(O18/('Shareholding Pattern'!$P$79)*100,2),""),0) -> 5 | T18: =+IFERROR(IF(COUNT(Q18:S18),ROUND(SUM(Q18:S18),0),""),"") | U18: =+IFERROR(IF(COUNT(K18,T18),ROUND(SUM(K18,T18),0),""),"") -> 2801964 | V18: =+IFERROR(IF(COUNT(K18,T18),ROUND(SUM(T18,K18)/SUM('Shareholding Pattern'!$L$78,'Shareholding Pattern'!$U$78)*100,2),""),0) -> 5 | X18: =+IFERROR(IF(COUNT(W18),ROUND(SUM(W18)/SUM(K18)*100,2),""),0) | Z18: =+IFERROR(IF(COUNT(Y18),ROUND(SUM(Y18)/SUM(K18)*100,2),""),0) | AB18: =+IFERROR(IF(COUNT(AA18),ROUND(SUM(AA18)/SUM(K18)*100,2),""),0) | AD18: =+IFERROR(IF(COUNT(AC18),ROUND(SUM(AC18)/SUM(K18)*100,2),""),0) | AE18: =+IFERROR(IF(COUNT(Y18,AA18,AC18),ROUND(SUM(Y18,AA18,AC18),0),""),"") | AF18: =+IFERROR(IF(COUNT(AE18),ROUND(SUM(AE18)/SUM(K18)*100,2),""),0) | AG18: 2801964 | AI18: Promoter Group | AK18: =IF(SUM(K18)>0,1,0) -> 1
F20: Click here to go back | G20: Total | H20: =+IFERROR(IF(COUNT(H14:H19),ROUND(SUM(H14:H19),0),""),"") -> 24735374 | I20: =+IFERROR(IF(COUNT(I14:I19),ROUND(SUM(I14:I19),0),""),"") | J20: =+IFERROR(IF(COUNT(J14:J19),ROUND(SUM(J14:J19),0),""),"") | K20: =+IFERROR(IF(COUNT(K14:K19),ROUND(SUM(K14:K19),0),""),"") -> 24735374 | L20: =+IFERROR(IF(COUNT(K20),ROUND(K20/'Shareholding Pattern'!$L$78*100,2),""),0) -> 44.14 | M20: =+IFERROR(IF(COUNT(M14:M19),ROUND(SUM(M14:M19),0),""),"") -> 24735374 | N20: =+IFERROR(IF(COUNT(N14:N19),ROUND(SUM(N14:N19),0),""),"") | O20: =+IFERROR(IF(COUNT(O14:O19),ROUND(SUM(O14:O19),0),""),"") -> 24735374 | P20: =+IFERROR(IF(COUNT(O20),ROUND(O20/('Shareholding Pattern'!$P$79)*100,2),""),0) -> 44.14 | Q20: =+IFERROR(IF(COUNT(Q14:Q19),ROUND(SUM(Q14:Q19),0),""),"") | R20: =+IFERROR(IF(COUNT(R14:R19),ROUND(SUM(R14:R19),0),""),"") | S20: =+IFERROR(IF(COUNT(S14:S19),ROUND(SUM(S14:S19),0),""),"") | T20: =+IFERROR(IF(COUNT(T14:T19),ROUND(SUM(T14:T19),0),""),"") | U20: =+IFERROR(IF(COUNT(U14:U19),ROUND(SUM(U14:U19),0),""),"") -> 24735374 | V20: =+IFERROR(IF(COUNT(K20,T20),ROUND(SUM(T20,K20)/SUM('Shareholding Pattern'!$L$78,'Shareholding Pattern'!$U$78)*100,2),""),0) -> 44.14 | W20: =+IFERROR(IF(COUNT(W14:W19),ROUND(SUM(W14:W19),0),""),"") | X20: =+IFERROR(IF(COUNT(W20),ROUND(SUM(W20)/SUM(K20)*100,2),""),0) | Y20: =+IFERROR(IF(COUNT(Y14:Y19),ROUND(SUM(Y14:Y19),0),""),"") | Z20: =+IFERROR(IF(COUNT(Y20),ROUND(SUM(Y20)/SUM(K20)*100,2),""),0) | AA20: =+IFERROR(IF(COUNT(AA14:AA19),ROUND(SUM(AA14:AA19),0),""),"") | AB20: =+IFERROR(IF(COUNT(AA20),ROUND(SUM(AA20)/SUM(K20)*100,2),""),0) | AC20: =+IFERROR(IF(COUNT(AC14:AC19),ROUND(SUM(AC14:AC19),0),""),"") | AD20: =+IFERROR(IF(COUNT(AC20),ROUND(SUM(AC20)/SUM(K20)*100,2),""),0) | AE20: =+IFERROR(IF(COUNT(AE14:AE19),ROUND(SUM(AE14:AE19),0),""),"") | AF20: =+IFERROR(IF(COUNT(AE20),ROUND(SUM(AE20)/SUM(K20)*100,2),""),0) | AG20: =+IFERROR(IF(COUNT(AG14:AG19),ROUND(SUM(AG14:AG19),0),""),"") -> 24735374

Sheet SBO
I1: 1 | L1: Yes | M1: No | N1: NA
F2: Name of SBO | G2: PAN of SBO | H2: Passport No. in case of a foreign national of SBO | J2: Nationality of SBO | K2: Nationality (Applicable in case of Any other is selected) of SBO | L2: Name of RegisteredOwner | M2: PAN of RegisteredOwner | N2: Passport No. in case of a foreign national of RegisteredOwner | O2: Nationality of RegisteredOwner | P2: Nationality (Applicable in case of Any other is selected) of RegisteredOwner | Q2: Shares | R2: Voting rights SBO | S2: Rights on distributable dividend or any other distribution | T2: Exercise of control | U2: Exercise of significant influence | V2: Date of creation / acquisition of significant beneficial interest
AA3: India
AA4: United Kingdom
AA5: Hong Kong
AA6: China
AA7: Mauritius
AA8: Singapore
E9: Sr. No. | F9: Details of the SBO | L9: Details of the registered owner | Q9: Details of holding/ exercise of right of the SBO in the reporting company, whether direct or indirect*: | V9: Date of creation / acquisition of significant beneficial interest | AA9: Japan
F10: Name | G10: PAN | H10: Passport No. in case of a foreign national | J10: Nationality | K10: Nationality (Applicable in case of Any other is selected) | L10: Name | M10: PAN | N10: Passport No. in case of a foreign national | O10: Nationality | P10: Nationality (Applicable in case of Any other is selected) | Q10: Whether by virtue of: | AA10: United States of America
Q11: Shares | R11: Voting rights | S11: Rights on distributable dividend or any other distribution | T11: Exercise of control | U11: Exercise of significant influence | AA11: Any other
F12: Significant Beneficial Owners
E15: 1 | F15: NITIN MENON | G15: ABJPM0483D | J15: India | L15: MENON UNITED PRIVATE LIMITED | M15: AAACK7437Q | O15: India | Q15: 51.86 | R15: 0 | S15: 0 | T15: No | U15: No | V15: 08-02-2019

Sheet CGAndSG
I1: 0 | AL1: =SUM(AK1:AK65531) -> 0
F2: Name of shareholder | G2: Permanent account number of shareholder | H2: Number of fully paid up equity shares | I2: Number of partly paid-up equity shares | J2: Number of shares underlying outstanding depository receipts | K2: Total number of shares | L2: Shareholding as a percentage of total number of shares held by promoters and public shareholders and custodians or DR holders | M2: Number of voting rights held by same class of securities | N2: Number of voting rights held by differential voting rights | O2: Total Number of voting rights | P2: Percentage of total number of voting rights | Q2: Number of shares underlying outstanding convertible securities | R2: Number of shares underlying outstanding warrants | S2: Number Of Outstanding ESOP Granted | T2: Total Number of shares underlying outstanding convertible securities, warrants and ESOP | U2: Total number of shares on fully diluted basis including warrants, ESOP and convertible securities | V2: Total shareholding as a percentage assuming full conversion of convertible securities, warrants and ESOP | W2: Number of the locked-in-shares | X2: Locked-in-shares as a percentage of total number of shares | Y2: Number of shares encumbered under pledged | Z2: Encumbered share under pledged as percentage of total number of shares | AA2: Number of shares encumbered under non disposal undertaking | AB2: Encumbered share under non disposal undertaking as percentage of total number of shares | AC2: Number of shares encumbered under other encumbrances | AD2: Encumbered share under other encumbrances as percentage of total number of shares | AE2: Total number of shares encumbered | AF2: Encumbered shares held as percentage of total number of shares | AG2: Number of equity shares held in dematerialized form | AH2: Reason for not providing PAN | AI2: Shareholder type | AZ2: Promoter | BA2: Promoter Group
E9: Sr. No. | F9: Name of the Shareholders (I) | G9: PAN (II) | H9: No. of fully paid up equity shares held (IV) | I9: No. Of Partly paid-up equity shares held (V) | J9: No. Of shares underlying Depository Receipts (VI) | K9: Total nos. shares held (VII) = (IV)+(V)+ (VI) | L9: Shareholding as a % of total no. of shares (calculated as per SCRR, 1957) (VIII) As a % of (A+B+C2) | M9: Number of Voting Rights held in each class of securities (IX) | Q9: No. Of Shares Underlying Outstanding convertible securities (XA) | R9: No. of Shares Underlying Outstanding Warrants (XB) | S9: No. Of Outstanding ESOP Granted (XC) | T9: No. of Shares Underlying Outstanding convertible securities, No. of Warrants and ESOP etc. (X) = (XA+XB+XC) | U9: Total No. of shares on fully diluted basis (including warrants and Convertible Securities etc.) (XI)=(VII+X) | V9: Shareholding , as a % assuming full conversion of convertible securities ( as a percentage of diluted share capital) (XII)= (VII)+(X) As a % of (A+B+C2) | W9: Number of Locked in shares (XIII) | Y9: Number of Shares pledged (XIV) | AA9: Non-Disposal Undertaking (XV) | AC9: Other encumbrances, if any (XVI) | AE9: Total Number of Shares encumbered (XVII) = (XIV+XV+XVI) | AG9: Number of equity shares held in dematerialized form (XVIII) | AH9: Reason for not providing PAN | AI9: Shareholder type
M10: No of Voting (XIV) Rights | P10: Total as a % of Total Voting rights
M11: Class eg:X | N11: Class eg:Y | O11: Total | W11: No. (a) | X11: As a % of total Shares held (b) | Y11: No. (a) | Z11: As a % of total Shares held (b) | AA11: No. (a) | AB11: As a % of total Shares held (b) | AC11: No. (a) | AD11: As a % of total Shares held (b) | AE11: No. (a) | AF11: As a % of total Shares held (b)
E12: A1(b) | F12: Central Government/ State Government(s)
K13: =+IFERROR(IF(COUNT(H13:J13),ROUND(SUM(H13:J13),0),""),"") | L13: =+IFERROR(IF(COUNT(K13),ROUND(K13/'Shareholding Pattern'!$L$78*100,2),""),0) | M13: =IF(H13="","",H13) | O13: =+IFERROR(IF(COUNT(M13:N13),ROUND(SUM(M13,N13),2),""),"") | P13: =+IFERROR(IF(COUNT(O13),ROUND(O13/('Shareholding Pattern'!$P$79)*100,2),""),0) | T13: =+IFERROR(IF(COUNT(Q13:S13),ROUND(SUM(Q13:S13),0),""),"") | U13: =+IFERROR(IF(COUNT(K13,T13),ROUND(SUM(K13,T13),0),""),"") | V13: =+IFERROR(IF(COUNT(K13,T13),ROUND(SUM(T13,K13)/SUM('Shareholding Pattern'!$L$78,'Shareholding Pattern'!$U$78)*100,2),""),0) | X13: =+IFERROR(IF(COUNT(W13),ROUND(SUM(W13)/SUM(K13)*100,2),""),0) | Z13: =+IFERROR(IF(COUNT(Y13),ROUND(SUM(Y13)/SUM(K13)*100,2),""),0) | AB13: =+IFERROR(IF(COUNT(AA13),ROUND(SUM(AA13)/SUM(K13)*100,2),""),0) | AD13: =+IFERROR(IF(COUNT(AC13),ROUND(SUM(AC13)/SUM(K13)*100,2),""),0) | AE13: =+IFERROR(IF(COUNT(Y13,AA13,AC13),ROUND(SUM(Y13,AA13,AC13),0),""),"") | AF13: =+IFERROR(IF(COUNT(AE13),ROUND(SUM(AE13)/SUM(K13)*100,2),""),0) | AK13: =IF(SUM(K13)>0,1,0) -> 0 | AL13: =IF(COUNT(K13:$K$15000)=0,"",SUM(AK1:AK65532))
F16: Click here to go back | G16: Total | H16: =+IFERROR(IF(COUNT(H14:H15),ROUND(SUM(H14:H15),0),""),"") | I16: =+IFERROR(IF(COUNT(I14:I15),ROUND(SUM(I14:I15),0),""),"") | J16: =+IFERROR(IF(COUNT(J14:J15),ROUND(SUM(J14:J15),0),""),"") | K16: =+IFERROR(IF(COUNT(H16:J16),ROUND(SUM(H16:J16),0),""),"") | L16: =+IFERROR(IF(COUNT(K16),ROUND(K16/'Shareholding Pattern'!$L$78*100,2),""),0) | M16: =+IFERROR(IF(COUNT(M14:M15),ROUND(SUM(M14:M15),0),""),"") | N16: =+IFERROR(IF(COUNT(N14:N15),ROUND(SUM(N14:N15),0),""),"") | O16: =+IFERROR(IF(COUNT(M16:N16),ROUND(SUM(M16,N16),2),""),"") | P16: =+IFERROR(IF(COUNT(O16),ROUND(O16/('Shareholding Pattern'!$P$79)*100,2),""),0) | Q16: =+IFERROR(IF(COUNT(Q14:Q15),ROUND(SUM(Q14:Q15),0),""),"") | R16: =+IFERROR(IF(COUNT(R14:R15),ROUND(SUM(R14:R15),0),""),"") | S16: =+IFERROR(IF(COUNT(S14:S15),ROUND(SUM(S14:S15),0),""),"") | T16: =+IFERROR(IF(COUNT(T14:T15),ROUND(SUM(T14:T15),0),""),"") | U16: =+IFERROR(IF(COUNT(U14:U15),ROUND(SUM(U14:U15),0),""),"") | V16: =+IFERROR(IF(COUNT(K16,T16),ROUND(SUM(T16,K16)/SUM('Shareholding Pattern'!$L$78,'Shareholding Pattern'!$U$78)*100,2),""),0) | W16: =+IFERROR(IF(COUNT(W14:W15),ROUND(SUM(W14:W15),0),""),"") | X16: =+IFERROR(IF(COUNT(W16),ROUND(SUM(W16)/SUM(K16)*100,2),""),0) | Y16: =+IFERROR(IF(COUNT(Y14:Y15),ROUND(SUM(Y14:Y15),0),""),"") | Z16: =+IFERROR(IF(COUNT(Y16),ROUND(SUM(Y16)/SUM(K16)*100,2),""),0) | AA16: =+IFERROR(IF(COUNT(AA14:AA15),ROUND(SUM(AA14:AA15),0),""),"") | AB16: =+IFERROR(IF(COUNT(AA16),ROUND(SUM(AA16)/SUM(K16)*100,2),""),0) | AC16: =+IFERROR(IF(COUNT(AC14:AC15),ROUND(SUM(AC14:AC15),0),""),"") | AD16: =+IFERROR(IF(COUNT(AC16),ROUND(SUM(AC16)/SUM(K16)*100,2),""),0) | AE16: =+IFERROR(IF(COUNT(AE14:AE15),ROUND(SUM(AE14:AE15),0),""),"") | AF16: =+IFERROR(IF(COUNT(AE16),ROUND(SUM(AE16)/SUM(K16)*100,2),""),0) | AG16: =+IFERROR(IF(COUNT(AG14:AG15),ROUND(SUM(AG14:AG15),0),""),"")

Sheet Banks
I1: 0
F2: Name of shareholder | G2: Permanent account number of shareholder | H2: Number of fully paid up equity shares | I2: Number of partly paid-up equity shares | J2: Number of shares underlying outstanding depository receipts | K2: Total number of shares | L2: Shareholding as a percentage of total number of shares held by promoters and public shareholders and custodians or DR holders | M2: Number of voting rights held by same class of securities | N2: Number of voting rights held by differential voting rights | O2: Total Number of voting rights | P2: Percentage of total number of voting rights | Q2: Number of shares underlying outstanding convertible securities | R2: Number of shares underlying outstanding warrants | S2: Number Of Outstanding ESOP Granted | T2: Total Number of shares underlying outstanding convertible securities, warrants and ESOP | U2: Total number of shares on fully diluted basis including warrants, ESOP and convertible securities | V2: Total shareholding as a percentage assuming full conversion of convertible securities, warrants and ESOP | W2: Number of the locked-in-shares | X2: Locked-in-shares as a percentage of total number of shares | Y2: Number of shares encumbered under pledged | Z2: Encumbered share under pledged as percentage of total number of shares | AA2: Number of shares encumbered under non disposal undertaking | AB2: Encumbered share under non disposal undertaking as percentage of total number of shares | AC2: Number of shares encumbered under other encumbrances | AD2: Encumbered share under other encumbrances as percentage of total number of shares | AE2: Total number of shares encumbered | AF2: Encumbered shares held as percentage of total number of shares | AG2: Number of equity shares held in dematerialized form | AH2: Reason for not providing PAN | AI2: Shareholder type | AZ2: Promoter | BA2: Promoter Group
AZ7: Trusts
AZ8: HUF
E9: Sr. No. | F9: Name of the Shareholders (I) | G9: PAN (II) | H9: No. of fully paid up equity shares held (IV) | I9: No. Of Partly paid-up equity shares held (V) | J9: No. Of shares underlying Depository Receipts (VI) | K9: Total nos. shares held (VII) = (IV)+(V)+ (VI) | L9: Shareholding as a % of total no. of shares (calculated as per SCRR, 1957) (VIII) As a % of (A+B+C2) | M9: Number of Voting Rights held in each class of securities (IX) | Q9: No. Of Shares Underlying Outstanding convertible securities (XA) | R9: No. of Shares Underlying Outstanding Warrants (XB) | S9: No. Of Outstanding ESOP Granted (XC) | T9: No. of Shares Underlying Outstanding convertible securities, No. of Warrants and ESOP etc. (X) = (XA+XB+XC) | U9: Total No. of shares on fully diluted basis (including warrants and Convertible Securities etc.) (XI)=(VII+X) | V9: Shareholding , as a % assuming full conversion of convertible securities (as a percentage of diluted share capital) (XII)= (VII)+(X) As a % of (A+B+C2) | W9: Number of Locked in shares (XIII) | Y9: Number of Shares pledged (XIV) | AA9: Non-Disposal Undertaking (XV) | AC9: Other encumbrances, if any (XVI) | AE9: Total Number of Shares encumbered (XVII) = (XIV+XV+XVI) | AG9: Number of equity shares held in dematerialized form (XVIII) | AH9: Reason for not providing PAN | AI9: Shareholder type | AZ9: Societies
M10: No of Voting (XIV) Rights | P10: Total as a % of Total Voting rights | AZ10: ESOP or ESOS or ESPS
M11: Class eg: X | N11: Class eg:Y | O11: Total | W11: No. (a) | X11: As a % of total Shares held (b) | Y11: No. (a) | Z11: As a % of total Shares held (b) | AA11: No. (a) | AB11: As a % of total Shares held (b) | AC11: No. (a) | AD11: As a % of total Shares held (b) | AE11: No. (a) | AF11: As a % of total Shares held (b) | AZ11: Employee welfare fund
E12: A1(c) | F12: Financial Institutions/ Banks | AZ12: Venture capital funds
K13: =+IFERROR(IF(COUNT(H13:J13),ROUND(SUM(H13:J13),0),""),"") | L13: =+IFERROR(IF(COUNT(K13),ROUND(K13/'Shareholding Pattern'!$L$78*100,2),""),0) | M13: =IF(H13="","",H13) | O13: =+IFERROR(IF(COUNT(M13:N13),ROUND(SUM(M13,N13),2),""),"") | P13: =+IFERROR(IF(COUNT(O13),ROUND(O13/('Shareholding Pattern'!$P$79)*100,2),""),0) | T13: =+IFERROR(IF(COUNT(Q13:S13),ROUND(SUM(Q13:S13),0),""),"") | U13: =+IFERROR(IF(COUNT(K13,T13),ROUND(SUM(K13,T13),0),""),"") | V13: =+IFERROR(IF(COUNT(K13,T13),ROUND(SUM(T13,K13)/SUM('Shareholding Pattern'!$L$78,'Shareholding Pattern'!$U$78)*100,2),""),0) | X13: =+IFERROR(IF(COUNT(W13),ROUND(SUM(W13)/SUM(K13)*100,2),""),0) | Z13: =+IFERROR(IF(COUNT(Y13),ROUND(SUM(Y13)/SUM(K13)*100,2),""),0) | AB13: =+IFERROR(IF(COUNT(AA13),ROUND(SUM(AA13)/SUM(K13)*100,2),""),0) | AD13: =+IFERROR(IF(COUNT(AC13),ROUND(SUM(AC13)/SUM(K13)*100,2),""),0) | AE13: =+IFERROR(IF(COUNT(Y13,AA13,AC13),ROUND(SUM(Y13,AA13,AC13),0),""),"") | AF13: =+IFERROR(IF(COUNT(AE13),ROUND(SUM(AE13)/SUM(K13)*100,2),""),0) | AK13: =IF(SUM(K13)>0,1,0) -> 0 | AL13: =IF(COUNT(K13:$K$14999)=0,"",SUM(AK1:AK65531)) | AZ13: Angel Investors
AZ14: Private Equity Fund
F16: Click here to go back | G16: Total | H16: =+IFERROR(IF(COUNT(H14:H15),ROUND(SUM(H14:H15),0),""),"") | I16: =+IFERROR(IF(COUNT(I14:I15),ROUND(SUM(I14:I15),0),""),"") | J16: =+IFERROR(IF(COUNT(J14:J15),ROUND(SUM(J14:J15),0),""),"") | K16: =+IFERROR(IF(COUNT(K14:K15),ROUND(SUM(K14:K15),0),""),"") | L16: =+IFERROR(IF(COUNT(K16),ROUND(K16/'Shareholding Pattern'!$L$78*100,2),""),0) | M16: =+IFERROR(IF(COUNT(M14:M15),ROUND(SUM(M14:M15),0),""),"") | N16: =+IFERROR(IF(COUNT(N14:N15),ROUND(SUM(N14:N15),0),""),"") | O16: =+IFERROR(IF(COUNT(O14:O15),ROUND(SUM(O14:O15),0),""),"") | P16: =+IFERROR(IF(COUNT(O16),ROUND(O16/('Shareholding Pattern'!$P$79)*100,2),""),0) | Q16: =+IFERROR(IF(COUNT(Q14:Q15),ROUND(SUM(Q14:Q15),0),""),"") | R16: =+IFERROR(IF(COUNT(R14:R15),ROUND(SUM(R14:R15),0),""),"") | S16: =+IFERROR(IF(COUNT(S14:S15),ROUND(SUM(S14:S15),0),""),"") | T16: =+IFERROR(IF(COUNT(T14:T15),ROUND(SUM(T14:T15),0),""),"") | U16: =+IFERROR(IF(COUNT(U14:U15),ROUND(SUM(U14:U15),0),""),"") | V16: =+IFERROR(IF(COUNT(K16,T16),ROUND(SUM(T16,K16)/SUM('Shareholding Pattern'!$L$78,'Shareholding Pattern'!$U$78)*100,2),""),0) | W16: =+IFERROR(IF(COUNT(W14:W15),ROUND(SUM(W14:W15),0),""),"") | X16: =+IFERROR(IF(COUNT(W16),ROUND(SUM(W16)/SUM(K16)*100,2),""),0) | Y16: =+IFERROR(IF(COUNT(Y14:Y15),ROUND(SUM(Y14:Y15),0),""),"") | Z16: =+IFERROR(IF(COUNT(Y16),ROUND(SUM(Y16)/SUM(K16)*100,2),""),0) | AA16: =+IFERROR(IF(COUNT(AA14:AA15),ROUND(SUM(AA14:AA15),0),""),"") | AB16: =+IFERROR(IF(COUNT(AA16),ROUND(SUM(AA16)/SUM(K16)*100,2),""),0) | AC16: =+IFERROR(IF(COUNT(AC14:AC15),ROUND(SUM(AC14:AC15),0),""),"") | AD16: =+IFERROR(IF(COUNT(AC16),ROUND(SUM(AC16)/SUM(K16)*100,2),""),0) | AE16: =+IFERROR(IF(COUNT(AE14:AE15),ROUND(SUM(AE14:AE15),0),""),"") | AF16: =+IFERROR(IF(COUNT(AE16),ROUND(SUM(AE16)/SUM(K16)*100,2),""),0) | AG16: =+IFERROR(IF(COUNT(AG14:AG15),ROUND(SUM(AG14:AG15),0),""),"")

Sheet OtherIND
I1: 1 | AZ1: Director or Director's Relatives
E2: Category of other indian shareholders | F2: Category or more than one percentage | G2: Name of shareholder | H2: Permanent account number of shareholder | I2: Number of shareholders | J2: Number of fully paid up equity shares | K2: Number of partly paid-up equity shares | L2: Number of shares underlying outstanding depository receipts | M2: Total number of shares | N2: Shareholding as a percentage of total number of shares held by promoters and public shareholders and custodians or DR holders | O2: Number of voting rights held by same class of securities | P2: Number of voting rights held by differential voting rights | Q2: Total Number of voting rights | R2: Percentage of total number of voting rights | S2: Number of shares underlying outstanding convertible securities | T2: Number of shares underlying outstanding warrants | U2: Number Of Outstanding ESOP Granted | V2: Total Number of shares underlying outstanding convertible securities, warrants and ESOP | W2: Total number of shares on fully diluted basis including warrants, ESOP and convertible securities | X2: Total shareholding as a percentage assuming full conversion of convertible securities, warrants and ESOP | Y2: Number of the locked-in-shares | Z2: Locked-in-shares as a percentage of total number of shares | AA2: Number of shares encumbered under pledged | AB2: Encumbered share under pledged as percentage of total number of shares | AC2: Number of shares encumbered under non disposal undertaking | AD2: Encumbered share under non disposal undertaking as percentage of total number of shares | AE2: Number of shares encumbered under other encumbrances | AF2: Encumbered share under other encumbrances as percentage of total number of shares | AG2: Total number of shares encumbered | AH2: Encumbered shares held as percentage of total number of shares | AI2: Number of equity shares held in dematerialized form | AJ2: Reason for not providing PAN | AK2: Shareholder type | AZ2: Bodies Corporate | BH2: Promoter | BI2: Promoter Group
AZ3: Partnership Firms
AZ4: Trusts
AZ5: Person Acting in Concert
AZ6: Other
D9: Sr. No. | E9: Category | G9: Name of the Shareholders (I) | H9: PAN (II) | I9: No. of the Shareholders (I) | J9: No. of fully paid up equity shares held (IV) | K9: No. Of Partly paid-up equity shares held (V) | L9: No. Of shares underlying Depository Receipts (VI) | M9: Total nos. shares held (VII) = (IV)+(V)+ (VI) | N9: Shareholding as a % of total no. of shares (calculated as per SCRR, 1957) (VIII) As a % of (A+B+C2) | O9: Number of Voting Rights held in each class of securities (IX) | S9: No. Of Shares Underlying Outstanding convertible securities (XA) | T9: No. of Shares Underlying Outstanding Warrants (XB) | U9: No. Of Outstanding ESOP Granted (XC) | V9: No. of Shares Underlying Outstanding convertible securities, No. of Warrants and ESOP etc. (X) = (XA+XB+XC) | W9: Total No. of shares on fully diluted basis (including warrants and Convertible Securities etc.) (XI)=(VII+X) | X9: Shareholding , as a % assuming full conversion of convertible securities ( as a percentage of diluted share capital) (XII)= (VII)+(X) As a % of (A+B+C2) | Y9: Number of Locked in shares (XIII) | AA9: Number of Shares pledged (XIV) | AC9: Non-Disposal Undertaking (XV) | AE9: Other encumbrances, if any (XVI) | AG9: Total Number of Shares encumbered (XVII) = (XIV+XV+XVI) | AI9: Number of equity shares held in dematerialized form (XVIII) | AJ9: Reason for not providing PAN | AK9: Shareholder type | BD9: Category
O10: No of Voting (XIV) Rights | R10: Total as a % of Total Voting rights | BD10: More than 1 percentage of shareholding
O11: Class eg: X | P11: Class eg:y | Q11: Total | Y11: No. (a) | Z11: As a % of total Shares held (b) | AA11: No. (a) | AB11: As a % of total Shares held (b) | AC11: No. (a) | AD11: As a % of total Shares held (b) | AE11: No. (a) | AF11: As a % of total Shares held (b) | AG11: No. (a) | AH11: As a % of total Shares held (b)
D12: A1(d) | E12: Any Other (specify)
M13: =+IFERROR(IF(COUNT(J13:L13),ROUND(SUM(J13:L13),0),""),"") | N13: =+IFERROR(IF(COUNT(M13),ROUND(M13/'Shareholding Pattern'!$L$78*100,2),""),0) | O13: =IF(J13="","",J13) | Q13: =+IFERROR(IF(COUNT(O13:P13),ROUND(SUM(O13,P13),2),""),"") | R13: =+IFERROR(IF(COUNT(Q13),ROUND(Q13/('Shareholding Pattern'!$P$79)*100,2),""),0) | V13: =+IFERROR(IF(COUNT(S13:U13),ROUND(SUM(S13:U13),0),""),"") | W13: =+IFERROR(IF(COUNT(M13,V13),ROUND(SUM(M13,V13),0),""),"") | X13: =+IFERROR(IF(COUNT(M13,V13),ROUND(SUM(V13,M13)/SUM('Shareholding Pattern'!$L$78,'Shareholding Pattern'!$U$78)*100,2),""),0) | Z13: =+IFERROR(IF(COUNT(Y13),ROUND(SUM(Y13)/SUM(M13)*100,2),""),0) | AB13: =+IFERROR(IF(COUNT(AA13),ROUND(SUM(AA13)/SUM(M13)*100,2),""),0) | AD13: =+IFERROR(IF(COUNT(AC13),ROUND(SUM(AC13)/SUM(M13)*100,2),""),0) | AF13: =+IFERROR(IF(COUNT(AE13),ROUND(SUM(AE13)/SUM(M13)*100,2),""),0) | AG13: =+IFERROR(IF(COUNT(AA13,AC13,AE13),ROUND(SUM(AA13,AC13,AE13),0),""),"") | AH13: =+IFERROR(IF(COUNT(AG13),ROUND(SUM(AG13)/SUM(M13)*100,2),""),0) | AL13: =IF(COUNT(H16:$AI$15000)=0,"",SUM(AK1:AK65534)) -> 0 | AN13: =IF(SUM(M13)>0,1,0) -> 0 | AO13: =IF(COUNT(M13:$M$15000)=0,"",SUM(AN1:AN65532)) -> 1
D15: 1 | E15: Bodies Corporate | G15: MENON UNITED PRIVATE LIMITED | H15: AAACK7437Q | I15: 1 | J15: 13619800 | M15: =+IFERROR(IF(COUNT(J15:L15),ROUND(SUM(J15:L15),0),""),"") -> 13619800 | N15: =+IFERROR(IF(COUNT(M15),ROUND(M15/'Shareholding Pattern'!$L$78*100,2),""),0) -> 24.3 | O15: =IF(J15="","",J15) -> 13619800 | Q15: =+IFERROR(IF(COUNT(O15:P15),ROUND(SUM(O15,P15),2),""),"") -> 13619800 | R15: =+IFERROR(IF(COUNT(Q15),ROUND(Q15/('Shareholding Pattern'!$P$79)*100,2),""),0) -> 24.3 | V15: =+IFERROR(IF(COUNT(S15:U15),ROUND(SUM(S15:U15),0),""),"") | W15: =+IFERROR(IF(COUNT(M15,V15),ROUND(SUM(M15,V15),0),""),"") -> 13619800 | X15: =+IFERROR(IF(COUNT(M15,V15),ROUND(SUM(V15,M15)/SUM('Shareholding Pattern'!$L$78,'Shareholding Pattern'!$U$78)*100,2),""),0) -> 24.3 | Z15: =+IFERROR(IF(COUNT(Y15),ROUND(SUM(Y15)/SUM(M15)*100,2),""),0) | AB15: =+IFERROR(IF(COUNT(AA15),ROUND(SUM(AA15)/SUM(M15)*100,2),""),0) | AD15: =+IFERROR(IF(COUNT(AC15),ROUND(SUM(AC15)/SUM(M15)*100,2),""),0) | AF15: =+IFERROR(IF(COUNT(AE15),ROUND(SUM(AE15)/SUM(M15)*100,2),""),0) | AG15: =+IFERROR(IF(COUNT(AA15,AC15,AE15),ROUND(SUM(AA15,AC15,AE15),0),""),"") | AH15: =+IFERROR(IF(COUNT(AG15),ROUND(SUM(AG15)/SUM(M15)*100,2),""),0) | AI15: 13619800 | AK15: Promoter Group | AL15: =IF(COUNT(H18:$AI$15000)=0,"",SUM(AK3:AK65536)) | AN15: =IF(SUM(M15)>0,1,0) -> 1
E17: Click here to go back | H17: Total | I17: =+IFERROR(IF(COUNT(I14:I16),ROUND(SUM(I14:I16),0),""),"") -> 1 | J17: =+IFERROR(IF(COUNT(J14:J16),ROUND(SUM(J14:J16),0),""),"") -> 13619800 | K17: =+IFERROR(IF(COUNT(K14:K16),ROUND(SUM(K14:K16),0),""),"") | L17: =+IFERROR(IF(COUNT(L14:L16),ROUND(SUM(L14:L16),0),""),"") | M17: =+IFERROR(IF(COUNT(M14:M16),ROUND(SUM(M14:M16),0),""),"") -> 13619800 | N17: =+IFERROR(IF(COUNT(M17),ROUND(M17/'Shareholding Pattern'!$L$78*100,2),""),0) -> 24.3 | O17: =+IFERROR(IF(COUNT(O14:O16),ROUND(SUM(O14:O16),0),""),"") -> 13619800 | P17: =+IFERROR(IF(COUNT(P14:P16),ROUND(SUM(P14:P16),0),""),"") | Q17: =+IFERROR(IF(COUNT(Q14:Q16),ROUND(SUM(Q14:Q16),0),""),"") -> 13619800 | R17: =+IFERROR(IF(COUNT(Q17),ROUND(Q17/('Shareholding Pattern'!$P$79)*100,2),""),0) -> 24.3 | S17: =+IFERROR(IF(COUNT(S14:S16),ROUND(SUM(S14:S16),0),""),"") | T17: =+IFERROR(IF(COUNT(T14:T16),ROUND(SUM(T14:T16),0),""),"") | U17: =+IFERROR(IF(COUNT(U14:U16),ROUND(SUM(U14:U16),0),""),"") | V17: =+IFERROR(IF(COUNT(V14:V16),ROUND(SUM(V14:V16),0),""),"") | W17: =+IFERROR(IF(COUNT(W14:W16),ROUND(SUM(W14:W16),0),""),"") -> 13619800 | X17: =+IFERROR(IF(COUNT(M17,V17),ROUND(SUM(V17,M17)/SUM('Shareholding Pattern'!$L$78,'Shareholding Pattern'!$U$78)*100,2),""),0) -> 24.3 | Y17: =+IFERROR(IF(COUNT(Y14:Y16),ROUND(SUM(Y14:Y16),0),""),"") | Z17: =+IFERROR(IF(COUNT(Y17),ROUND(SUM(Y17)/SUM(M17)*100,2),""),0) | AA17: =+IFERROR(IF(COUNT(AA14:AA16),ROUND(SUM(AA14:AA16),0),""),"") | AB17: =+IFERROR(IF(COUNT(AA17),ROUND(SUM(AA17)/SUM(M17)*100,2),""),0) | AC17: =+IFERROR(IF(COUNT(AC14:AC16),ROUND(SUM(AC14:AC16),0),""),"") | AD17: =+IFERROR(IF(COUNT(AC17),ROUND(SUM(AC17)/SUM(M17)*100,2),""),0) | AE17: =+IFERROR(IF(COUNT(AE14:AE16),ROUND(SUM(AE14:AE16),0),""),"") | AF17: =+IFERROR(IF(COUNT(AE17),ROUND(SUM(AE17)/SUM(M17)*100,2),""),0) | AG17: =+IFERROR(IF(COUNT(AG14:AG16),ROUND(SUM(AG14:AG16),0),""),"") | AH17: =+IFERROR(IF(COUNT(AG17),ROUND(SUM(AG17)/SUM(M17)*100,2),""),0) | AI17: =+IFERROR(IF(COUNT(AI14:AI16),ROUND(SUM(AI14:AI16),0),""),"") -> 13619800

Sheet Individuals
B1: 060068073086032105100061084069088084066076079067075032099111110116101110116069100105116097098108101061116114117101032115116121108101061034072069073071072084058032049048048037059032087073068084072058032049048048037034062013010060068073086062116114101115100102098106100104098060047068073086062060047068073086062 | E1: 1 | I1: 0
F2: Name of shareholder | G2: Permanent account number of shareholder | H2: Number of fully paid up equity shares | I2: Number of partly paid-up equity shares | J2: Number of shares underlying outstanding depository receipts | K2: Total number of shares | L2: Shareholding as a percentage of total number of shares held by promoters and public shareholders and custodians or DR holders | M2: Number of voting rights held by same class of securities | N2: Number of voting rights held by differential voting rights | O2: Total Number of voting rights | P2: Percentage of total number of voting rights | Q2: Number of shares underlying outstanding convertible securities | R2: Number of shares underlying outstanding warrants | S2: Number Of Outstanding ESOP Granted | T2: Total Number of shares underlying outstanding convertible securities, warrants and ESOP | U2: Total number of shares on fully diluted basis including warrants, ESOP and convertible securities | V2: Total shareholding as a percentage assuming full conversion of convertible securities, warrants and ESOP | W2: Number of the locked-in-shares | X2: Locked-in-shares as a percentage of total number of shares | Y2: Number of shares encumbered under pledged | Z2: Encumbered share under pledged as percentage of total number of shares | AA2: Number of shares encumbered under non disposal undertaking | AB2: Encumbered share under non disposal undertaking as percentage of total number of shares | AC2: Number of shares encumbered under other encumbrances | AD2: Encumbered share under other encumbrances as percentage of total number of shares | AE2: Total number of shares encumbered | AF2: Encumbered shares held as percentage of total number of shares | AG2: Number of equity shares held in dematerialized form | AH2: Reason for not providing PAN | AI2: Shareholder type | AZ2: Promoter | BA2: Promoter Group
E9: Sr. No. | F9: Name of the Shareholders (I) | G9: PAN (II) | H9: No. of fully paid up equity shares held (IV) | I9: No. Of Partly paid-up equity shares held (V) | J9: No. Of shares underlying Depository Receipts (VI) | K9: Total nos. shares held (VII) = (IV)+(V)+ (VI) | L9: Shareholding as a % of total no. of shares (calculated as per SCRR, 1957) (VIII) As a % of (A+B+C2) | M9: Number of Voting Rights held in each class of securities (IX) | Q9: No. Of Shares Underlying Outstanding convertible securities (XA) | R9: No. of Shares Underlying Outstanding Warrants (XB) | S9: No. Of Outstanding ESOP Granted (XC) | T9: No. of Shares Underlying Outstanding convertible securities, No. of Warrants and ESOP etc. (X) = (XA+XB+XC) | U9: Total No. of shares on fully diluted basis (including warrants and Convertible Securities etc.) (XI)=(VII+X) | V9: Shareholding , as a % assuming full conversion of convertible securities ( as a percentage of diluted share capital) (XII)= (VII)+(X) As a % of (A+B+C2) | W9: Number of Locked in shares (XIII) | Y9: Number of Shares pledged (XIV) | AA9: Non-Disposal Undertaking (XV) | AC9: Other encumbrances, if any (XVI) | AE9: Total Number of Shares encumbered (XVII) = (XIV+XV+XVI) | AG9: Number of equity shares held in dematerialized form (XVIII) | AH9: Reason for not providing PAN | AI9: Shareholder type
M10: No of Voting (XIV) Rights | P10: Total as a % of Total Voting rights
M11: Class eg: X | N11: Class eg:Y | O11: Total | W11: No. (a) | X11: As a % of total Shares held (b) | Y11: No. (a) | Z11: As a % of total Shares held (b) | AA11: No. (a) | AB11: As a % of total Shares held (b) | AC11: No. (a) | AD11: As a % of total Shares held (b) | AE11: No. (a) | AF11: As a % of total Shares held (b)
E12: A2(a) | F12: Individuals (NonResident Individuals/ Foreign Individuals)
K13: =+IFERROR(IF(COUNT(H13:J13),ROUND(SUM(H13:J13),0),""),"") | L13: =+IFERROR(IF(COUNT(K13),ROUND(K13/'Shareholding Pattern'!$L$78*100,2),""),0) | M13: =IF(H13="","",H13) | O13: =+IFERROR(IF(COUNT(M13:N13),ROUND(SUM(M13,N13),2),""),"") | P13: =+IFERROR(IF(COUNT(O13),ROUND(O13/('Shareholding Pattern'!$P$79)*100,2),""),0) | T13: =+IFERROR(IF(COUNT(Q13:S13),ROUND(SUM(Q13:S13),0),""),"") | U13: =+IFERROR(IF(COUNT(K13,T13),ROUND(SUM(K13,T13),0),""),"") | V13: =+IFERROR(IF(COUNT(K13,T13),ROUND(SUM(T13,K13)/SUM('Shareholding Pattern'!$L$78,'Shareholding Pattern'!$U$78)*100,2),""),0) | X13: =+IFERROR(IF(COUNT(W13),ROUND(SUM(W13)/SUM(K13)*100,2),""),0) | Z13: =+IFERROR(IF(COUNT(Y13),ROUND(SUM(Y13)/SUM(K13)*100,2),""),0) | AB13: =+IFERROR(IF(COUNT(AA13),ROUND(SUM(AA13)/SUM(K13)*100,2),""),0) | AD13: =+IFERROR(IF(COUNT(AC13),ROUND(SUM(AC13)/SUM(K13)*100,2),""),0) | AE13: =+IFERROR(IF(COUNT(Y13,AA13,AC13),ROUND(SUM(Y13,AA13,AC13),0),""),"") | AF13: =+IFERROR(IF(COUNT(AE13),ROUND(SUM(AE13)/SUM(K13)*100,2),""),0) | AK13: =IF(SUM(K13)>0,1,0) -> 0 | AL13: =IF(COUNT(K13:$K$14999)=0,"",SUM(AK1:AK65531))
F16: Click here to go back | G16: Total | H16: =+IFERROR(IF(COUNT(H14:H15),ROUND(SUM(H14:H15),0),""),"") | I16: =+IFERROR(IF(COUNT(I14:I15),ROUND(SUM(I14:I15),0),""),"") | J16: =+IFERROR(IF(COUNT(J14:J15),ROUND(SUM(J14:J15),0),""),"") | K16: =+IFERROR(IF(COUNT(K14:K15),ROUND(SUM(K14:K15),0),""),"") | L16: =+IFERROR(IF(COUNT(K16),ROUND(K16/'Shareholding Pattern'!$L$78*100,2),""),0) | M16: =+IFERROR(IF(COUNT(M14:M15),ROUND(SUM(M14:M15),0),""),"") | N16: =+IFERROR(IF(COUNT(N14:N15),ROUND(SUM(N14:N15),0),""),"") | O16: =+IFERROR(IF(COUNT(O14:O15),ROUND(SUM(O14:O15),0),""),"") | P16: =+IFERROR(IF(COUNT(O16),ROUND(O16/('Shareholding Pattern'!$P$79)*100,2),""),0) | Q16: =+IFERROR(IF(COUNT(Q14:Q15),ROUND(SUM(Q14:Q15),0),""),"") | R16: =+IFERROR(IF(COUNT(R14:R15),ROUND(SUM(R14:R15),0),""),"") | S16: =+IFERROR(IF(COUNT(S14:S15),ROUND(SUM(S14:S15),0),""),"") | T16: =+IFERROR(IF(COUNT(T14:T15),ROUND(SUM(T14:T15),0),""),"") | U16: =+IFERROR(IF(COUNT(U14:U15),ROUND(SUM(U14:U15),0),""),"") | V16: =+IFERROR(IF(COUNT(K16,T16),ROUND(SUM(T16,K16)/SUM('Shareholding Pattern'!$L$78,'Shareholding Pattern'!$U$78)*100,2),""),0) | W16: =+IFERROR(IF(COUNT(W14:W15),ROUND(SUM(W14:W15),0),""),"") | X16: =+IFERROR(IF(COUNT(W16),ROUND(SUM(W16)/SUM(K16)*100,2),""),0) | Y16: =+IFERROR(IF(COUNT(Y14:Y15),ROUND(SUM(Y14:Y15),0),""),"") | Z16: =+IFERROR(IF(COUNT(Y16),ROUND(SUM(Y16)/SUM(K16)*100,2),""),0) | AA16: =+IFERROR(IF(COUNT(AA14:AA15),ROUND(SUM(AA14:AA15),0),""),"") | AB16: =+IFERROR(IF(COUNT(AA16),ROUND(SUM(AA16)/SUM(K16)*100,2),""),0) | AC16: =+IFERROR(IF(COUNT(AC14:AC15),ROUND(SUM(AC14:AC15),0),""),"") | AD16: =+IFERROR(IF(COUNT(AC16),ROUND(SUM(AC16)/SUM(K16)*100,2),""),0) | AE16: =+IFERROR(IF(COUNT(AE14:AE15),ROUND(SUM(AE14:AE15),0),""),"") | AF16: =+IFERROR(IF(COUNT(AE16),ROUND(SUM(AE16)/SUM(K16)*100,2),""),0) | AG16: =+IFERROR(IF(COUNT(AG14:AG15),ROUND(SUM(AG14:AG15),0),""),"")

Sheet Government
I1: 0
F2: Name of shareholder | G2: Permanent account number of shareholder | H2: Number of fully paid up equity shares | I2: Number of partly paid-up equity shares | J2: Number of shares underlying outstanding depository receipts | K2: Total number of shares | L2: Shareholding as a percentage of total number of shares held by promoters and public shareholders and custodians or DR holders | M2: Number of voting rights held by same class of securities | N2: Number of voting rights held by differential voting rights | O2: Total Number of voting rights | P2: Percentage of total number of voting rights | Q2: Number of shares underlying outstanding convertible securities | R2: Number of shares underlying outstanding warrants | S2: Number Of Outstanding ESOP Granted | T2: Total Number of shares underlying outstanding convertible securities, warrants and ESOP | U2: Total number of shares on fully diluted basis including warrants, ESOP and convertible securities | V2: Total shareholding as a percentage assuming full conversion of convertible securities, warrants and ESOP | W2: Number of the locked-in-shares | X2: Locked-in-shares as a percentage of total number of shares | Y2: Number of shares encumbered under pledged | Z2: Encumbered share under pledged as percentage of total number of shares | AA2: Number of shares encumbered under non disposal undertaking | AB2: Encumbered share under non disposal undertaking as percentage of total number of shares | AC2: Number of shares encumbered under other encumbrances | AD2: Encumbered share under other encumbrances as percentage of total number of shares | AE2: Total number of shares encumbered | AF2: Encumbered shares held as percentage of total number of shares | AG2: Number of equity shares held in dematerialized form | AH2: Reason for not providing PAN | AI2: Shareholder type | AZ2: Promoter | BA2: Promoter Group
E9: Sr. No. | F9: Name of the Shareholders (I) | G9: PAN (II) | H9: No. of fully paid up equity shares held (IV) | I9: No. Of Partly paid-up equity shares held (V) | J9: No. Of shares underlying Depository Receipts (VI) | K9: Total nos. shares held (VII) = (IV)+(V)+ (VI) | L9: Shareholding as a % of total no. of shares (calculated as per SCRR, 1957) (VIII) As a % of (A+B+C2) | M9: Number of Voting Rights held in each class of securities (IX) | Q9: No. Of Shares Underlying Outstanding convertible securities (XA) | R9: No. of Shares Underlying Outstanding Warrants (XB) | S9: No. Of Outstanding ESOP Granted (XC) | T9: No. of Shares Underlying Outstanding convertible securities, No. of Warrants and ESOP etc. (X) = (XA+XB+XC) | U9: Total No. of shares on fully diluted basis (including warrants and Convertible Securities etc.) (XI)=(VII+X) | V9: Shareholding , as a % assuming full conversion of convertible securities ( as a percentage of diluted share capital) (XII)= (VII)+(X) As a % of (A+B+C2) | W9: Number of Locked in shares (XIII) | Y9: Number of Shares pledged (XIV) | AA9: Non-Disposal Undertaking (XV) | AC9: Other encumbrances, if any (XVI) | AE9: Total Number of Shares encumbered (XVII) = (XIV+XV+XVI) | AG9: Number of equity shares held in dematerialized form (XVIII) | AH9: Reason for not providing PAN | AI9: Shareholder type
M10: No of Voting (XIV) Rights | P10: Total as a % of Total Voting rights
M11: Class eg: X | N11: Class eg:Y | O11: Total | W11: No. (a) | X11: As a % of total Shares held (b) | Y11: No. (a) | Z11: As a % of total Shares held (b) | AA11: No. (a) | AB11: As a % of total Shares held (b) | AC11: No. (a) | AD11: As a % of total Shares held (b) | AE11: No. (a) | AF11: As a % of total Shares held (b)
E12: A2(a) | F12: Government
K13: =+IFERROR(IF(COUNT(H13:J13),ROUND(SUM(H13:J13),0),""),"") | L13: =+IFERROR(IF(COUNT(K13),ROUND(K13/'Shareholding Pattern'!$L$78*100,2),""),0) | M13: =IF(H13="","",H13) | O13: =+IFERROR(IF(COUNT(M13:N13),ROUND(SUM(M13,N13),2),""),"") | P13: =+IFERROR(IF(COUNT(O13),ROUND(O13/('Shareholding Pattern'!$P$79)*100,2),""),0) | T13: =+IFERROR(IF(COUNT(Q13:S13),ROUND(SUM(Q13:S13),0),""),"") | U13: =+IFERROR(IF(COUNT(K13,T13),ROUND(SUM(K13,T13),0),""),"") | V13: =+IFERROR(IF(COUNT(K13,T13),ROUND(SUM(T13,K13)/SUM('Shareholding Pattern'!$L$78,'Shareholding Pattern'!$U$78)*100,2),""),0) | X13: =+IFERROR(IF(COUNT(W13),ROUND(SUM(W13)/SUM(K13)*100,2),""),0) | Z13: =+IFERROR(IF(COUNT(Y13),ROUND(SUM(Y13)/SUM(K13)*100,2),""),0) | AB13: =+IFERROR(IF(COUNT(AA13),ROUND(SUM(AA13)/SUM(K13)*100,2),""),0) | AD13: =+IFERROR(IF(COUNT(AC13),ROUND(SUM(AC13)/SUM(K13)*100,2),""),0) | AE13: =+IFERROR(IF(COUNT(Y13,AA13,AC13),ROUND(SUM(Y13,AA13,AC13),0),""),"") | AF13: =+IFERROR(IF(COUNT(AE13),ROUND(SUM(AE13)/SUM(K13)*100,2),""),0) | AK13: =IF(SUM(K13)>0,1,0) -> 0 | AL13: =IF(COUNT(K13:$K$14999)=0,"",SUM(AK1:AK65531))
F16: Click here to go back | G16: Total | H16: =+IFERROR(IF(COUNT(H14:H15),ROUND(SUM(H14:H15),0),""),"") | I16: =+IFERROR(IF(COUNT(I14:I15),ROUND(SUM(I14:I15),0),""),"") | J16: =+IFERROR(IF(COUNT(J14:J15),ROUND(SUM(J14:J15),0),""),"") | K16: =+IFERROR(IF(COUNT(K14:K15),ROUND(SUM(K14:K15),0),""),"") | L16: =+IFERROR(IF(COUNT(K16),ROUND(K16/'Shareholding Pattern'!$L$78*100,2),""),0) | M16: =+IFERROR(IF(COUNT(M14:M15),ROUND(SUM(M14:M15),0),""),"") | N16: =+IFERROR(IF(COUNT(N14:N15),ROUND(SUM(N14:N15),0),""),"") | O16: =+IFERROR(IF(COUNT(O14:O15),ROUND(SUM(O14:O15),0),""),"") | P16: =+IFERROR(IF(COUNT(O16),ROUND(O16/('Shareholding Pattern'!$P$79)*100,2),""),0) | Q16: =+IFERROR(IF(COUNT(Q14:Q15),ROUND(SUM(Q14:Q15),0),""),"") | R16: =+IFERROR(IF(COUNT(R14:R15),ROUND(SUM(R14:R15),0),""),"") | S16: =+IFERROR(IF(COUNT(S14:S15),ROUND(SUM(S14:S15),0),""),"") | T16: =+IFERROR(IF(COUNT(T14:T15),ROUND(SUM(T14:T15),0),""),"") | U16: =+IFERROR(IF(COUNT(U14:U15),ROUND(SUM(U14:U15),0),""),"") | V16: =+IFERROR(IF(COUNT(K16,T16),ROUND(SUM(T16,K16)/SUM('Shareholding Pattern'!$L$78,'Shareholding Pattern'!$U$78)*100,2),""),0) | W16: =+IFERROR(IF(COUNT(W14:W15),ROUND(SUM(W14:W15),0),""),"") | X16: =+IFERROR(IF(COUNT(W16),ROUND(SUM(W16)/SUM(K16)*100,2),""),0) | Y16: =+IFERROR(IF(COUNT(Y14:Y15),ROUND(SUM(Y14:Y15),0),""),"") | Z16: =+IFERROR(IF(COUNT(Y16),ROUND(SUM(Y16)/SUM(K16)*100,2),""),0) | AA16: =+IFERROR(IF(COUNT(AA14:AA15),ROUND(SUM(AA14:AA15),0),""),"") | AB16: =+IFERROR(IF(COUNT(AA16),ROUND(SUM(AA16)/SUM(K16)*100,2),""),0) | AC16: =+IFERROR(IF(COUNT(AC14:AC15),ROUND(SUM(AC14:AC15),0),""),"") | AD16: =+IFERROR(IF(COUNT(AC16),ROUND(SUM(AC16)/SUM(K16)*100,2),""),0) | AE16: =+IFERROR(IF(COUNT(AE14:AE15),ROUND(SUM(AE14:AE15),0),""),"") | AF16: =+IFERROR(IF(COUNT(AE16),ROUND(SUM(AE16)/SUM(K16)*100,2),""),0) | AG16: =+IFERROR(IF(COUNT(AG14:AG15),ROUND(SUM(AG14:AG15),0),""),"")

Sheet Institutions
I1: 0
F2: Name of shareholder | G2: Permanent account number of shareholder | H2: Number of fully paid up equity shares | I2: Number of partly paid-up equity shares | J2: Number of shares underlying outstanding depository receipts | K2: Total number of shares | L2: Shareholding as a percentage of total number of shares held by promoters and public shareholders and custodians or DR holders | M2: Number of voting rights held by same class of securities | N2: Number of voting rights held by differential voting rights | O2: Total Number of voting rights | P2: Percentage of total number of voting rights | Q2: Number of shares underlying outstanding convertible securities | R2: Number of shares underlying outstanding warrants | S2: Number Of Outstanding ESOP Granted | T2: Total Number of shares underlying outstanding convertible securities, warrants and ESOP | U2: Total number of shares on fully diluted basis including warrants, ESOP and convertible securities | V2: Total shareholding as a percentage assuming full conversion of convertible securities, warrants and ESOP | W2: Number of the locked-in-shares | X2: Locked-in-shares as a percentage of total number of shares | Y2: Number of shares encumbered under pledged | Z2: Encumbered share under pledged as percentage of total number of shares | AA2: Number of shares encumbered under non disposal undertaking | AB2: Encumbered share under non disposal undertaking as percentage of total number of shares | AC2: Number of shares encumbered under other encumbrances | AD2: Encumbered share under other encumbrances as percentage of total number of shares | AE2: Total number of shares encumbered | AF2: Encumbered shares held as percentage of total number of shares | AG2: Number of equity shares held in dematerialized form | AH2: Reason for not providing PAN | AI2: Shareholder type | AZ2: Promoter | BA2: Promoter Group
AZ7: Trusts
AZ8: Societies
E9: Sr. No. | F9: Name of the Shareholders (I) | G9: PAN (II) | H9: No. of fully paid up equity shares held (IV) | I9: No. Of Partly paid-up equity shares held (V) | J9: No. Of shares underlying Depository Receipts (VI) | K9: Total nos. shares held (VII) = (IV)+(V)+ (VI) | L9: Shareholding as a % of total no. of shares (calculated as per SCRR, 1957) (VIII) As a % of (A+B+C2) | M9: Number of Voting Rights held in each class of securities (IX) | Q9: No. Of Shares Underlying Outstanding convertible securities (XA) | R9: No. of Shares Underlying Outstanding Warrants (XB) | S9: No. Of Outstanding ESOP Granted (XC) | T9: No. of Shares Underlying Outstanding convertible securities, No. of Warrants and ESOP etc. (X) = (XA+XB+XC) | U9: Total No. of shares on fully diluted basis (including warrants and Convertible Securities etc.) (XI)=(VII+X) | V9: Shareholding , as a % assuming full conversion of convertible securities ( as a percentage of diluted share capital) (XII)= (VII)+(X) As a % of (A+B+C2) | W9: Number of Locked in shares (XIII) | Y9: Number of Shares pledged (XIV) | AA9: Non-Disposal Undertaking (XV) | AC9: Other encumbrances, if any (XVI) | AE9: Total Number of Shares encumbered (XVII) = (XIV+XV+XVI) | AG9: Number of equity shares held in dematerialized form (XVIII) | AH9: Reason for not providing PAN | AI9: Shareholder type | AZ9: ESOP or ESOS or ESPS
M10: No of Voting (XIV) Rights | P10: Total as a % of Total Voting rights | AZ10: Employee welfare fund
M11: Class eg: X | N11: Class eg:Y | O11: Total | W11: No. (a) | X11: As a % of total Shares held (b) | Y11: No. (a) | Z11: As a % of total Shares held (b) | AA11: No. (a) | AB11: As a % of total Shares held (b) | AC11: No. (a) | AD11: As a % of total Shares held (b) | AE11: No. (a) | AF11: As a % of total Shares held (b) | AZ11: Overseas corporate bodies
E12: A2(c) | F12: Institutions | AZ12: Venture capital funds
K13: =+IFERROR(IF(COUNT(H13:J13),ROUND(SUM(H13:J13),0),""),"") | L13: =+IFERROR(IF(COUNT(K13),ROUND(K13/'Shareholding Pattern'!$L$78*100,2),""),0) | M13: =IF(H13="","",H13) | O13: =+IFERROR(IF(COUNT(M13:N13),ROUND(SUM(M13,N13),2),""),"") | P13: =+IFERROR(IF(COUNT(O13),ROUND(O13/('Shareholding Pattern'!$P$79)*100,2),""),0) | T13: =+IFERROR(IF(COUNT(Q13:S13),ROUND(SUM(Q13:S13),0),""),"") | U13: =+IFERROR(IF(COUNT(K13,T13),ROUND(SUM(K13,T13),0),""),"") | V13: =+IFERROR(IF(COUNT(K13,T13),ROUND(SUM(T13,K13)/SUM('Shareholding Pattern'!$L$78,'Shareholding Pattern'!$U$78)*100,2),""),0) | X13: =+IFERROR(IF(COUNT(W13),ROUND(SUM(W13)/SUM(K13)*100,2),""),0) | Z13: =+IFERROR(IF(COUNT(Y13),ROUND(SUM(Y13)/SUM(K13)*100,2),""),0) | AB13: =+IFERROR(IF(COUNT(AA13),ROUND(SUM(AA13)/SUM(K13)*100,2),""),0) | AD13: =+IFERROR(IF(COUNT(AC13),ROUND(SUM(AC13)/SUM(K13)*100,2),""),0) | AE13: =+IFERROR(IF(COUNT(Y13,AA13,AC13),ROUND(SUM(Y13,AA13,AC13),0),""),"") | AF13: =+IFERROR(IF(COUNT(AE13),ROUND(SUM(AE13)/SUM(K13)*100,2),""),0) | AK13: =IF(SUM(K13)>0,1,0) -> 0 | AL13: =IF(COUNT(K13:$K$14999)=0,"",SUM(AK1:AK65531)) | AZ13: Angel Investors
AZ14: Private Equity Fund
F16: Click here to go back | G16: Total | H16: =+IFERROR(IF(COUNT(H14:H15),ROUND(SUM(H14:H15),0),""),"") | I16: =+IFERROR(IF(COUNT(I14:I15),ROUND(SUM(I14:I15),0),""),"") | J16: =+IFERROR(IF(COUNT(J14:J15),ROUND(SUM(J14:J15),0),""),"") | K16: =+IFERROR(IF(COUNT(K14:K15),ROUND(SUM(K14:K15),0),""),"") | L16: =+IFERROR(IF(COUNT(K16),ROUND(K16/'Shareholding Pattern'!$L$78*100,2),""),0) | M16: =+IFERROR(IF(COUNT(M14:M15),ROUND(SUM(M14:M15),0),""),"") | N16: =+IFERROR(IF(COUNT(N14:N15),ROUND(SUM(N14:N15),0),""),"") | O16: =+IFERROR(IF(COUNT(O14:O15),ROUND(SUM(O14:O15),0),""),"") | P16: =+IFERROR(IF(COUNT(O16),ROUND(O16/('Shareholding Pattern'!$P$79)*100,2),""),0) | Q16: =+IFERROR(IF(COUNT(Q14:Q15),ROUND(SUM(Q14:Q15),0),""),"") | R16: =+IFERROR(IF(COUNT(R14:R15),ROUND(SUM(R14:R15),0),""),"") | S16: =+IFERROR(IF(COUNT(S14:S15),ROUND(SUM(S14:S15),0),""),"") | T16: =+IFERROR(IF(COUNT(T14:T15),ROUND(SUM(T14:T15),0),""),"") | U16: =+IFERROR(IF(COUNT(U14:U15),ROUND(SUM(U14:U15),0),""),"") | V16: =+IFERROR(IF(COUNT(K16,T16),ROUND(SUM(T16,K16)/SUM('Shareholding Pattern'!$L$78,'Shareholding Pattern'!$U$78)*100,2),""),0) | W16: =+IFERROR(IF(COUNT(W14:W15),ROUND(SUM(W14:W15),0),""),"") | X16: =+IFERROR(IF(COUNT(W16),ROUND(SUM(W16)/SUM(K16)*100,2),""),0) | Y16: =+IFERROR(IF(COUNT(Y14:Y15),ROUND(SUM(Y14:Y15),0),""),"") | Z16: =+IFERROR(IF(COUNT(Y16),ROUND(SUM(Y16)/SUM(K16)*100,2),""),0) | AA16: =+IFERROR(IF(COUNT(AA14:AA15),ROUND(SUM(AA14:AA15),0),""),"") | AB16: =+IFERROR(IF(COUNT(AA16),ROUND(SUM(AA16)/SUM(K16)*100,2),""),0) | AC16: =+IFERROR(IF(COUNT(AC14:AC15),ROUND(SUM(AC14:AC15),0),""),"") | AD16: =+IFERROR(IF(COUNT(AC16),ROUND(SUM(AC16)/SUM(K16)*100,2),""),0) | AE16: =+IFERROR(IF(COUNT(AE14:AE15),ROUND(SUM(AE14:AE15),0),""),"") | AF16: =+IFERROR(IF(COUNT(AE16),ROUND(SUM(AE16)/SUM(K16)*100,2),""),0) | AG16: =+IFERROR(IF(COUNT(AG14:AG15),ROUND(SUM(AG14:AG15),0),""),"")

Sheet FPIPromoter
I1: 0
F2: Name of shareholder | G2: Permanent account number of shareholder | H2: Number of fully paid up equity shares | I2: Number of partly paid-up equity shares | J2: Number of shares underlying outstanding depository receipts | K2: Total number of shares | L2: Shareholding as a percentage of total number of shares held by promoters and public shareholders and custodians or DR holders | M2: Number of voting rights held by same class of securities | N2: Number of voting rights held by differential voting rights | O2: Total Number of voting rights | P2: Percentage of total number of voting rights | Q2: Number of shares underlying outstanding convertible securities | R2: Number of shares underlying outstanding warrants | S2: Number Of Outstanding ESOP Granted | T2: Total Number of shares underlying outstanding convertible securities, warrants and ESOP | U2: Total number of shares on fully diluted basis including warrants, ESOP and convertible securities | V2: Total shareholding as a percentage assuming full conversion of convertible securities, warrants and ESOP | W2: Number of the locked-in-shares | X2: Locked-in-shares as a percentage of total number of shares | Y2: Number of shares encumbered under pledged | Z2: Encumbered share under pledged as percentage of total number of shares | AA2: Number of shares encumbered under non disposal undertaking | AB2: Encumbered share under non disposal undertaking as percentage of total number of shares | AC2: Number of shares encumbered under other encumbrances | AD2: Encumbered share under other encumbrances as percentage of total number of shares | AE2: Total number of shares encumbered | AF2: Encumbered shares held as percentage of total number of shares | AG2: Number of equity shares held in dematerialized form | AH2: Reason for not providing PAN | AI2: Shareholder type | AZ2: Promoter | BA2: Promoter Group
AZ7: Trusts
AZ8: Societies
E9: Sr. No. | F9: Name of the Shareholders (I) | G9: PAN (II) | H9: No. of fully paid up equity shares held (IV) | I9: No. Of Partly paid-up equity shares held (V) | J9: No. Of shares underlying Depository Receipts (VI) | K9: Total nos. shares held (VII) = (IV)+(V)+ (VI) | L9: Shareholding as a % of total no. of shares (calculated as per SCRR, 1957) (VIII) As a % of (A+B+C2) | M9: Number of Voting Rights held in each class of securities (IX) | Q9: No. Of Shares Underlying Outstanding convertible securities (XA) | R9: No. of Shares Underlying Outstanding Warrants (XB) | S9: No. Of Outstanding ESOP Granted (XC) | T9: No. of Shares Underlying Outstanding convertible securities, No. of Warrants and ESOP etc. (X) = (XA+XB+XC) | U9: Total No. of shares on fully diluted basis (including warrants and Convertible Securities etc.) (XI)=(VII+X) | V9: Shareholding , as a % assuming full conversion of convertible securities ( as a percentage of diluted share capital) (XII)= (VII)+(X) As a % of (A+B+C2) | W9: Number of Locked in shares (XIII) | Y9: Number of Shares pledged (XIV) | AA9: Non-Disposal Undertaking (XV) | AC9: Other encumbrances, if any (XVI) | AE9: Total Number of Shares encumbered (XVII) = (XIV+XV+XVI) | AG9: Number of equity shares held in dematerialized form (XVIII) | AH9: Reason for not providing PAN | AI9: Shareholder type | AZ9: ESOP or ESOS or ESPS
M10: No of Voting (XIV) Rights | P10: Total as a % of Total Voting rights | AZ10: Employee welfare fund
M11: Class eg: X | N11: Class eg:Y | O11: Total | W11: No. (a) | X11: As a % of total Shares held (b) | Y11: No. (a) | Z11: As a % of total Shares held (b) | AA11: No. (a) | AB11: As a % of total Shares held (b) | AC11: No. (a) | AD11: As a % of total Shares held (b) | AE11: No. (a) | AF11: As a % of total Shares held (b) | AZ11: Overseas corporate bodies
E12: A2(d) | F12: Foreign Portfolio Investor | AZ12: Venture capital funds
K13: =+IFERROR(IF(COUNT(H13:J13),ROUND(SUM(H13:J13),0),""),"") | L13: =+IFERROR(IF(COUNT(K13),ROUND(K13/'Shareholding Pattern'!$L$78*100,2),""),0) | M13: =IF(H13="","",H13) | O13: =+IFERROR(IF(COUNT(M13:N13),ROUND(SUM(M13,N13),2),""),"") | P13: =+IFERROR(IF(COUNT(O13),ROUND(O13/('Shareholding Pattern'!$P$79)*100,2),""),0) | T13: =+IFERROR(IF(COUNT(Q13:S13),ROUND(SUM(Q13:S13),0),""),"") | U13: =+IFERROR(IF(COUNT(K13,T13),ROUND(SUM(K13,T13),0),""),"") | V13: =+IFERROR(IF(COUNT(K13,T13),ROUND(SUM(T13,K13)/SUM('Shareholding Pattern'!$L$78,'Shareholding Pattern'!$U$78)*100,2),""),0) | X13: =+IFERROR(IF(COUNT(W13),ROUND(SUM(W13)/SUM(K13)*100,2),""),0) | Z13: =+IFERROR(IF(COUNT(Y13),ROUND(SUM(Y13)/SUM(K13)*100,2),""),0) | AB13: =+IFERROR(IF(COUNT(AA13),ROUND(SUM(AA13)/SUM(K13)*100,2),""),0) | AD13: =+IFERROR(IF(COUNT(AC13),ROUND(SUM(AC13)/SUM(K13)*100,2),""),0) | AE13: =+IFERROR(IF(COUNT(Y13,AA13,AC13),ROUND(SUM(Y13,AA13,AC13),0),""),"") | AF13: =+IFERROR(IF(COUNT(AE13),ROUND(SUM(AE13)/SUM(K13)*100,2),""),0) | AK13: =IF(SUM(K13)>0,1,0) -> 0 | AL13: =IF(COUNT(K13:$K$14999)=0,"",SUM(AK1:AK65531)) | AZ13: Angel Investors
AZ14: Private Equity Fund
F16: Click here to go back | G16: Total | H16: =+IFERROR(IF(COUNT(H14:H15),ROUND(SUM(H14:H15),0),""),"") | I16: =+IFERROR(IF(COUNT(I14:I15),ROUND(SUM(I14:I15),0),""),"") | J16: =+IFERROR(IF(COUNT(J14:J15),ROUND(SUM(J14:J15),0),""),"") | K16: =+IFERROR(IF(COUNT(K14:K15),ROUND(SUM(K14:K15),0),""),"") | L16: =+IFERROR(IF(COUNT(K16),ROUND(K16/'Shareholding Pattern'!$L$78*100,2),""),0) | M16: =+IFERROR(IF(COUNT(M14:M15),ROUND(SUM(M14:M15),0),""),"") | N16: =+IFERROR(IF(COUNT(N14:N15),ROUND(SUM(N14:N15),0),""),"") | O16: =+IFERROR(IF(COUNT(O14:O15),ROUND(SUM(O14:O15),0),""),"") | P16: =+IFERROR(IF(COUNT(O16),ROUND(O16/('Shareholding Pattern'!$P$79)*100,2),""),0) | Q16: =+IFERROR(IF(COUNT(Q14:Q15),ROUND(SUM(Q14:Q15),0),""),"") | R16: =+IFERROR(IF(COUNT(R14:R15),ROUND(SUM(R14:R15),0),""),"") | S16: =+IFERROR(IF(COUNT(S14:S15),ROUND(SUM(S14:S15),0),""),"") | T16: =+IFERROR(IF(COUNT(T14:T15),ROUND(SUM(T14:T15),0),""),"") | U16: =+IFERROR(IF(COUNT(U14:U15),ROUND(SUM(U14:U15),0),""),"") | V16: =+IFERROR(IF(COUNT(K16,T16),ROUND(SUM(T16,K16)/SUM('Shareholding Pattern'!$L$78,'Shareholding Pattern'!$U$78)*100,2),""),0) | W16: =+IFERROR(IF(COUNT(W14:W15),ROUND(SUM(W14:W15),0),""),"") | X16: =+IFERROR(IF(COUNT(W16),ROUND(SUM(W16)/SUM(K16)*100,2),""),0) | Y16: =+IFERROR(IF(COUNT(Y14:Y15),ROUND(SUM(Y14:Y15),0),""),"") | Z16: =+IFERROR(IF(COUNT(Y16),ROUND(SUM(Y16)/SUM(K16)*100,2),""),0) | AA16: =+IFERROR(IF(COUNT(AA14:AA15),ROUND(SUM(AA14:AA15),0),""),"") | AB16: =+IFERROR(IF(COUNT(AA16),ROUND(SUM(AA16)/SUM(K16)*100,2),""),0) | AC16: =+IFERROR(IF(COUNT(AC14:AC15),ROUND(SUM(AC14:AC15),0),""),"") | AD16: =+IFERROR(IF(COUNT(AC16),ROUND(SUM(AC16)/SUM(K16)*100,2),""),0) | AE16: =+IFERROR(IF(COUNT(AE14:AE15),ROUND(SUM(AE14:AE15),0),""),"") | AF16: =+IFERROR(IF(COUNT(AE16),ROUND(SUM(AE16)/SUM(K16)*100,2),""),0) | AG16: =+IFERROR(IF(COUNT(AG14:AG15),ROUND(SUM(AG14:AG15),0),""),"")

Sheet OtherForeign
I1: 0
E2: Category of other foreign shareholders | F2: Category or more than one percentage | G2: Name of shareholder | H2: Permanent account number of shareholder | I2: Number of shareholders | J2: Number of fully paid up equity shares | K2: Number of partly paid-up equity shares | L2: Number of shares underlying outstanding depository receipts | M2: Total number of shares | N2: Shareholding as a percentage of total number of shares held by promoters and public shareholders and custodians or DR holders | O2: Number of voting rights held by same class of securities | P2: Number of voting rights held by differential voting rights | Q2: Total Number of voting rights | R2: Percentage of total number of voting rights | S2: Number of shares underlying outstanding convertible securities | T2: Number of shares underlying outstanding warrants | U2: Number Of Outstanding ESOP Granted | V2: Total Number of shares underlying outstanding convertible securities, warrants and ESOP | W2: Total number of shares on fully diluted basis including warrants, ESOP and convertible securities | X2: Total shareholding as a percentage assuming full conversion of convertible securities, warrants and ESOP | Y2: Number of the locked-in-shares | Z2: Locked-in-shares as a percentage of total number of shares | AA2: Number of shares encumbered under pledged | AB2: Encumbered share under pledged as percentage of total number of shares | AC2: Number of shares encumbered under non disposal undertaking | AD2: Encumbered share under non disposal undertaking as percentage of total number of shares | AE2: Number of shares encumbered under other encumbrances | AF2: Encumbered share under other encumbrances as percentage of total number of shares | AG2: Total number of shares encumbered | AH2: Encumbered shares held as percentage of total number of shares | AI2: Number of equity shares held in dematerialized form | AJ2: Reason for not providing PAN | AK2: Shareholder type | AZ2: Promoter | BA2: Promoter Group
AZ3: Bodies Corporate | BA3: Clearing Member | BB3: Employee Welfare Fund | BC3: Firms | BD3: Other | BE3: Overseas Corporate Bodies | BF3: Private Equity Fund | BG3: Societies | BH3: Trust | BI3: Venture Capital Fund
D9: Sr. No. | E9: Category | G9: Name of the Shareholders (I) | H9: PAN (II) | I9: No. of the Shareholders (I) | J9: No. of fully paid up equity shares held (IV) | K9: No. Of Partly paid-up equity shares held (V) | L9: No. Of shares underlying Depository Receipts (VI) | M9: Total nos. shares held (VII) = (IV)+(V)+ (VI) | N9: Shareholding as a % of total no. of shares (calculated as per SCRR, 1957) (VIII) As a % of (A+B+C2) | O9: Number of Voting Rights held in each class of securities (IX) | S9: No. Of Shares Underlying Outstanding convertible securities (XA) | T9: No. of Shares Underlying Outstanding Warrants (XB) | U9: No. Of Outstanding ESOP Granted (XC) | V9: No. of Shares Underlying Outstanding convertible securities, No. of Warrants and ESOP etc. (X) = (XA+XB+XC) | W9: Total No. of shares on fully diluted basis (including warrants and Convertible Securities etc.) (XI)=(VII+X) | X9: Shareholding , as a % assuming full conversion of convertible securities ( as a percentage of diluted share capital) (XII)= (VII)+(X) As a % of (A+B+C2) | Y9: Number of Locked in shares (XIII) | AA9: Number of Shares pledged (XIV) | AC9: Non-Disposal Undertaking (XV) | AE9: Other encumbrances, if any (XVI) | AG9: Total Number of Shares encumbered (XVII) = (XIV+XV+XVI) | AI9: Number of equity shares held in dematerialized form (XVIII) | AJ9: Reason for not providing PAN | AK9: Shareholder type | BD9: Category
O10: No of Voting (XIV) Rights | R10: Total as a % of Total Voting rights | BD10: More than 1 percentage of shareholding
O11: Class eg: X | P11: Class eg:Y | Q11: Total | Y11: No. (a) | Z11: As a % of total Shares held (b) | AA11: No. (a) | AB11: As a % of total Shares held (b) | AC11: No. (a) | AD11: As a % of total Shares held (b) | AE11: No. (a) | AF11: As a % of total Shares held (b) | AG11: No. (a) | AH11: As a % of total Shares held (b)
D12: A2(d) | E12: Any Other (specify)
M13: =+IFERROR(IF(COUNT(J13:L13),ROUND(SUM(J13:L13),0),""),"") | N13: =+IFERROR(IF(COUNT(M13),ROUND(M13/'Shareholding Pattern'!$L$78*100,2),""),0) | O13: =IF(J13="","",J13) | Q13: =+IFERROR(IF(COUNT(O13:P13),ROUND(SUM(O13,P13),0),""),"") | R13: =+IFERROR(IF(COUNT(Q13),ROUND(Q13/('Shareholding Pattern'!$P$79)*100,2),""),0) | V13: =+IFERROR(IF(COUNT(S13:U13),ROUND(SUM(S13:U13),0),""),"") | W13: =+IFERROR(IF(COUNT(M13,V13),ROUND(SUM(M13,V13),0),""),"") | X13: =+IFERROR(IF(COUNT(M13,V13),ROUND(SUM(V13,M13)/SUM('Shareholding Pattern'!$L$78,'Shareholding Pattern'!$U$78)*100,2),""),0) | Z13: =+IFERROR(IF(COUNT(Y13),ROUND(SUM(Y13)/SUM(M13)*100,2),""),0) | AB13: =+IFERROR(IF(COUNT(AA13),ROUND(SUM(AA13)/SUM(M13)*100,2),""),0) | AD13: =+IFERROR(IF(COUNT(AC13),ROUND(SUM(AC13)/SUM(M13)*100,2),""),0) | AF13: =+IFERROR(IF(COUNT(AE13),ROUND(SUM(AE13)/SUM(M13)*100,2),""),0) | AG13: =+IFERROR(IF(COUNT(AA13,AC13,AE13),ROUND(SUM(AA13,AC13,AE13),0),""),"") | AH13: =+IFERROR(IF(COUNT(AG13),ROUND(SUM(AG13)/SUM(M13)*100,2),""),0) | AN13: =IF(SUM(M13)>0,1,0) -> 0 | AO13: =IF(COUNT(M13:$M$15000)=0,"",SUM(AN1:AN65532))
G16: Click here to go back | H16: Total | I16: =+IFERROR(IF(COUNT(I14:I15),ROUND(SUM(I14:I15),0),""),"") | J16: =+IFERROR(IF(COUNT(J14:J15),ROUND(SUM(J14:J15),0),""),"") | K16: =+IFERROR(IF(COUNT(K14:K15),ROUND(SUM(K14:K15),0),""),"") | L16: =+IFERROR(IF(COUNT(L14:L15),ROUND(SUM(L14:L15),0),""),"") | M16: =+IFERROR(IF(COUNT(M14:M15),ROUND(SUM(M14:M15),0),""),"") | N16: =+IFERROR(IF(COUNT(M16),ROUND(M16/'Shareholding Pattern'!$L$78*100,2),""),0) | O16: =+IFERROR(IF(COUNT(O14:O15),ROUND(SUM(O14:O15),0),""),"") | P16: =+IFERROR(IF(COUNT(P14:P15),ROUND(SUM(P14:P15),0),""),"") | Q16: =+IFERROR(IF(COUNT(Q14:Q15),ROUND(SUM(Q14:Q15),0),""),"") | R16: =+IFERROR(IF(COUNT(Q16),ROUND(Q16/('Shareholding Pattern'!$P$79)*100,2),""),0) | S16: =+IFERROR(IF(COUNT(S14:S15),ROUND(SUM(S14:S15),0),""),"") | T16: =+IFERROR(IF(COUNT(T14:T15),ROUND(SUM(T14:T15),0),""),"") | U16: =+IFERROR(IF(COUNT(U14:U15),ROUND(SUM(U14:U15),0),""),"") | V16: =+IFERROR(IF(COUNT(V14:V15),ROUND(SUM(V14:V15),0),""),"") | W16: =+IFERROR(IF(COUNT(W14:W15),ROUND(SUM(W14:W15),0),""),"") | X16: =+IFERROR(IF(COUNT(M16,V16),ROUND(SUM(V16,M16)/SUM('Shareholding Pattern'!$L$78,'Shareholding Pattern'!$U$78)*100,2),""),0) | Y16: =+IFERROR(IF(COUNT(Y14:Y15),ROUND(SUM(Y14:Y15),0),""),"") | Z16: =+IFERROR(IF(COUNT(Y16),ROUND(SUM(Y16)/SUM(M16)*100,2),""),0) | AA16: =+IFERROR(IF(COUNT(AA14:AA15),ROUND(SUM(AA14:AA15),0),""),"") | AB16: =+IFERROR(IF(COUNT(AA16),ROUND(SUM(AA16)/SUM(M16)*100,2),""),0) | AC16: =+IFERROR(IF(COUNT(AC14:AC15),ROUND(SUM(AC14:AC15),0),""),"") | AD16: =+IFERROR(IF(COUNT(AC16),ROUND(SUM(AC16)/SUM(M16)*100,2),""),0) | AE16: =+IFERROR(IF(COUNT(AE14:AE15),ROUND(SUM(AE14:AE15),0),""),"") | AF16: =+IFERROR(IF(COUNT(AE16),ROUND(SUM(AE16)/SUM(M16)*100,2),""),0) | AG16: =+IFERROR(IF(COUNT(AG14:AG15),ROUND(SUM(AG14:AG15),0),""),"") | AH16: =+IFERROR(IF(COUNT(AG16),ROUND(SUM(AG16)/SUM(M16)*100,2),""),0) | AI16: =+IFERROR(IF(COUNT(AI14:AI15),ROUND(SUM(AI14:AI15),0),""),"")

Sheet Taxonomy
A1: element | B1: label | C1: type | D1: periodType | E1: Validation
A2: General Information
A3: ScripCode | B3: Scrip code | C3: in-bse-shp-types:ScripCode | D3: duration | E3: 1) This is a mandatory field. Should be valid SCRIP CODE as per BSE Scrip Code Format. 2) Please enter 6 digit Scrip Code.
A4: Symbol | B4: NSE Symbol | C4: xbrli:stringItemType | D4: duration | E4: 1) This field is mandatory. 2) Space is not allowed.
A5: MSEISymbol | B5: MSEI Symbol | C5: xbrli:stringItemType | D5: duration | E5: 1) This field is mandatory. 2) Space is not allowed.
A6: ISIN | B6: ISIN | C6: in-bse-shp-types:ISIN | D6: duration | E6: Please enter 12 digit ISIN number.
A7: NameOfTheCompany | B7: Name of the company | C7: xbrli:stringItemType | D7: duration | E7: This field is mandatory. Please enter company name.
A8: WhetherCompanyIsSME | B8: Whether company is SME | C8: xbrli:booleanItemType | D8: instant | E8: 1) This field is mandatory. 2) Value must be "Yes" or "No", Please select value from dropdown only.
A9: ClassOfSecurity | B9: Class of Security | C9: in-bse-shp-types:ClassOfSecurity | D9: duration | E9: 1) This field is mandatory. 2) Please select value from dropdown only.
A10: TypeOfReport | B10: Type of report | C10: in-bse-shp-types:TypeOfReport | D10: duration | E10: 1) This field is mandatory. 2) Please select value from dropdown only.
A11: DateOfReport | B11: Quarter Ended / Half year ended/Date of Report (For Prelisting / Allotment) | C11: xbrli:dateItemType | D11: instant | E11: 1) This field is mandatory, if you select type of report as "Quarterly". Please enter date in "dd-mm-yyyy" format. 2) Please enter valid date.
A12: DateOfAllotment | B12: DateOfAllotment | C12: xbrli:dateItemType | D12: instant | E12: 1) This field is mandatory. if you select type of report as "Pre-listing" or "Capital Restructuring". Please enter date in "dd-mm-yyyy" format. 2) Please enter valid date.
A13: DateOfListing | B13: DateOfListing | C13: xbrli:dateItemType | D13: instant | E13: 1) Please Enter date in "DD-MM-YYYY" format. 2) Please enter valid date.
A14: DateOfAllotmentOrListing | B14: Date of allotment / extinguishment (in case Capital Restructuring selected) / Listing Date | C14: xbrli:dateItemType | D14: instant | E14: 1) Please Enter date in "DD-MM-YYYY" format. 2) Please enter valid date. 3) Date should be less than to “Date of Report” if Type of report selected as “Capital Restructuring”
A15: ShareholdingPatternFiledUnder | B15: Shareholding pattern filed under | C15: in-bse-shp-types:TypeOfShareholdingPattern | D15: duration
A16: Declaration
A17: WhetherTheListedEntityHasIssuedAnyPartlyPaidUpShares | B17: Partly Paid Up Shares | C17: xbrli:booleanItemType | D17: instant
A18: WhetherTheListedEntityHasIssuedAnyPartlyPaidUpSharesForPromoterAndPromoterGroup | B18: Partly Paid Up Shares PPG | C18: xbrli:booleanItemType | D18: instant
A19: WhetherTheListedEntityHasIssuedAnyPartlyPaidUpSharesForPublicShareholder | B19: Partly Paid Up Shares Public | C19: xbrli:booleanItemType | D19: instant
A20: WhetherTheListedEntityHasIssuedAnyPartlyPaidUpSharesForNonPromoterNonPublic | B20: Partly Paid Up Shares NPNP | C20: xbrli:booleanItemType | D20: instant
A21: WhetherTheListedEntityHasIssuedAnyConvertibleSecurities | B21: Convertible Securities | C21: xbrli:booleanItemType | D21: instant
A22: WhetherTheListedEntityHasIssuedAnyConvertibleSecuritiesForPromoterAndPromoterGroup | B22: Convertible Securities PPG | C22: xbrli:booleanItemType | D22: instant
A23: WhetherTheListedEntityHasIssuedAnyConvertibleSecuritiesForPublicShareholder | B23: Convertible Securities Public | C23: xbrli:booleanItemType | D23: instant
A24: WhetherTheListedEntityHasIssuedAnyConvertibleSecuritiesForNonPromoterNonPublic | B24: Convertible Securities NPNP | C24: xbrli:booleanItemType | D24: instant
A25: WhetherTheListedEntityHasIssuedAnyWarrants | B25: Warrants | C25: xbrli:booleanItemType | D25: instant
A26: WhetherTheListedEntityHasIssuedAnyWarrantsForPromoterAndPromoterGroup | B26: Warrants PPG | C26: xbrli:booleanItemType | D26: instant
A27: WhetherTheListedEntityHasIssuedAnyWarrantsForPublicShareholder | B27: Warrants Public | C27: xbrli:booleanItemType | D27: instant
A28: WhetherTheListedEntityHasIssuedAnyWarrantsForNonPromoterNonPublic | B28: Warrants NPNP | C28: xbrli:booleanItemType | D28: instant
... A50: WhetherCompanyHasEquitySharesWithDifferentialVotingRightsForNonPromoterNonPublic | B50: Voting Rights NPNP | C50: xbrli:booleanItemType | D50: instant
B51: Whether the Listed Entity has issued any partly paid up shares?
B52: Whether the Listed Entity has issued any Convertible Securities ?
B53: Whether the Listed Entity has issued any Warrants ?
B54: Whether the Listed Entity has any shares against which depository receipts are issued?
B55: Whether the Listed Entity has any shares in locked-in?
B56: Whether any shares held by promoters are pledge or otherwise encumbered?
B57: Whether company has equity shares with differential voting rights?
A58: WhetherTheListedEntityHasAnySignificantBeneficialOwner | B58: Whether the listed entity has any significant beneficial owner?
A59: Shareholding Pattern
B60: Total Shareholding of Promoter and Promoter Group (A)=(A)(1)+(A)(2)
B61: Total Public Shareholding (B)=(B)(1)+(B)(2)+(B)(3)+(B)(4)
B62: Total NonPromoter- Non Public Shareholding (C)= (C)(1)+(C)(2)
A63: IndividualsOrHinduUndividedFamilyMember | B63: Individuals or Hindu undivided family [Member] | C63: nonnum:domainItemType | D63: duration
A64: CentralGovernmentOrStateGovernmentSMember | B64: Central government or State government(s) [Member] | C64: nonnum:domainItemType | D64: duration
A65: IndianFinancialInstitutionsOrBanksMember | B65: Indian - financial institutions or banks [Member] | C65: nonnum:domainItemType | D65: duration
A66: OtherIndianShareholdersMember | B66: Other Indian shareholders [Member] | C66: nonnum:domainItemType | D66: duration
A67: IndianMember | B67: Indian [Member] | C67: nonnum:domainItemType | D67: duration
A68: NonResidentIndividualsOrForeignIndividualsMember | B68: Non-resident individuals or foreign individuals [Member] | C68: nonnum:domainItemType | D68: duration
A69: ForeignGovernmentMember | B69: Foreign - Government [Member] | C69: nonnum:domainItemType | D69: duration
A70: ForeignInstitutionsMember | B70: Foreign - institutions [Member] | C70: nonnum:domainItemType | D70: duration
A71: ForeignPortfolioInvestorMember | B71: Foreign portfolio investor [Member] | C71: nonnum:domainItemType | D71: duration
A72: OtherForeignShareholdersMember | B72: Other foreign shareholders [Member] | C72: nonnum:domainItemType | D72: duration
A73: ForeignMember | B73: Foreign [Member] | C73: nonnum:domainItemType | D73: duration
A74: ShareholdingOfPromoterAndPromoterGroupMember | B74: Shareholding of promoter and promoter group [Member] | C74: nonnum:domainItemType | D74: duration
... A117: ShareholdingPatternMember | B117: Shareholding pattern [Member] | C117: nonnum:domainItemType | D117: duration
A118: NumberOfShareholders | B118: Number of shareholders | C118: xbrli:decimalItemType | D118: instant | E118: Total of all "More than 1 percentage (Column F)" for selected "Category (Column E)" should be lower than or equal to "Category (Column F)" for selected "Category (Column E)"
A119: NumberOfFullyPaidUpEquityShares | B119: Number of fully paid up equity shares | C119: xbrli:sharesItemType | D119: instant | E119: 1) This is mandatory field. 2) Only numeric value allowed.
A120: NumberOfPartlyPaidUpEquityShares | B120: Number of partly paid-up equity shares | C120: xbrli:sharesItemType | D120: instant | E120: 1) This is mandatory field. 2) Only numeric value allowed.
A121: NumberOfSharesUnderlyingOutstandingDepositoryReceipts | B121: Number of shares underlying outstanding depository receipts | C121: xbrli:sharesItemType | D121: instant | E121: 1) This is mandatory field. 2) Only numeric value allowed.
A122: NumberOfShares | B122: Total number of shares | C122: xbrli:sharesItemType | D122: instant | E122: Total nos. shares held should be equal to "No. of fully paid up equity shares held, No. of Partly paid-up equity shares held, No. of shares underlying Depository Receipts".
A123: ShareholdingAsAPercentageOfTotalNumberOfShares | B123: Shareholding as a percentage of total number of shares held by promoters and public shareholders and custodians or DR holders | C123: num:percentItemType | D123: instant | E123: In case of public share holding percentage can not be less than one percentage.
A124: NumberOfVotingRightsHeldBySameClassOfSecurities | B124: Number of voting rights held by same class of securities | C124: xbrli:decimalItemType | D124: instant | E124: 1) Value must be equal to "No. of fully paid up equity shares held (IV)". 2) Only numeric value allowed.
A125: NumberOfVotingRightsHeldByDifferentialVotingRights | B125: Number of voting rights held by differential voting rights | C125: xbrli:decimalItemType | D125: instant | E125: 1) This is mandatory field. 2) Only numeric value allowed.
A126: NumberOfVotingRights | B126: Total Number of voting rights | C126: xbrli:decimalItemType | D126: instant | E126: Total No. of Voting rights should be equal to "Class X", "Class Y".
A127: PercentageOfTotalVotingRights | B127: Percentage of total number of voting rights | C127: num:percentItemType | D127: instant | E127: Percentage of total number of voting rights
A128: NumberOfSharesUnderlyingOutstandingConvertibleSecurities | B128: Number of shares underlying outstanding convertible securities | C128: xbrli:sharesItemType | D128: instant | E128: 1) This is mandatory field. 2) Only numeric value allowed.
A129: NumberOfSharesUnderlyingOutstandingWarrants | B129: Number of shares underlying outstanding warrants | C129: xbrli:sharesItemType | D129: instant | E129: 1) This is mandatory field. 2) Only numeric value allowed.
... A147: NumberOfSharesUnderSubCategoryThree | B147: Number of share under sub category three | C147: xbrli:sharesItemType | D147: instant | E147: 1) This is mandatory field. 2) Sub-category (iii) should be less than or equal to total number of shares. 3) Only numeric value allowed.
A148: DisclosureOfNotesOnShareholdingPatternExplanatoryTextBlock | B148: Disclosure of notes on shareholding pattern | C148: nonnum:textBlockItemType | D148: instant
A149: DisclosureOfNotesInCaseOfPromoterHoldingInDematerializedFormIsLessThan100PercentageExplanatoryTextBlock | B149: Disclosure of notes in case of promoter holding in dematerialsed form is less than 100 percentage | C149: nonnum:textBlockItemType | D149: instant | E149: This field is mandatory if promoter holiding in dematerialsed form is less than 100 percentage.
A150: DisclosureOfNotesInCaseOfPublicShareholdingIsLessThan25PercentageExplanatoryTextBlock | B150: Disclosure of notes in case of public share holding is less than 25 percentage | C150: nonnum:textBlockItemType | D150: instant | E150: This filed is mandatory if public share holding is less than 25 percentage.
A151: DisclosureOfNotesOnShareholdingPatternForCompanyRemarksExplanatoryTextBlock | B151: Disclosure of notes on shareholding pattern for company remarks explanatory | C151: nonnum:textBlockItemType | D151: instant
A152: Promoter and Promoter Group
A153: NameOfTheShareholder | B153: Name of shareholder | C153: xbrli:stringItemType | D153: duration
A154: PermanentAccountNumberOfShareholder | B154: Permanent account number of shareholder | C154: in-bse-shp-types:PermanentAccountNumber | D154: duration | E154: [A-Z][A-Z][A-Z][A-Z][A-Z][0-9][0-9][0-9][0-9][A-Z] In absence of PAN write : ZZZZZ9999Z
A155: NumberOfFullyPaidUpEquityShares | B155: Number of fully paid up equity shares | C155: xbrli:sharesItemType | D155: instant | E155: 1) This is mandatory field. 2) Only numeric value allowed.
A156: NumberOfPartlyPaidUpEquityShares | B156: Number of partly paid-up equity shares | C156: xbrli:sharesItemType | D156: instant | E156: 1) This is mandatory field. 2) Only numeric value allowed.
A157: NumberOfSharesUnderlyingOutstandingDepositoryReceipts | B157: Number of shares underlying outstanding depository receipts | C157: xbrli:sharesItemType | D157: instant | E157: 1) This is mandatory field. 2) Only numeric value allowed.
A158: NumberOfShares | B158: Total number of shares | C158: xbrli:sharesItemType | D158: instant | E158: Total nos. shares held should be equal to "No. of fully paid up equity shares held, No. of Partly paid-up equity shares held, No. of shares underlying Depository Receipts".
A159: ShareholdingAsAPercentageOfTotalNumberOfShares | B159: Shareholding as a percentage of total number of shares held by promoters and public shareholders and custodians or DR holders | C159: num:percentItemType | D159: instant | E159: In case of public share holding percentage can not be less than one percentage.
A160: NumberOfVotingRightsHeldBySameClassOfSecurities | B160: Number of voting rights held by same class of securities | C160: xbrli:decimalItemType | D160: instant | E160: 1) Value must be equal to "No. of fully paid up equity shares held (IV)". 2) Only numeric value allowed.
A161: NumberOfVotingRightsHeldByDifferentialVotingRights | B161: Number of voting rights held by differential voting rights | C161: xbrli:decimalItemType | D161: instant | E161: 1) This is mandatory field. 2) Only numeric value allowed.
A162: NumberOfVotingRights | B162: Total Number of voting rights | C162: xbrli:decimalItemType | D162: instant | E162: Total No. of Voting rights should be equal to "Class X", "Class Y".
A163: PercentageOfTotalVotingRights | B163: Percentage of total number of voting rights | C163: num:percentItemType | D163: instant | E163: Percentage of total number of voting rights
A164: NumberOfSharesUnderlyingOutstandingConvertibleSecurities | B164: Number of shares underlying outstanding convertible securities | C164: xbrli:sharesItemType | D164: instant | E164: 1) This is mandatory field. 2) Only numeric value allowed.
A165: NumberOfSharesUnderlyingOutstandingWarrants | B165: Number of shares underlying outstanding warrants | C165: xbrli:sharesItemType | D165: instant | E165: 1) This is mandatory field. 2) Only numeric value allowed.
... A185: WhetherACategoryOrMoreThan1PercentageOfShareholding | B185: Category or more than one percentage | C185: in-bse-shp-types:TypeOfOtherShareholding | D185: duration | E185: 1) This is mandatory field. 2) Select value from the drop-down.
A186: NumberOfShareholders | B186: Number of shareholders | C186: xbrli:decimalItemType | D186: instant
A187: Public shareholder
A188: NameOfTheShareholder | B188: Name of shareholder | C188: xbrli:stringItemType | D188: duration
A189: PermanentAccountNumberOfShareholder | B189: Permanent account number of shareholder | C189: in-bse-shp-types:PermanentAccountNumber | D189: duration | E189: [A-Z][A-Z][A-Z][A-Z][A-Z][0-9][0-9][0-9][0-9][A-Z] In absence of PAN write : ZZZZZ9999Z
A190: NumberOfFullyPaidUpEquityShares | B190: Number of fully paid up equity shares | C190: xbrli:sharesItemType | D190: instant | E190: 1) This is mandatory field. 2) Only numeric value allowed.
A191: NumberOfPartlyPaidUpEquityShares | B191: Number of partly paid-up equity shares | C191: xbrli:sharesItemType | D191: instant | E191: 1) This is mandatory field. 2) Only numeric value allowed.
A192: NumberOfSharesUnderlyingOutstandingDepositoryReceipts | B192: Number of shares underlying outstanding depository receipts | C192: xbrli:sharesItemType | D192: instant | E192: 1) This is mandatory field. 2) Only numeric value allowed.
A193: NumberOfShares | B193: Total number of shares | C193: xbrli:sharesItemType | D193: instant | E193: Total nos. shares held should be equal to "No. of fully paid up equity shares held, No. of Partly paid-up equity shares held, No. of shares underlying Depository Receipts".
A194: ShareholdingAsAPercentageOfTotalNumberOfShares | B194: Shareholding as a percentage of total number of shares held by promoters and public shareholders and custodians or DR holders | C194: num:percentItemType | D194: instant | E194: In case of public share holding percentage can not be less than one percentage.
A195: NumberOfVotingRightsHeldBySameClassOfSecurities | B195: Number of voting rights held by same class of securities | C195: xbrli:decimalItemType | D195: instant | E195: 1) Value must be equal to "No. of fully paid up equity shares held (IV)". 2) Only numeric value allowed.
A196: NumberOfVotingRightsHeldByDifferentialVotingRights | B196: Number of voting rights held by differential voting rights | C196: xbrli:decimalItemType | D196: instant | E196: 1) This is mandatory field. 2) Only numeric value allowed.
A197: NumberOfVotingRights | B197: Total Number of voting rights | C197: xbrli:decimalItemType | D197: instant | E197: Total No. of Voting rights should be equal to "Class X", "Class Y".
A198: PercentageOfTotalVotingRights | B198: Percentage of total number of voting rights | C198: num:percentItemType | D198: instant | E198: Percentage of total number of voting rights
A199: NumberOfSharesUnderlyingOutstandingConvertibleSecurities | B199: Number of shares underlying outstanding convertible securities | C199: xbrli:sharesItemType | D199: instant | E199: 1) This is mandatory field. 2) Only numeric value allowed.
...

Sheet MutuaFund
I1: 0
F2: Name of shareholder | G2: Permanent account number of shareholder | H2: Number of fully paid up equity shares | I2: Number of partly paid-up equity shares | J2: Number of shares underlying outstanding depository receipts | K2: Total number of shares | L2: Shareholding as a percentage of total number of shares held by promoters and public shareholders and custodians or DR holders | M2: Number of voting rights held by same class of securities | N2: Number of voting rights held by differential voting rights | O2: Total Number of voting rights | P2: Percentage of total number of voting rights | Q2: Number of shares underlying outstanding convertible securities | R2: Number of shares underlying outstanding warrants | S2: Number Of Outstanding ESOP Granted | T2: Total Number of shares underlying outstanding convertible securities, warrants and ESOP | U2: Total number of shares on fully diluted basis including warrants, ESOP and convertible securities | V2: Total shareholding as a percentage assuming full conversion of convertible securities, warrants and ESOP | W2: Number of the locked-in-shares | X2: Locked-in-shares as a percentage of total number of shares | Y2: Number of equity shares held in dematerialized form | Z2: Reason for not providing PAN | AA2: Number of share under sub category one | AB2: Number of share under sub category two | AC2: Number of share under sub category three
AT7: NRI
AT8: Trusts
E9: Sr. No. | F9: Name of the Shareholders (I) | G9: PAN (II) | H9: No. of fully paid up equity shares held (IV) | I9: No. Of Partly paid-up equity shares held (V) | J9: No. Of shares underlying Depository Receipts (VI) | K9: Total nos. shares held (VII) = (IV)+(V)+ (VI) | L9: Shareholding as a % of total no. of shares (calculated as per SCRR, 1957) (VIII) As a % of (A+B+C2) | M9: Number of Voting Rights held in each class of securities (IX) | Q9: No. Of Shares Underlying Outstanding convertible securities (XA) | R9: No. of Shares Underlying Outstanding Warrants (XB) | S9: No. Of Outstanding ESOP Granted (XC) | T9: No. of Shares Underlying Outstanding convertible securities, No. of Warrants and ESOP etc. (X) = (XA+XB+XC) | U9: Total No. of shares on fully diluted basis (including warrants, ESOP, Convertible Securities etc.) (XI)=(VII+X) | V9: Shareholding , as a % assuming full conversion of convertible securities ( as a percentage of diluted share capital) (XII)= (VII)+(X) As a % of (A+B+C2) | W9: Number of Locked in shares (XIII) | Y9: Number of equity shares held in dematerialized form (XIV) | Z9: Reason for not providing PAN | AA9: Sub-categorization of shares | AT9: Market Maker
M10: No of Voting (XIV) Rights | P10: Total as a % of Total Voting rights | AA10: Shareholding (No. of shares) under | AT10: HUF
M11: Class eg: X | N11: Class eg:Y | O11: Total | W11: No. (a) | X11: As a % of total Shares held (b) | AA11: Sub-category (i) | AB11: Sub-category (ii) | AC11: Sub-category (iii) | AT11: Clearing Members
E12: B1(a) | F12: Mutual Funds | AT12: NSDL or CDSL transit
K13: =+IFERROR(IF(COUNT(H13:J13),ROUND(SUM(H13:J13),0),""),"") | L13: =+IFERROR(IF(COUNT(K13),ROUND(K13/'Shareholding Pattern'!$L$78*100,2),""),"") | M13: =IF(H13="","",H13) | O13: =+IFERROR(IF(COUNT(M13:N13),ROUND(SUM(M13,N13),2),""),"") | P13: =+IFERROR(IF(COUNT(O13),ROUND(O13/('Shareholding Pattern'!$P$79)*100,2),""),"") | T13: =+IFERROR(IF(COUNT(Q13:S13),ROUND(SUM(Q13:S13),0),""),"") | U13: =+IFERROR(IF(COUNT(K13,T13),ROUND(SUM(K13,T13),0),""),"") | V13: =+IFERROR(IF(COUNT(K13,T13),ROUND(SUM(T13,K13)/SUM('Shareholding Pattern'!$L$78,'Shareholding Pattern'!$U$78)*100,2),""),"") | X13: =+IFERROR(IF(COUNT(W13),ROUND(SUM(W13)/SUM(K13)*100,2),""),0) | AE13: =IF(SUM(K13)>0,1,0) -> 0 | AF13: =IF(COUNT(K13:$K$14999)=0,"",SUM(AE1:AE65531)) | AT13: Employee welfare fund
G14: Disclosure of shareholder holding more than 1% of total number of shares | AT14: Overseas corporate bodies
F16: Click here to go back | G16: Total | H16: =+IFERROR(IF(COUNT(H14:H15),ROUND(SUM(H14:H15),0),""),"") | I16: =+IFERROR(IF(COUNT(I14:I15),ROUND(SUM(I14:I15),0),""),"") | J16: =+IFERROR(IF(COUNT(J14:J15),ROUND(SUM(J14:J15),0),""),"") | K16: =+IFERROR(IF(COUNT(K14:K15),ROUND(SUM(K14:K15),0),""),"") | L16: =+IFERROR(IF(COUNT(K16),ROUND(K16/'Shareholding Pattern'!$L$78*100,2),""),"") | M16: =+IFERROR(IF(COUNT(M14:M15),ROUND(SUM(M14:M15),0),""),"") | N16: =+IFERROR(IF(COUNT(N14:N15),ROUND(SUM(N14:N15),0),""),"") | O16: =+IFERROR(IF(COUNT(O14:O15),ROUND(SUM(O14:O15),0),""),"") | P16: =+IFERROR(IF(COUNT(O16),ROUND(O16/('Shareholding Pattern'!$P$79)*100,2),""),"") | Q16: =+IFERROR(IF(COUNT(Q14:Q15),ROUND(SUM(Q14:Q15),0),""),"") | R16: =+IFERROR(IF(COUNT(R14:R15),ROUND(SUM(R14:R15),0),""),"") | S16: =+IFERROR(IF(COUNT(S14:S15),ROUND(SUM(S14:S15),0),""),"") | T16: =+IFERROR(IF(COUNT(T14:T15),ROUND(SUM(T14:T15),0),""),"") | U16: =+IFERROR(IF(COUNT(U14:U15),ROUND(SUM(U14:U15),0),""),"") | V16: =+IFERROR(IF(COUNT(K16,T16),ROUND(SUM(T16,K16)/SUM('Shareholding Pattern'!$L$78,'Shareholding Pattern'!$U$78)*100,2),""),"") | W16: =+IFERROR(IF(COUNT(W14:W15),ROUND(SUM(W14:W15),0),""),"") | X16: =+IFERROR(IF(COUNT(W16),ROUND(SUM(W16)/SUM(K16)*100,2),""),0) | Y16: =+IFERROR(IF(COUNT(Y14:Y15),ROUND(SUM(Y14:Y15),0),""),"") | AA16: =+IFERROR(IF(COUNT(AA14:AA15),ROUND(SUM(AA14:AA15),0),""),"") | AB16: =+IFERROR(IF(COUNT(AB14:AB15),ROUND(SUM(AB14:AB15),0),""),"") | AC16: =+IFERROR(IF(COUNT(AC14:AC15),ROUND(SUM(AC14:AC15),0),""),"")

Sheet VentureCap
I1: 0
F2: Name of shareholder | G2: Permanent account number of shareholder | H2: Number of fully paid up equity shares | I2: Number of partly paid-up equity shares | J2: Number of shares underlying outstanding depository receipts | K2: Total number of shares | L2: Shareholding as a percentage of total number of shares held by promoters and public shareholders and custodians or DR holders | M2: Number of voting rights held by same class of securities | N2: Number of voting rights held by differential voting rights | O2: Total Number of voting rights | P2: Percentage of total number of voting rights | Q2: Number of shares underlying outstanding convertible securities | R2: Number of shares underlying outstanding warrants | S2: Number Of Outstanding ESOP Granted | T2: Total Number of shares underlying outstanding convertible securities, warrants and ESOP | U2: Total number of shares on fully diluted basis including warrants, ESOP and convertible securities | V2: Total shareholding as a percentage assuming full conversion of convertible securities, warrants and ESOP | W2: Number of the locked-in-shares | X2: Locked-in-shares as a percentage of total number of shares | Y2: Number of equity shares held in dematerialized form | Z2: Reason for not providing PAN | AA2: Number of share under sub category one | AB2: Number of share under sub category two | AC2: Number of share under sub category three
AT7: NRI
AT8: Trusts
E9: Sr. No. | F9: Name of the Shareholders (I) | G9: PAN (II) | H9: No. of fully paid up equity shares held (IV) | I9: No. Of Partly paid-up equity shares held (V) | J9: No. Of shares underlying Depository Receipts (VI) | K9: Total nos. shares held (VII) = (IV)+(V)+ (VI) | L9: Shareholding as a % of total no. of shares (calculated as per SCRR, 1957) (VIII) As a % of (A+B+C2) | M9: Number of Voting Rights held in each class of securities (IX) | Q9: No. Of Shares Underlying Outstanding convertible securities (XA) | R9: No. of Shares Underlying Outstanding Warrants (XB) | S9: No. Of Outstanding ESOP Granted (XC) | T9: No. of Shares Underlying Outstanding convertible securities, No. of Warrants and ESOP etc. (X) = (XA+XB+XC) | U9: Total No. of shares on fully diluted basis (including warrants, ESOP, Convertible Securities etc.) (XI)=(VII+X) | V9: Shareholding , as a % assuming full conversion of convertible securities ( as a percentage of diluted share capital) (XII)= (VII)+(X) As a % of (A+B+C2) | W9: Number of Locked in shares (XIII) | Y9: Number of equity shares held in dematerialized form (XIV) | Z9: Reason for not providing PAN | AA9: Sub-categorization of shares | AT9: Market Maker
M10: No of Voting (XIV) Rights | P10: Total as a % of Total Voting rights | AA10: Shareholding (No. of shares) under | AT10: HUF
M11: Class eg: X | N11: Class eg:Y | O11: Total | W11: No. (a) | X11: As a % of total Shares held (b) | AA11: Sub-category (i) | AB11: Sub-category (ii) | AC11: Sub-category (iii) | AT11: Clearing Members
E12: B1(b) | F12: Venture Capital Funds | AT12: NSDL or CDSL transit
K13: =+IFERROR(IF(COUNT(H13:J13),ROUND(SUM(H13:J13),0),""),"") | L13: =+IFERROR(IF(COUNT(K13),ROUND(K13/'Shareholding Pattern'!$L$78*100,2),""),"") | M13: =IF(H13="","",H13) | O13: =+IFERROR(IF(COUNT(M13:N13),ROUND(SUM(M13,N13),2),""),"") | P13: =+IFERROR(IF(COUNT(O13),ROUND(O13/('Shareholding Pattern'!$P$79)*100,2),""),"") | T13: =+IFERROR(IF(COUNT(Q13:S13),ROUND(SUM(Q13:S13),0),""),"") | U13: =+IFERROR(IF(COUNT(K13,T13),ROUND(SUM(K13,T13),0),""),"") | V13: =+IFERROR(IF(COUNT(K13,T13),ROUND(SUM(T13,K13)/SUM('Shareholding Pattern'!$L$78,'Shareholding Pattern'!$U$78)*100,2),""),"") | X13: =+IFERROR(IF(COUNT(W13),ROUND(SUM(W13)/SUM(K13)*100,2),""),0) | AE13: =IF(SUM(K13)>0,1,0) -> 0 | AF13: =IF(COUNT(K13:$K$15000)=0,"",SUM(AE1:AE65532)) | AT13: Employee welfare fund
G14: Disclosure of shareholder holding more than 1% of total number of shares | AT14: Overseas corporate bodies
AT15: Private equity fund
F16: Click here to go back | G16: Total | H16: =+IFERROR(IF(COUNT(H14:H15),ROUND(SUM(H14:H15),0),""),"") | I16: =+IFERROR(IF(COUNT(I14:I15),ROUND(SUM(I14:I15),0),""),"") | J16: =+IFERROR(IF(COUNT(J14:J15),ROUND(SUM(J14:J15),0),""),"") | K16: =+IFERROR(IF(COUNT(K14:K15),ROUND(SUM(K14:K15),0),""),"") | L16: =+IFERROR(IF(COUNT(K16),ROUND(K16/'Shareholding Pattern'!$L$78*100,2),""),"") | M16: =+IFERROR(IF(COUNT(M14:M15),ROUND(SUM(M14:M15),0),""),"") | N16: =+IFERROR(IF(COUNT(N14:N15),ROUND(SUM(N14:N15),0),""),"") | O16: =+IFERROR(IF(COUNT(O14:O15),ROUND(SUM(O14:O15),0),""),"") | P16: =+IFERROR(IF(COUNT(O16),ROUND(O16/('Shareholding Pattern'!$P$79)*100,2),""),"") | Q16: =+IFERROR(IF(COUNT(Q14:Q15),ROUND(SUM(Q14:Q15),0),""),"") | R16: =+IFERROR(IF(COUNT(R14:R15),ROUND(SUM(R14:R15),0),""),"") | S16: =+IFERROR(IF(COUNT(S13:S15),ROUND(SUM(S13:S15),0),""),"") | T16: =+IFERROR(IF(COUNT(T13:T15),ROUND(SUM(T13:T15),0),""),"") | U16: =+IFERROR(IF(COUNT(U13:U15),ROUND(SUM(U13:U15),0),""),"") | V16: =+IFERROR(IF(COUNT(K16,T16),ROUND(SUM(T16,K16)/SUM('Shareholding Pattern'!$L$78,'Shareholding Pattern'!$U$78)*100,2),""),"") | W16: =+IFERROR(IF(COUNT(W14:W15),ROUND(SUM(W14:W15),0),""),"") | X16: =+IFERROR(IF(COUNT(W16),ROUND(SUM(W16)/SUM(K16)*100,2),""),0) | Y16: =+IFERROR(IF(COUNT(Y14:Y15),ROUND(SUM(Y14:Y15),0),""),"") | AA16: =+IFERROR(IF(COUNT(AA14:AA15),ROUND(SUM(AA14:AA15),0),""),"") | AB16: =+IFERROR(IF(COUNT(AB14:AB15),ROUND(SUM(AB14:AB15),0),""),"") | AC16: =+IFERROR(IF(COUNT(AC14:AC15),ROUND(SUM(AC14:AC15),0),""),"") | AT16: Other

Sheet AIF
I1: 0
F2: Name of shareholder | G2: Permanent account number of shareholder | H2: Number of fully paid up equity shares | I2: Number of partly paid-up equity shares | J2: Number of shares underlying outstanding depository receipts | K2: Total number of shares | L2: Shareholding as a percentage of total number of shares held by promoters and public shareholders and custodians or DR holders | M2: Number of voting rights held by same class of securities | N2: Number of voting rights held by differential voting rights | O2: Total Number of voting rights | P2: Percentage of total number of voting rights | Q2: Number of shares underlying outstanding convertible securities | R2: Number of shares underlying outstanding warrants | S2: Number Of Outstanding ESOP Granted | T2: Total Number of shares underlying outstanding convertible securities, warrants and ESOP | U2: Total number of shares on fully diluted basis including warrants, ESOP and convertible securities | V2: Total shareholding as a percentage assuming full conversion of convertible securities, warrants and ESOP | W2: Number of the locked-in-shares | X2: Locked-in-shares as a percentage of total number of shares | Y2: Number of equity shares held in dematerialized form | Z2: Reason for not providing PAN | AA2: Number of share under sub category one | AB2: Number of share under sub category two | AC2: Number of share under sub category three
AT7: NRI
AT8: Trusts
E9: Sr. No. | F9: Name of the Shareholders (I) | G9: PAN (II) | H9: No. of fully paid up equity shares held (IV) | I9: No. Of Partly paid-up equity shares held (V) | J9: No. Of shares underlying Depository Receipts (VI) | K9: Total nos. shares held (VII) = (IV)+(V)+ (VI) | L9: Shareholding as a % of total no. of shares (calculated as per SCRR, 1957) (VIII) As a % of (A+B+C2) | M9: Number of Voting Rights held in each class of securities (IX) | Q9: No. Of Shares Underlying Outstanding convertible securities (XA) | R9: No. of Shares Underlying Outstanding Warrants (XB) | S9: No. Of Outstanding ESOP Granted (XC) | T9: No. of Shares Underlying Outstanding convertible securities, No. of Warrants and ESOP etc. (X) = (XA+XB+XC) | U9: Total No. of shares on fully diluted basis (including warrants, ESOP, Convertible Securities etc.) (XI)=(VII+X) | V9: Shareholding , as a % assuming full conversion of convertible securities ( as a percentage of diluted share capital) (XII)= (VII)+(X) As a % of (A+B+C2) | W9: Number of Locked in shares (XIII) | Y9: Number of equity shares held in dematerialized form (XIV) | Z9: Reason for not providing PAN | AA9: Sub-categorization of shares | AT9: Market Maker
M10: No of Voting (XIV) Rights | P10: Total as a % of Total Voting rights | AA10: Shareholding (No. of shares) under | AT10: HUF
M11: Class eg: X | N11: Class eg:Y | O11: Total | W11: No. (a) | X11: As a % of total Shares held (b) | AA11: Sub-category (i) | AB11: Sub-category (ii) | AC11: Sub-category (iii) | AT11: Clearing Members
E12: B1(c) | F12: Alternate Investment Funds | AT12: NSDL or CDSL transit
